Workbook
Name \C: #REF!
Name \C: #REF!
Name \C: #REF!
Name \D: #REF!
Name \D: #REF!
Name \D: #REF!
Name \G: #REF!
Name \G: #REF!
Name \G: #REF!
Name \I: #REF!
Name \M: #REF!
Name \P: #REF!
Name \R: #REF!
Name \Y: #REF!
Name _: #REF!
Name ___________FOG50: #REF!
Name ___________FOG50: #REF!
Name ___________FOG50: #REF!
Name ___________FOG50: #REF!
Name ___________FOG50: #REF!
Name ___________PVC100: #REF!
Name ___________PVC100: #REF!
Name ___________PVC100: #REF!
Name ___________PVC100: #REF!
Name ___________PVC100: #REF!
Name ___________PVC150: #REF!
Name ___________PVC150: #REF!
Name ___________PVC150: #REF!
Name ___________PVC150: #REF!
Name ___________PVC150: #REF!
Name ___________PVC50: #REF!
Name ___________PVC50: #REF!
Name ___________PVC50: #REF!
Name ___________PVC50: #REF!
Name ___________PVC50: #REF!
Name ___________PVC75: #REF!
Name ___________PVC75: #REF!
Name ___________PVC75: #REF!
Name ___________PVC75: #REF!
Name ___________PVC75: #REF!
Name ___________VBF1: #REF!
Name ___________VBF1: #REF!
Name ___________VBF1: #REF!
Name ___________VBF1: #REF!
Name ___________VBF1: #REF!
Name ___________VE1: #REF!
Name ___________VE1: #REF!
Name ___________VE1: #REF!
Name ___________VE1: #REF!
Name ___________VE1: #REF!
Name ___________VO1: #REF!
Name ___________VO1: #REF!
Name ___________VO1: #REF!
Name ___________VO1: #REF!
Name ___________VO1: #REF!
Name ___________VR1: #REF!
Name ___________VR1: #REF!
Name ___________VR1: #REF!
Name ___________VR1: #REF!
Name ___________VR1: #REF!

Sheet PL ANALÍTICA OBSOLETA
D1: PREFEITURA MUNICIPAL DA SERRA | E1: OBRA: REFORMA DO CAMPO JARDIM CARAPINA | I1: 1.309 | K1: rever de acordo com novo projeto
D2: SECRETARIA DE OBRAS
D3: DEPARTAMENTO DE PROJETOS DE OBRAS PÚBLICAS
D4: PLANILHA ORÇAMENTÁRIA | E4: DATA BASE: OUTUBRO 2019 BDI: 30,90 % L.S. DESONERADAS: 128,33%
A5: ITEM | B5: ÓRGÃO | C5: CÓDIGO | D5: DESCRIÇÃO SERVIÇO | E5: UNID | F5: QUANT. | G5: PREÇOS R$
G6: UNIT. C/ BDI | H6: TOTAL
A7: 1 | D7: INSTALAÇÃO DO CANTEIRO DE OBRAS | H7: =SUM(H8:H11) -> #REF!
A8: 1.1 | B8: PMS | C8: C459 | D8: ALUGUEL/MANUTENÇÃO/DESMOBILIZAÇÃO BANHEIRO HIDRAULICO | E8: mês | F8: =#REF! -> #REF! | G8: 1763.44 | H8: =G8*F8 -> #REF!
A9: 1.2 | B9: IOPES | C9: 020305 | D9: Placa de obra nas dimensões de 2.0 x 4.0 m, padrão IOPES | E9: m² | F9: =#REF! -> #REF! | G9: 245.99 | H9: =G9*F9 -> #REF!
A10: 1.3 | B10: IOPES | C10: 020356 | D10: Aluguel mensal container para almoxarifado, incl. porta, 2 janelas, 1 pt iluminação, Isolamento térmico (teto), piso em comp. Naval pintado, cert. NR18, incl. laudo descontaminação. | E10: mês | F10: =#REF! -> #REF! | G10: 545.42 | H10: =G10*F10 -> #REF!
A11: 1.4 | B11: IOPES | C11: 020344 | D11: Mobilização e desmobilização de conteiner locado para barracão de obra | E11: und | F11: =#REF! -> #REF! | G11: 1145.38 | H11: =G11*F11 -> #REF!
A12: 2 | D12: SERVIÇOS PRELIMINARES | H12: =SUM(H13:H16) -> #REF!
A13: 2.1 | B13: PMS | C13: C2126 | D13: Retirada de grama sintética, inclusive carga, descarga e transporte a 30km | E13: m² | F13: =#REF! -> #REF! | G13: 7.31 | H13: =G13*F13 -> #REF!
A14: 2.2 | B14: IOPES | C14: 030101 | D14: Escavação manual em material de 1a. categoria, até 1.50 m de profundidade | E14: m³ | F14: =#REF! -> #REF! | G14: 47.99 | H14: =G14*F14 -> #REF!
A15: 2.3 | B15: IOPES | C15: 010210 | D15: Demolição manual de concreto simples (EMOP 05.001.001) | E15: m³ | F15: =#REF! -> #REF! | G15: 236.25 | H15: =G15*F15 -> #REF!
A16: 2.4 | B16: IOPES | C16: 030304 | D16: Índice de preço para remoção de entulho decorrente da execução de obras (Classe A CONAMA - NBR 10.004 - Classe II-B), incluindo aluguel da caçamba, carga, transporte e descarga em área licenciada | E16: m³ | F16: =#REF! -> #REF! | G16: 61.67 | H16: =G16*F16 -> #REF!
A17: 3 | D17: GRAMADO | H17: =SUM(H18:H23) -> #REF!
A18: 3.1 | B18: SINAPI | C18: 83729 | D18: Fornecimento/instalacao de manta bidim rt-31 | E18: m² | F18: =#REF! -> #REF! | G18: 28.64092 | H18: =G18*F18 -> #REF! | I18: 21.88
A19: 3.2 | B19: SINAPI | C19: 72961 | D19: Regularizacao e compactacao de subleito ate 20 cm de espessura | E19: m² | F19: =#REF! -> #REF! | G19: 1.7017 | H19: =G19*F19 -> #REF! | I19: 1.3
A20: 3.3 | B20: IOPES | C20: 200306 | D20: Fornecimento e espalhamento de brita 1 ou 2 | E20: m³ | F20: =#REF! -> #REF! | G20: 159.83 | H20: =G20*F20 -> #REF!
A21: 3.4 | B21: PMS | C21: C2325 | D21: CAMADA DRENANTE COM AREIA FINA | E21: m³ | F21: =#REF! -> #REF! | G21: 84.47 | H21: =G21*F21 -> #REF!
A22: 3.5 | B22: SINAPI | C22: 73817/001 | D22: Embasamento de material granular - Pó de pedra | E22: m³ | F22: =#REF! -> #REF! | G22: 118.84411 | H22: =G22*F22 -> #REF! | I22: 90.79
A23: 3.6 | B23: PMS | C23: C1343 | D23: Fornecimento e instalação de grama sintética de polietileno em monofilamento para a finalidade de futebol com altura mínima de 44,00 mm, decitex dos fios de 11.000 pontos por m² com estabilizantes de cor e proteção ultravioleta, inclusive grama branca para linhas demarcatórias | E23: m² | F23: =#REF! -> #REF! | G23: 129.59 | H23: =G23*F23 -> #REF!
A24: 4 | D24: ÁREA TÉCNICA - PISO | H24: =SUM(H25:H26) -> #REF!
A25: 4.1 | B25: SINAPI | C25: 72961 | D25: Regularizacao e compactacao de subleito ate 20 cm de espessura | E25: m² | F25: =#REF! -> #REF! | G25: 1.7017 | H25: =G25*F25 -> #REF! | I25: 1.3
A26: 4.2 | B26: IOPES | C26: 130112 | D26: Lastro de concreto não estrutural, espessura de 6 cm | E26: m² | F26: =#REF! -> #REF! | G26: 40.68 | H26: =G26*F26 -> #REF!
A27: 5 | D27: FECHAMENTO | H27: =SUM(H28:H37) -> #REF!
A28: 5.1 | B28: IOPES | C28: 030101 | D28: Escavação manual em material de 1a. categoria, até 1.50 m de profundidade | E28: m³ | F28: =#REF! -> #REF! | G28: 47.99 | H28: =G28*F28 -> #REF!
A29: 5.2 | B29: PMS | C29: C1702 | D29: Tubo PVC rígido para esgoto no diâmetro de 200mm incluindo escavação e aterro com areia | E29: m | F29: =#REF! -> #REF! | G29: 100.77 | H29: =G29*F29 -> #REF!
A30: 5.3 | B30: IOPES | C30: 030201 | D30: Reaterro apiloado de cavas de fundação, em camadas de 20 cm | E30: m³ | F30: =#REF! -> #REF! | G30: 51.68 | H30: =G30*F30 -> #REF!
A31: 5.4 | B31: IOPES | C31: 160716 | D31: Fornecimento, preparo e aplicação de concreto Fck=15 MPa (brita 1) - (5% de perdas já incluído no custo) | E31: m³ | F31: =#REF! -> #REF! | G31: 545.21 | H31: =G31*F31 -> #REF!
A32: 5.5 | B32: IOPES | C32: 050501 | D32: Alvenaria de blocos de concreto estrut. (14x19x39cm) cheios, c/ resist. mín. compr. 15MPa, assentados c/ arg. de cimento e areia no traço 1:4, esp. juntas 10mm e esp. da parede s/ revest. 14cm | E32: m² | F32: =#REF! -> #REF! | G32: 100.45 | H32: =G32*F32 -> #REF!
A33: 5.6 | B33: IOPES | C33: 120101 | D33: Chapisco de argamassa de cimento e areia média ou grossa lavada, no traço 1:3, espessura 5 mm | E33: m² | F33: =#REF! -> #REF! | G33: 5.8 | H33: =G33*F33 -> #REF!
A34: 5.7 | B34: IOPES | C34: 110301 | D34: Emboço de argamassa de cimento, cal hidratada CH1 e areia lavada traço 1:0.5:6, espessura 20 mm | E34: m² | F34: =#REF! -> #REF! | G34: 32.31 | H34: =G34*F34 -> #REF!
A35: 5.8 | B35: IOPES | C35: 110302 | D35: Reboco tipo paulista de argamassa de cimento, cal hidratada CH1 e areia lavada traço 1:0.5:6, espessura 25 mm | E35: m² | F35: =#REF! -> #REF! | G35: 55.91 | H35: =G35*F35 -> #REF!
A36: 5.9 | B36: IOPES | C36: 190106 | D36: Pintura com tinta acrílica, marcas de referência Suvinil, Coral ou Metalatex, inclusive selador acrílico, em paredes e forros, a três demãos | E36: m² | F36: =#REF! -> #REF! | G36: 22.91 | H36: =G36*F36 -> #REF!
A37: 5.10 | B37: IOPES | C37: 200101 | D37: Alambrado c/ tela losangular de arame fio 12 malha 2" revest. em PVC com tubo de ferro galvanizado vertical de 2 1/2" e horizontal de 1" incl. portão, pintados com esmalte sobre fundo anticorrosivo | E37: m² | F37: =#REF! -> #REF! | G37: 160 | H37: =G37*F37 -> #REF!
A38: 6 | D38: MOBILIÁRIO | H38: =SUM(H39:H39) -> 8704.44
A39: 6.1 | B39: PMS | C39: C2127 | D39: TRAVE PARA FUTEBOL SOCIETY EM TUBO DE AÇO GALVANIZADO 4" (100MM), MEDINDO 500X220CM, COM ACABAMENTO EM PINTURA ESMALTE NA COR BRANCA, SOBRE FUNDO ANTI-CORROSIVO, INCLUINDO FUNDAÇÃO + REDE EM FIO 4MM 100% NYLON COM PROTEÇÃO UV - PAR | E39: und | F39: 2 | G39: 4352.22 | H39: =G39*F39 -> 8704.44
A40: 7 | D40: LIMPEZA GERAL DA OBRA | H40: =H41 -> #REF!
A41: 7.1 | B41: IOPES | C41: 200402 | D41: Limpeza geral de obras (quadras, praças e jardins) | E41: m² | F41: =#REF! -> #REF! | G41: 1.03 | H41: =G41*F41 -> #REF!
A42: 8 | D42: ADMINISTRAÇÃO LOCAL | H42: =H43 -> #REF!
A43: 8.1 | B43: PMS | C43: C1482 | D43: =#REF! -> #REF! | E43: und | F43: =#REF! -> #REF! | G43: 15645.17 | H43: =G43*F43 -> #REF!
A44: TOTAL | H44: =ROUND(SUBTOTAL(9,H42,H40,H17,H24,H12,H7,H27),2) -> #REF! | J44: 288000
D60: Raianny Caetano Flor
D61: CREA ES 46720/D

Sheet C2119 - T100
A5: PREFEITURA DA SERRA
A6: SECRETARIA DE OBRAS
A7: DEPARTAMENTO DE PROJETOS DE OBRAS PÚBLICAS
A8: COMPOSIÇÃO ANALÍTICA DE PREÇO UNITÁRIO
A9: DESCRIÇÃO DO SERVIÇO | C9: ITEM | D9: UNIDADE | F9: DATA BASE
A10: TUBO PVC, SERIE R, DN 100 MM, PARA ESGOTO OU AGUAS PLUVIAIS PREDIAL | C10: C2119-T100 | D10: UNID | F10: MAIO/2021
A11: 1 - MÃO DE OBRA | B11: FONTE | C11: UNID | D11: COEFIC. | E11: PREÇOS | G11: TOTAL A
E12: UNITÁRIO | F12: TOTAL PARCIAL
A13: AUXILIAR DE ENCANADOR OU BOMBEIRO HIDRÁULICO COM ENCARGOS COMPLEMENTARES | B13: 88248 - SINAPI | C13: H | D13: 0.18 | E13: 16.31 | F13: =D13*E13 -> 2.9358
A14: ENCANADOR OU BOMBEIRO HIDRÁULICO COM ENCARGOS COMPLEMENTARES | B14: 88267 - SINAPI | C14: H | D14: 0.18 | E14: 20.98 | F14: =D14*E14 -> 3.7764
A16: TOTAL A | G16: =SUM(F13:F14) -> 6.7122
A17: 2 - MATERIAIS | B17: FONTE | C17: UNID | D17: COEFIC. | E17: PREÇOS | G17: TOTAL B
E18: UNITÁRIO | F18: TOTAL PARCIAL
A19: ADESIVO PLASTICO PARA PVC, FRASCO COM 850 GR | B19: 122 - SINAPI | C19: UNID | D19: =0.0062*2 -> 0.0124 | E19: 69.1 | F19: =D19*E19 -> 0.85684
A20: LIXA EM FOLHA PARA PAREDE OU MADEIRA, NUMERO 120 (COR VERMELHA) | B20: 3767 - SINAPI | C20: UNID | D20: =0.037*2 -> 0.074 | E20: 0.86 | F20: =D20*E20 -> 0.06364
A21: SOLUCAO LIMPADORA PARA PVC, FRASCO COM 1000 CM3 | B21: 20083 - SINAPI | C21: UNID | D21: =0.0102*2 -> 0.0204 | E21: 60.01 | F21: =D21*E21 -> 1.224204
A22: TUBO PVC, SERIE R, DN 100 MM, PARA ESGOTO OU AGUAS PLUVIAIS PREDIAL (NBR 5688) | B22: 9841 - SINAPI | C22: UNID | D22: 1.04 | E22: =H46 -> 28.014946 | F22: =D22*E22 -> 29.135544
A24: TOTAL B | G24: =SUM(F19:F22) -> 31.280228
A25: 3 - EQUIPAMENTOS | B25: FONTE | C25: UNID | D25: COEFIC. | E25: PREÇOS | F25: TOTAL PARCIAL | G25: TOTAL C
E26: UNITÁRIO
F27: -
A29: TOTAL C | G29: =F27 -> -
A30: 4 - RESUMO - DISCRIMINAÇÃO | D30: TAXA | E30: TOTAL S/ BDI | F30: BDI | G30: TOTAL
A31: MÃO DE OBRA - (TOTAL A) | E31: =G16 -> 6.7122
A32: ENCARGOS SOCIAIS - (S/ TOTAL A) % | D32: 1.1615 | E32: =(E31*D32) -> 7.7962203
A33: TOTAL MÃO OBRA | E33: =SUM(E31:E32) -> 14.50842 | F33: =E33*D38 -> 3.0467683 | G33: =E33+F33 -> 17.555189
A34: MATERIAIS - (TOTAL B) | E34: =G24 -> 31.280228
A35: EQUIPAMENTOS - (TOTAL C) | E35: =G29 -> -
A36: TOTAL MATERIAIS E EQUIPAMENTOS | E36: =SUM(E34:E35) -> 31.280228 | F36: =E36*D38 -> 6.5688479 | G36: =E36+F36 -> 37.849076
A37: TOTAL (MÃO DE OBRA + MATERIAIS + EQUIPAMENTOS) | E37: =E36+E33 -> 45.788648
A38: BDI | D38: 0.21 | E38: =E37*D38 -> 9.6156162
A39: TOTAL DO SERVIÇO | G39: =ROUND(G36+G33,2) -> 55.4
A41: COMPOSIÇÃO DE REFERENCIA: 9841 SINAPI
A44: DESCRIÇÃO | B44: TIPO DE REFERÊNCIA | C44: PREÇO UNITÁRIO | D44: UNIDADE | E44: ÍNDICE FGV - EDIFICAÇÕES (Col.35) | G44: CORREÇÃO | H44: PREÇO UNITÁRIO CORRIGIDO
E45: AGOSTO/2015 | F45: MAIO/2021
A46: TUBO PVC, SERIE R, DN 100 MM, PARA ESGOTO OU AGUAS PLUVIAIS PREDIAL (NBR 5688) | B46: SINAPI | C46: 19.83 | D46: UNID | E46: 642.644 | F46: 907.899 | G46: =F46/E46 -> 1.4127557 | H46: =C46*G46 -> 28.014946

Sheet C2119
A5: PREFEITURA DA SERRA
A6: SECRETARIA DE OBRAS
A7: DEPARTAMENTO DE PROJETOS DE OBRAS PÚBLICAS
A8: COMPOSIÇÃO ANALÍTICA DE PREÇO UNITÁRIO
A9: DESCRIÇÃO DO SERVIÇO | C9: ITEM | D9: UNIDADE | F9: DATA BASE
A10: TUBO PVC, SERIE R, DN 150 MM, PARA ESGOTO OU AGUAS PLUVIAIS PREDIAL | C10: C2119 | D10: UNID | F10: MAIO/2021
A11: 1 - MÃO DE OBRA | B11: FONTE | C11: UNID | D11: COEFIC. | E11: PREÇOS | G11: TOTAL A
E12: UNITÁRIO | F12: TOTAL PARCIAL
A13: AUXILIAR DE ENCANADOR OU BOMBEIRO HIDRÁULICO COM ENCARGOS COMPLEMENTARES | B13: 88248 - SINAPI | C13: H | D13: 0.18 | E13: 16.31 | F13: =D13*E13 -> 2.9358
A14: ENCANADOR OU BOMBEIRO HIDRÁULICO COM ENCARGOS COMPLEMENTARES | B14: 88267 - SINAPI | C14: H | D14: 0.18 | E14: 20.98 | F14: =D14*E14 -> 3.7764
A16: TOTAL A | G16: =SUM(F13:F14) -> 6.7122
A17: 2 - MATERIAIS | B17: FONTE | C17: UNID | D17: COEFIC. | E17: PREÇOS | G17: TOTAL B
E18: UNITÁRIO | F18: TOTAL PARCIAL
A19: ADESIVO PLASTICO PARA PVC, FRASCO COM 850 GR | B19: 122 - SINAPI | C19: UNID | D19: =0.0062*2 -> 0.0124 | E19: 69.1 | F19: =D19*E19 -> 0.85684
A20: LIXA EM FOLHA PARA PAREDE OU MADEIRA, NUMERO 120 (COR VERMELHA) | B20: 3767 - SINAPI | C20: UNID | D20: =0.037*2 -> 0.074 | E20: 0.86 | F20: =D20*E20 -> 0.06364
A21: SOLUCAO LIMPADORA PARA PVC, FRASCO COM 1000 CM3 | B21: 20083 - SINAPI | C21: UNID | D21: =0.0102*2 -> 0.0204 | E21: 60.01 | F21: =D21*E21 -> 1.224204
A22: TUBO PVC, SERIE R, DN 150 MM, PARA ESGOTO OU AGUAS PLUVIAIS PREDIAL (NBR 5688) | B22: 9840 - SINAPI | C22: UNID | D22: 1.04 | E22: =H46 -> 58.262047 | F22: =D22*E22 -> 60.592529
A24: TOTAL B | G24: =SUM(F19:F22) -> 62.737213
A25: 3 - EQUIPAMENTOS | B25: FONTE | C25: UNID | D25: COEFIC. | E25: PREÇOS | F25: TOTAL PARCIAL | G25: TOTAL C
E26: UNITÁRIO
F27: -
A29: TOTAL C | G29: =F27 -> -
A30: 4 - RESUMO - DISCRIMINAÇÃO | D30: TAXA | E30: TOTAL S/ BDI | F30: BDI | G30: TOTAL
A31: MÃO DE OBRA - (TOTAL A) | E31: =G16 -> 6.7122
A32: ENCARGOS SOCIAIS - (S/ TOTAL A) % | D32: 1.1615 | E32: =(E31*D32) -> 7.7962203
A33: TOTAL MÃO OBRA | E33: =SUM(E31:E32) -> 14.50842 | F33: =E33*D38 -> 3.0467683 | G33: =E33+F33 -> 17.555189
A34: MATERIAIS - (TOTAL B) | E34: =G24 -> 62.737213
A35: EQUIPAMENTOS - (TOTAL C) | E35: =G29 -> -
A36: TOTAL MATERIAIS E EQUIPAMENTOS | E36: =SUM(E34:E35) -> 62.737213 | F36: =E36*D38 -> 13.174815 | G36: =E36+F36 -> 75.912027
A37: TOTAL (MÃO DE OBRA + MATERIAIS + EQUIPAMENTOS) | E37: =E36+E33 -> 77.245633
A38: BDI | D38: 0.21 | E38: =E37*D38 -> 16.221583
A39: TOTAL DO SERVIÇO | G39: =ROUND(G36+G33,2) -> 93.47
A41: COMPOSIÇÃO DE REFERENCIA: 9840 SINAPI
A44: DESCRIÇÃO | B44: TIPO DE REFERÊNCIA | C44: PREÇO UNITÁRIO | D44: UNIDADE | E44: ÍNDICE FGV - EDIFICAÇÕES (Col.35) | G44: CORREÇÃO | H44: PREÇO UNITÁRIO CORRIGIDO
E45: AGOSTO/2015 | F45: MAIO/2021
A46: TUBO PVC, SERIE R, DN 150 MM, PARA ESGOTO OU AGUAS PLUVIAIS PREDIAL (NBR 5688) | B46: SINAPI | C46: 41.24 | D46: UNID | E46: 642.644 | F46: 907.899 | G46: =F46/E46 -> 1.4127557 | H46: =C46*G46 -> 58.262047

Sheet C459
H4: PREFEITURA DA SERRA | P4: PREFEITURA DA SERRA
H5: SECRETARIA DE OBRAS | P5: SECRETARIA DE OBRAS
H6: DEPARTAMENTO DE PROJETOS DE OBRAS PÚBLICAS | P6: DEPARTAMENTO DE PROJETOS DE OBRAS PÚBLICAS
H7: COMPOSIÇÃO ANALÍTICA DE PREÇO UNITÁRIO | P7: COMPOSIÇÃO ANALÍTICA DE PREÇO UNITÁRIO
B8: ITEM | C8: UNIDADE | E8: DATA BASE | H8: DESCRIÇÃO DO SERVIÇO | J8: ITEM | K8: UNIDADE | M8: DATA BASE | P8: DESCRIÇÃO DO SERVIÇO | R8: ITEM | S8: UNIDADE | V8: DATA BASE
B9: C459 | C9: MÊS | E9: FEVEREIRO/2016 | H9: ALUGUEL/MANUTENÇÃO/DESMOBILIZAÇÃO BANHEIRO HIDRAULICO | J9: C459 | K9: MÊS | M9: ABRIL/2016 | P9: ALUGUEL/MANUTENÇÃO/DESMOBILIZAÇÃO BANHEIRO HIDRAULICO | R9: C459 | S9: MÊS | V9: MAIO/2021
A10: FONTE | B10: UNID | C10: COEFIC. | D10: PREÇOS | F10: TOTAL A | H10: 1 - MÃO DE OBRA | I10: FONTE | J10: UNID | K10: COEFIC. | L10: PREÇOS | N10: TOTAL A | P10: 1 - MÃO DE OBRA | Q10: FONTE | R10: UNID | S10: COEFIC. | T10: PREÇOS | W10: TOTAL A
D11: UNITÁRIO | E11: TOTAL PARCIAL | L11: UNITÁRIO | M11: TOTAL PARCIAL | T11: UNITÁRIO | V11: TOTAL PARCIAL
F14: =SUM(E12:E12) -> 0 | H14: TOTAL A | N14: =SUM(M12:M12) -> 0 | P14: TOTAL A | W14: =SUM(V12:V12) -> 0
A15: FONTE | B15: UNID | C15: COEFIC. | D15: PREÇOS | F15: TOTAL B | H15: 2 - MATERIAIS | I15: FONTE | J15: UNID | K15: COEFIC. | L15: PREÇOS | N15: TOTAL B | P15: 2 - MATERIAIS | Q15: FONTE | R15: UNID | S15: COEFIC. | T15: PREÇOS | W15: TOTAL B
D16: UNITÁRIO | E16: TOTAL PARCIAL | L16: UNITÁRIO | M16: TOTAL PARCIAL | T16: UNITÁRIO | V16: TOTAL PARCIAL
A17: MERCADO | B17: UNID | C17: 1 | D17: =A35 -> #REF! | E17: =C17*D17 -> #REF! | H17: =H9 -> ALUGUEL/MANUTENÇÃO/DESMOBILIZAÇÃO BANHEIRO HIDRAULICO | I17: MERCADO | J17: UNID | K17: 1 | L17: =I35 -> #REF! | M17: =K17*L17 -> #REF! | P17: =P9 -> ALUGUEL/MANUTENÇÃO/DESMOBILIZAÇÃO BANHEIRO HIDRAULICO | Q17: MERCADO | R17: UNID | S17: 1 | T17: =X37 -> 1149.8742 | V17: =S17*T17 -> 1149.8742
F19: =SUM(E17:E18) -> #REF! | H19: TOTAL B | N19: =SUM(M17:M18) -> #REF! | P19: TOTAL B | W19: =SUM(V17:V18) -> 1149.8742
A20: FONTE | B20: UNID | C20: COEFIC. | D20: PREÇOS | F20: TOTAL C | H20: 3 - EQUIPAMENTOS | I20: FONTE | J20: UNID | K20: COEFIC. | L20: PREÇOS | N20: TOTAL C | P20: 3 - EQUIPAMENTOS | Q20: FONTE | R20: UNID | S20: COEFIC. | T20: PREÇOS | W20: TOTAL C
D21: UNITÁRIO | E21: TOTAL PARCIAL | L21: UNITÁRIO | M21: TOTAL PARCIAL | T21: UNITÁRIO | V21: TOTAL PARCIAL
F23: =SUM(E22:E22) -> 0 | H23: TOTAL C | N23: =SUM(M22:M22) -> 0 | P23: TOTAL C | W23: =SUM(V22:V22) -> 0
C24: TAXA | D24: TOTAL S/ BDI | E24: BDI | F24: TOTAL | H24: 4 - RESUMO - DISCRIMINAÇÃO | K24: TAXA | L24: TOTAL S/ BDI | M24: BDI | N24: TOTAL | P24: 4 - RESUMO - DISCRIMINAÇÃO | S24: TAXA | T24: TOTAL S/ BDI | V24: BDI | W24: TOTAL
D25: =F14 -> 0 | H25: MÃO DE OBRA - (TOTAL A) | L25: =N14 -> 0 | P25: MÃO DE OBRA - (TOTAL A) | T25: =W14 -> 0
D26: =(D25*C26) -> 0 | H26: ENCARGOS SOCIAIS - (S/ TOTAL A) % | L26: =(L25*K26) -> 0 | P26: ENCARGOS SOCIAIS - (S/ TOTAL A) % | S26: 1.1615 | T26: =(T25*S26) -> 0
D27: =SUM(D25:D26) -> 0 | E27: =D27*C32 -> 0 | F27: =D27+E27 -> 0 | H27: TOTAL MÃO OBRA | L27: =SUM(L25:L26) -> 0 | M27: =L27*K32 -> 0 | N27: =L27+M27 -> 0 | P27: TOTAL MÃO OBRA | T27: =SUM(T25:T26) -> 0 | V27: =T27*S32 -> 0 | W27: =T27+V27 -> 0
D28: =F19 -> #REF! | H28: MATERIAIS - (TOTAL B) | L28: =N19 -> #REF! | P28: MATERIAIS - (TOTAL B) | T28: =W19 -> 1149.8742
D29: =F23 -> 0 | H29: EQUIPAMENTOS - (TOTAL C) | L29: =N23 -> 0 | P29: EQUIPAMENTOS - (TOTAL C) | T29: =W23 -> 0
D30: =SUM(D28:D29) -> #REF! | E30: =D30*C32 -> #REF! | F30: =D30+E30 -> #REF! | H30: TOTAL MATERIAIS E EQUIPAMENTOS | L30: =SUM(L28:L29) -> #REF! | M30: =L30*K32 -> #REF! | N30: =L30+M30 -> #REF! | P30: TOTAL MATERIAIS E EQUIPAMENTOS | T30: =SUM(T28:T29) -> 1149.8742 | V30: =T30*S32 -> 241.47359 | W30: =T30+V30 -> 1391.3478
D31: =D30+D27 -> #REF! | H31: TOTAL (MÃO DE OBRA + MATERIAIS + EQUIPAMENTOS) | L31: =L30+L27 -> #REF! | P31: TOTAL (MÃO DE OBRA + MATERIAIS + EQUIPAMENTOS) | T31: =T30+T27 -> 1149.8742
C32: 0.309 | D32: =D31*C32 -> #REF! | H32: BDI | K32: 0.2963 | L32: =L31*K32 -> #REF! | P32: BDI | S32: 0.21 | T32: =T31*S32 -> 241.47359
F33: =ROUND(F30+F27,2) -> #REF! | H33: TOTAL DO SERVIÇO | N33: =ROUND(N30+N27,2) -> #REF! | P33: TOTAL DO SERVIÇO | W33: =ROUND(W30+W27,2) -> 1391.35
A35: =ROUND(((#REF!+#REF!)),2) -> #REF! | H35: PREÇO MÉDIO | I35: =ROUND(((#REF!+#REF!)),2)/2 -> #REF! | P35: FORNECEDOR/EMPRESA | Q35: PREÇO UNITÁRIO | R35: UNIDADE | S35: ÍNDICE FGV - EDIFICAÇÕES (Col.35) | V35: CORREÇÃO | W35: PREÇO UNITÁRIO CORRIGIDO | X35: PREÇO MÉDIO
S36: NOV/19 | T36: OUTUBRO/19 | U36: MAIO/2021
H37: FIBRALOC (27)3338-5815 CONTATO : JOAO BATISTA | P37: VISAUTO | Q37: 1430 | R37: MÊS | S37: 775.225 | T37: 774.939 | U37: 907.899 | V37: =U37/S37 -> 1.1711426 | W37: =Q37/V37 -> 1221.0298 | X37: =AVERAGE(W37:W39) -> 1149.8742
P38: FIBRALOC | Q38: 1510 | R38: MÊS | S38: 775.225 | T38: 774.939 | U38: 907.899 | V38: =U38/S38 -> 1.1711426 | W38: =Q38/V38 -> 1289.3392
H39: VISAUTO LOCAÇÃO (27)3244-6673 CONTATO: EDUARDO | P39: FIBRAVIT | Q39: 1100 | R39: MÊS | S39: 775.225 | T39: 774.939 | U39: 907.899 | V39: =U39/S39 -> 1.1711426 | W39: =Q39/V39 -> 939.25371

Sheet C2126
A4: PREFEITURA DA SERRA
A5: SECRETARIA DE OBRAS
A6: DEPARTAMENTO DE PROJETOS DE OBRAS PÚBLICAS
A7: COMPOSIÇÃO ANALÍTICA DE PREÇO UNITÁRIO
A8: DESCRIÇÃO DO SERVIÇO | C8: ITEM | D8: UNIDADE | H8: DATA BASE
A9: REMOÇÃO DE GRAMA SINTÉTICA, INCLUSIVE CARGA, DESCARGA E TRANSPORTE | C9: C2126 | D9: m² | H9: MAIO/2021
A10: 1 - MÃO DE OBRA | B10: FONTE | C10: UNID | D10: COEFIC. | E10: VALOR SINAPI COM LEIS SOCIAIS MARÇO/2021 | F10: L.S MARÇO 2021 | G10: PREÇOS | I10: TOTAL A
G11: UNITÁRIO SEM L.S | H11: TOTAL PARCIAL
A12: SERVENTE COM ENCARGOS COMPLEMENTARES | B12: 88316 - SINAPI | C12: H | D12: 0.35 | E12: 16.5 | F12: 1.1615 | G12: =E12/F12 -> 14.205768 | H12: =G12*D12 -> 4.9720189
A14: TOTAL A | I14: =SUM(H12:H12) -> 4.9720189
A15: 2 - MATERIAIS | B15: FONTE | C15: UNID | D15: COEFIC. | G15: PREÇOS | I15: TOTAL B
G16: UNITÁRIO | H16: TOTAL PARCIAL
A18: TOTAL B | I18: =I14+I17 -> 4.9720189
A19: 3 - EQUIPAMENTOS | B19: FONTE | C19: UNID | D19: COEFIC. | G19: PREÇOS | I19: TOTAL C
G20: UNITÁRIO | H20: TOTAL PARCIAL
A21: CARGA, MANOBRAS E DESCARGA DE MATERIAIS DIVERSOS, COM CAMINHAO CARROCERIA 9T (CARGA E DESCARGA MANUAIS) | B21: 72850 - SINAPI | C21: t | D21: 0.002 | G21: =H40 -> 10.439042 | H21: =G21*D21 -> 0.020878083
A22: TRANSPORTE COM CAMINHÃO BASCULANTE DE 6 M3, EM VIA URBANA PAVIMENTADA, DMT ATÉ 30 KM (UNIDADE: TXKM). AF_01/2018 | B22: 97918 - SINAPI | C22: txkm | D22: 0.06 | G22: 1.31 | H22: =G22*D22 -> 0.0786
A23: TOTAL C | I23: =SUM(H21:H22) -> 0.099478083
A24: 4 - RESUMO - DISCRIMINAÇÃO | D24: TAXA | G24: TOTAL S/ BDI | H24: BDI
A25: MÃO DE OBRA - (TOTAL A) | G25: =ROUND(I14,2) -> 4.97
A26: ENCARGOS SOCIAIS - (S/ TOTAL A) % | D26: 1.1615 | G26: =(G25*D26) -> 5.772655
A27: TOTAL MÃO OBRA | G27: =SUM(G25:G26) -> 10.742655 | H27: =ROUND(G27*D32,2) -> 2.26 | I27: =ROUND(G27+H27,2) -> 13
A28: MATERIAIS - (TOTAL B) | G28: =ROUND(I18,2) -> 4.97
A29: EQUIPAMENTOS - (TOTAL C) | G29: =I23 -> 0.099478083
A30: TOTAL MATERIAIS E EQUIPAMENTOS | G30: =SUM(G28:G29) -> 5.0694781 | H30: =ROUND(G30*D32,2) -> 1.06 | I30: =ROUND(G30+H30,2) -> 6.13
A31: TOTAL (MÃO DE OBRA + MATERIAIS + EQUIPAMENTOS) | G31: =ROUND(G30+G27,2) -> 15.81
A32: BDI | D32: 0.21
A33: TOTAL DO SERVIÇO | I33: =SUM(I30+I27) -> 19.13
A35: COMPOSIÇÃO DE REFERENCIA: SCORIO PJ 05.20.0500
A38: DESCRIÇÃO | B38: PREÇO UNITÁRIO | C38: UNIDADE | D38: ÍNDICE FGV - EDIFICAÇÕES (Col.35) | F38: CORREÇÃO | H38: PREÇO UNITÁRIO CORRIGIDO
D39: AGOSTO/2020 | E39: MAIO/2021
A40: 72850 - SINAPI- CARGA, MANOBRAS E DESCARGA DE MATERIAIS DIVERSOS, COM CAMINHAO CARROCERIA 9T (CARGA E DESCARGA MANUAIS) | B40: 9.26 | C40: t | D40: 805.356 | E40: 907.899 | F40: =E40/D40 -> 1.1273263 | H40: =B40*F40 -> 10.439042

Sheet C1343
A4: PREFEITURA DA SERRA
A5: SECRETARIA DE OBRAS
A6: DEPARTAMENTO DE PROJETOS DE OBRAS PÚBLICAS
A7: COMPOSIÇÃO ANALÍTICA DE PREÇO UNITÁRIO
A8: DESCRIÇÃO DO SERVIÇO | C8: ITEM | D8: UNIDADE | F8: DATA BASE
A9: GRAMA SINTÉTICA, COM FIOS DE 50MM DE ALTURA, AREIA ESPECIAL, GRANULOS DE BORRACHA. FORNECIMENTO E INSTALAÇÃO | C9: C1343 | D9: M2 | F9: MAIO/2021
A10: 1 - MÃO DE OBRA | B10: FONTE | C10: UNID | D10: COEFIC. | E10: PREÇOS | G10: TOTAL A
E11: UNITÁRIO | F11: TOTAL PARCIAL
A12: SERVENTE COM ENCARGOS COMPLEMENTARES | B12: 88316 - SINAPI | C12: H | D12: 0.1564 | E12: =16.5/1.1615 -> 14.205768 | F12: =ROUND(E12*D12,2) -> 2.22
A13: JARDINEIRO COM ENCARGOS COMPLEMENTARES | B13: 88441 - SINAPI | C13: H | D13: 0.0391 | E13: =22.58/1.1615 -> 19.440379 | F13: =ROUND(E13*D13,2) -> 0.76
A16: TOTAL A | G16: =SUM(F12:F13) -> 2.98
A17: 2 - MATERIAIS | B17: FONTE | C17: UNID | D17: COEFIC. | E17: PREÇOS | G17: TOTAL B
E18: UNITÁRIO | F18: TOTAL PARCIAL
A19: GRAMA SINTÉTICA, COM FIOS DE 50MM DE ALTURA, AREIA ESPECIAL, GRANULOS DE BORRACHA. FORNECIMENTO E INSTALAÇÃO | B19: SCO-RJ MAT064820 | C19: M2 | D19: 1 | E19: =G40 -> 120.8309 | F19: =ROUND(E19*D19,2) -> 120.83
A21: TOTAL B | G21: =ROUND(F19,2) -> 120.83
A22: 3 - EQUIPAMENTOS | B22: FONTE | C22: UNID | D22: COEFIC. | E22: PREÇOS | G22: TOTAL C
E23: UNITÁRIO | F23: TOTAL PARCIAL
A26: TOTAL C
A27: 4 - RESUMO - DISCRIMINAÇÃO | D27: TAXA | E27: TOTAL S/ BDI | F27: BDI
A28: MÃO DE OBRA - (TOTAL A) | E28: =ROUND(G16,2) -> 2.98
A29: ENCARGOS SOCIAIS - (S/ TOTAL A) % | D29: 1.1615 | E29: =(E28*D29) -> 3.46127
A30: TOTAL MÃO OBRA | E30: =SUM(E28:E29) -> 6.44127 | F30: =ROUND(E30*D35,2) -> 1.35 | G30: =ROUND(E30+F30,2) -> 7.79
A31: MATERIAIS - (TOTAL B) | E31: =ROUND(G21,2) -> 120.83
A32: EQUIPAMENTOS - (TOTAL C) | E32: =G26 -> 0
A33: TOTAL MATERIAIS E EQUIPAMENTOS | E33: =SUM(E31:E32) -> 120.83 | F33: =ROUND(E33*D35,2) -> 25.37 | G33: =ROUND(E33+F33,2) -> 146.2
A34: TOTAL (MÃO DE OBRA + MATERIAIS + EQUIPAMENTOS) | E34: =ROUND(E33+E30,2) -> 127.27
A35: BDI | D35: 0.21
A36: TOTAL DO SERVIÇO | G36: =G30+G33 -> 153.99
A38: DESCRIÇÃO | B38: PREÇO UNITÁRIO | C38: UNIDADE | D38: ÍNDICE FGV - EDIFICAÇÕES (Col.35) | F38: CORREÇÃO | G38: PREÇO UNITÁRIO CORRIGIDO
D39: OUTUBRO/2018 | E39: MAIO/2021
A40: SCO-RJ MAT064820- GRAMA SINTÉTICA, COM FIOS DE 50MM DE ALTURA, AREIA ESPECIAL, GRANULOS DE BORRACHA. FORNECIMENTO E INSTALAÇÃO | B40: 99 | C40: M2 | D40: 743.866 | E40: 907.899 | F40: =E40/D40 -> 1.2205142 | G40: =F40*B40 -> 120.8309 | H40: rever acesso ao SICRO-RJ

Sheet C2325
A4: PREFEITURA DA SERRA | I4: PREFEITURA DA SERRA | Q4: PREFEITURA DA SERRA | Y4: PREFEITURA DA SERRA
A5: SECRETARIA DE OBRAS | I5: SECRETARIA DE OBRAS | Q5: SECRETARIA DE OBRAS | Y5: SECRETARIA DE OBRAS
A6: DEPARTAMENTO DE PROJETOS DE OBRAS PÚBLICAS | I6: DEPARTAMENTO DE PROJETOS DE OBRAS PÚBLICAS | Q6: DEPARTAMENTO DE PROJETOS DE OBRAS PÚBLICAS | Y6: DEPARTAMENTO DE PROJETOS DE OBRAS PÚBLICAS
A7: COMPOSIÇÃO ANALÍTICA DE PREÇO UNITÁRIO | I7: COMPOSIÇÃO ANALÍTICA DE PREÇO UNITÁRIO | Q7: COMPOSIÇÃO ANALÍTICA DE PREÇO UNITÁRIO | Y7: COMPOSIÇÃO ANALÍTICA DE PREÇO UNITÁRIO
A8: DESCRIÇÃO DO SERVIÇO | C8: ITEM | D8: UNIDADE | F8: DATA BASE | I8: DESCRIÇÃO DO SERVIÇO | K8: ITEM | L8: UNIDADE | N8: DATA BASE | Q8: DESCRIÇÃO DO SERVIÇO | S8: ITEM | T8: UNIDADE | V8: DATA BASE | Y8: DESCRIÇÃO DO SERVIÇO | AA8: ITEM | AB8: UNIDADE | AD8: DATA BASE | AH8: tirar dúvida com Cláudio
A9: ALUGUEL/MANUTENÇÃO/DESMOBILIZAÇÃO BANHEIRO HIDRAULICO | C9: C459 | D9: MÊS | F9: NOVEMBRO/2015 | I9: ALUGUEL/MANUTENÇÃO/DESMOBILIZAÇÃO BANHEIRO HIDRAULICO | K9: C459 | L9: MÊS | N9: FEVEREIRO/2016 | Q9: ALUGUEL/MANUTENÇÃO/DESMOBILIZAÇÃO BANHEIRO HIDRAULICO | S9: C459 | T9: MÊS | V9: ABRIL/2016 | Y9: CAMADA DRENANTE COM AREIA FINA | AA9: C2325 | AB9: m3 | AD9: MARÇO/2021
A10: 1 - MÃO DE OBRA | B10: FONTE | C10: UNID | D10: COEFIC. | E10: PREÇOS | G10: TOTAL A | I10: 1 - MÃO DE OBRA | J10: FONTE | K10: UNID | L10: COEFIC. | M10: PREÇOS | O10: TOTAL A | Q10: 1 - MÃO DE OBRA | R10: FONTE | S10: UNID | T10: COEFIC. | U10: PREÇOS | W10: TOTAL A | Y10: 1 - MÃO DE OBRA | Z10: FONTE | AA10: UNID | AB10: COEFIC. | AC10: PREÇOS | AE10: TOTAL A
E11: UNITÁRIO | F11: TOTAL PARCIAL | M11: UNITÁRIO | N11: TOTAL PARCIAL | U11: UNITÁRIO | V11: TOTAL PARCIAL | AC11: UNITÁRIO | AD11: TOTAL PARCIAL
Y12: SERVENTE COM ENCARGOS COMPLEMENTARES | Z12: SINAPI-88316 | AA12: H | AB12: 1.3 | AC12: =16.5/1.1615 -> 14.205768 | AD12: =AC12*AB12 -> 18.467499
A14: TOTAL A | G14: =SUM(F12:F12) -> 0 | I14: TOTAL A | O14: =SUM(N12:N12) -> 0 | Q14: TOTAL A | W14: =SUM(V12:V12) -> 0 | Y14: TOTAL A | AE14: =SUM(AD12:AD12) -> 18.467499
A15: 2 - MATERIAIS | B15: FONTE | C15: UNID | D15: COEFIC. | E15: PREÇOS | G15: TOTAL B | I15: 2 - MATERIAIS | J15: FONTE | K15: UNID | L15: COEFIC. | M15: PREÇOS | O15: TOTAL B | Q15: 2 - MATERIAIS | R15: FONTE | S15: UNID | T15: COEFIC. | U15: PREÇOS | W15: TOTAL B | Y15: 2 - MATERIAIS | Z15: FONTE | AA15: UNID | AB15: COEFIC. | AC15: PREÇOS | AE15: TOTAL B
E16: UNITÁRIO | F16: TOTAL PARCIAL | M16: UNITÁRIO | N16: TOTAL PARCIAL | U16: UNITÁRIO | V16: TOTAL PARCIAL | AC16: UNITÁRIO | AD16: TOTAL PARCIAL
A17: =A9 -> ALUGUEL/MANUTENÇÃO/DESMOBILIZAÇÃO BANHEIRO HIDRAULICO | B17: MERCADO | C17: UNID | D17: 1 | E17: =#REF! -> #REF! | F17: =D17*E17 -> #REF! | I17: =I9 -> ALUGUEL/MANUTENÇÃO/DESMOBILIZAÇÃO BANHEIRO HIDRAULICO | J17: MERCADO | K17: UNID | L17: 1 | M17: =#REF! -> #REF! | N17: =L17*M17 -> #REF! | Q17: =Q9 -> ALUGUEL/MANUTENÇÃO/DESMOBILIZAÇÃO BANHEIRO HIDRAULICO | R17: MERCADO | S17: UNID | T17: 1 | U17: =#REF! -> #REF! | V17: =T17*U17 -> #REF! | Y17: AREIA FINA - POSTO JAZIDA/FORNECEDOR (RETIRADO NA JAZIDA, SEM TRANSPORTE) | Z17: SINAPI-366 | AA17: M3 | AB17: 1.1 | AC17: 51.67 | AD17: =AC17*AB17 -> 56.837
A19: TOTAL B | G19: =SUM(F17:F18) -> #REF! | I19: TOTAL B | O19: =SUM(N17:N18) -> #REF! | Q19: TOTAL B | W19: =SUM(V17:V18) -> #REF! | Y19: TOTAL B | AE19: =SUM(AD17:AD18) -> 56.837
A20: 3 - EQUIPAMENTOS | B20: FONTE | C20: UNID | D20: COEFIC. | E20: PREÇOS | G20: TOTAL C | I20: 3 - EQUIPAMENTOS | J20: FONTE | K20: UNID | L20: COEFIC. | M20: PREÇOS | O20: TOTAL C | Q20: 3 - EQUIPAMENTOS | R20: FONTE | S20: UNID | T20: COEFIC. | U20: PREÇOS | W20: TOTAL C | Y20: 3 - EQUIPAMENTOS | Z20: FONTE | AA20: UNID | AB20: COEFIC. | AC20: PREÇOS | AE20: TOTAL C
E21: UNITÁRIO | F21: TOTAL PARCIAL | M21: UNITÁRIO | N21: TOTAL PARCIAL | U21: UNITÁRIO | V21: TOTAL PARCIAL | AC21: UNITÁRIO | AD21: TOTAL PARCIAL
A24: TOTAL C | G24: =SUM(F22:F23) -> 0 | I24: TOTAL C | O24: =SUM(N22:N23) -> 0 | Q24: TOTAL C | W24: =SUM(V22:V23) -> 0 | Y24: TOTAL C | AE24: =SUM(AD22:AD23) -> 0
A25: 4 - RESUMO - DISCRIMINAÇÃO | D25: TAXA | E25: TOTAL S/ BDI | F25: BDI | G25: TOTAL | I25: 4 - RESUMO - DISCRIMINAÇÃO | L25: TAXA | M25: TOTAL S/ BDI | N25: BDI | O25: TOTAL | Q25: 4 - RESUMO - DISCRIMINAÇÃO | T25: TAXA | U25: TOTAL S/ BDI | V25: BDI | W25: TOTAL | Y25: 4 - RESUMO - DISCRIMINAÇÃO | AB25: TAXA | AC25: TOTAL S/ BDI | AD25: BDI | AE25: TOTAL
A26: MÃO DE OBRA - (TOTAL A) | E26: =G14 -> 0 | I26: MÃO DE OBRA - (TOTAL A) | M26: =O14 -> 0 | Q26: MÃO DE OBRA - (TOTAL A) | U26: =W14 -> 0 | Y26: MÃO DE OBRA - (TOTAL A) | AC26: =AE14 -> 18.467499
A27: ENCARGOS SOCIAIS - (S/ TOTAL A) % | E27: =(E26*D27) -> 0 | I27: ENCARGOS SOCIAIS - (S/ TOTAL A) % | M27: =(M26*L27) -> 0 | Q27: ENCARGOS SOCIAIS - (S/ TOTAL A) % | U27: =(U26*T27) -> 0 | Y27: ENCARGOS SOCIAIS - (S/ TOTAL A) % | AB27: 1.1615 | AC27: =(AC26*AB27) -> 21.45
A28: TOTAL MÃO OBRA | E28: =SUM(E26:E27) -> 0 | F28: =E28*D33 -> 0 | G28: =E28+F28 -> 0 | I28: TOTAL MÃO OBRA | M28: =SUM(M26:M27) -> 0 | N28: =M28*L33 -> 0 | O28: =M28+N28 -> 0 | Q28: TOTAL MÃO OBRA | U28: =SUM(U26:U27) -> 0 | V28: =U28*T33 -> 0 | W28: =U28+V28 -> 0 | Y28: TOTAL MÃO OBRA | AC28: =SUM(AC26:AC27) -> 39.917499 | AD28: =AC28*AB33 -> 8.3826748 | AE28: =AC28+AD28 -> 48.300174
A29: MATERIAIS - (TOTAL B) | E29: =G19 -> #REF! | I29: MATERIAIS - (TOTAL B) | M29: =O19 -> #REF! | Q29: MATERIAIS - (TOTAL B) | U29: =W19 -> #REF! | Y29: MATERIAIS - (TOTAL B) | AC29: =AE19 -> 56.837
A30: EQUIPAMENTOS - (TOTAL C) | E30: =G24 -> 0 | I30: EQUIPAMENTOS - (TOTAL C) | M30: =O24 -> 0 | Q30: EQUIPAMENTOS - (TOTAL C) | U30: =W24 -> 0 | Y30: EQUIPAMENTOS - (TOTAL C) | AC30: =AE24 -> 0
A31: TOTAL MATERIAIS E EQUIPAMENTOS | E31: =SUM(E29:E30) -> #REF! | F31: =E31*D33 -> #REF! | G31: =E31+F31 -> #REF! | I31: TOTAL MATERIAIS E EQUIPAMENTOS | M31: =SUM(M29:M30) -> #REF! | N31: =M31*L33 -> #REF! | O31: =M31+N31 -> #REF! | Q31: TOTAL MATERIAIS E EQUIPAMENTOS | U31: =SUM(U29:U30) -> #REF! | V31: =U31*T33 -> #REF! | W31: =U31+V31 -> #REF! | Y31: TOTAL MATERIAIS E EQUIPAMENTOS | AC31: =SUM(AC29:AC30) -> 56.837 | AD31: =AC31*AB33 -> 11.93577 | AE31: =AC31+AD31 -> 68.77277
A32: TOTAL (MÃO DE OBRA + MATERIAIS + EQUIPAMENTOS) | E32: =E31+E28 -> #REF! | I32: TOTAL (MÃO DE OBRA + MATERIAIS + EQUIPAMENTOS) | M32: =M31+M28 -> #REF! | Q32: TOTAL (MÃO DE OBRA + MATERIAIS + EQUIPAMENTOS) | U32: =U31+U28 -> #REF! | Y32: TOTAL (MÃO DE OBRA + MATERIAIS + EQUIPAMENTOS) | AC32: =AC31+AC28 -> 96.754499
A33: BDI | D33: 0.2764 | E33: =E32*D33 -> #REF! | I33: BDI | L33: 0.309 | M33: =M32*L33 -> #REF! | Q33: BDI | T33: 0.2963 | U33: =U32*T33 -> #REF! | Y33: BDI | AB33: 0.21 | AC33: =AC32*AB33 -> 20.318445
A34: TOTAL DO SERVIÇO | G34: =ROUND(G31+G28,2) -> #REF! | I34: TOTAL DO SERVIÇO | O34: =ROUND(O31+O28,2) -> #REF! | Q34: TOTAL DO SERVIÇO | W34: =ROUND(W31+W28,2) -> #REF! | Y34: TOTAL DO SERVIÇO | AE34: =ROUND(AE31+AE28,2) -> 117.07
A36: VISAUTO LOCAÇÃO (27)3244-6673 CONTATO: EDUARDO | Q36: VISAUTO LOCAÇÃO (27)3244-6673 CONTATO: EDUARDO | Y36: COMPOSIÇÃO REFERÊNCIA: 12764 ORSE

Sheet C2127
A4: PREFEITURA DA SERRA
A5: SECRETARIA DE OBRAS
A6: DEPARTAMENTO DE PROJETOS DE OBRAS PÚBLICAS
A7: COMPOSIÇÃO ANALÍTICA DE PREÇO UNITÁRIO
A8: DESCRIÇÃO DO SERVIÇO | D8: ITEM | E8: UNIDADE | G8: DATA BASE
A9: TRAVE PARA FUTEBOL SOCIETY EM TUBO DE AÇO GALVANIZADO 4" (100MM), MEDINDO 500X220CM, COM ACABAMENTO EM PINTURA ESMALTE NA COR BRANCA, SOBRE FUNDO ANTI-CORROSIVO, INCLUINDO FUNDAÇÃO + REDE EM FIO 4MM 100% NYLON COM PROTEÇÃO UV - PAR | D9: C2127 | E9: UNID | G9: MAIO/2021
A10: 1 - MÃO DE OBRA | C10: FONTE | D10: UNID | E10: COEFIC. | F10: PREÇOS | H10: TOTAL A
F11: UNITÁRIO | G11: TOTAL PARCIAL
A12: AJUDANTE ESPECIALIZADO COM ENCARGOS COMPLEMENTARES | C12: 88243 - SINAPI | D12: H | E12: 2 | F12: =19.71/1.1615 -> 16.969436 | G12: =ROUND(F12*E12,2) -> 33.94
A13: PINTOR COM ENCARGOS COMPLEMENTARES | C13: 88310 - SINAPI | D13: H | E13: 2 | F13: =24.36/1.1615 -> 20.97288 | G13: =ROUND(F13*E13,2) -> 41.95
A14: TOTAL A | H14: =ROUND(G12+G13,2) -> 75.89
A15: 2 - MATERIAIS | C15: FONTE | D15: UNID | E15: COEFIC. | F15: PREÇOS | H15: TOTAL B
F16: UNITÁRIO | G16: TOTAL PARCIAL
A17: TRAVE PARA FUTEBOL SOCIETY EM TUBO DE AÇO GALVANIZADO 4" (100MM), MEDINDO 500X220CM, COM ACABAMENTO EM PINTURA ESMALTE NA COR BRANCA, SOBRE FUNDO ANTI-CORROSIVO, INCLUINDO FUNDAÇÃO + REDE EM FIO 4MM 100% NYLON COM PROTEÇÃO UV | C17: MERCADO | E17: PAR | F17: =I40 -> 3772.2707 | G17: =F17 -> 3772.2707
A19: TOTAL B | H19: =G17 -> 3772.2707
A20: 3 - SERVIÇOS | C20: FONTE | D20: UNID | E20: COEFIC. | F20: PREÇOS | H20: TOTAL C
F21: UNITÁRIO | G21: TOTAL PARCIAL
A22: FORNECIMENTO, PREPARO E APLICAÇÃO DE CONCRETO FCK=15 MPA (BRITA 1 E 2) - (5% DE PERDAS JÁ INCLUÍDO NO CUSTO) | C22: 040233 - IOPES | D22: M3 | E22: 0.064 | F22: 501.74 | G22: =F22*E22 -> 32.11136
A23: ESCAVACAO MANUAL CAMPO ABERTO EM SOLO EXCETO ROCHA ATE 2,00M PROFUNDID | C23: 79480 - SINAPI | D23: M3 | E23: 0.2513 | F23: =I50 -> 2.356112 | G23: =ROUND(E23*F23,2) -> 0.59
A24: REATERRO MANUAL APILOADO COM SOQUETE. AF_10/2017 | C24: 96995 - SINAPI | D24: M3 | E24: 0.1502 | F24: 39.57 | G24: =ROUND(E24*F24,2) -> 5.94
A25: ÍNDICE DE PREÇO PARA REMOÇÃO DE ENTULHO DECORRENTE DA EXECUÇÃO DE OBRAS (CLASSE A CONAMA - NBR 10.004 - CLASSE II-B), INCLUINDO ALUGUEL DA CAÇAMBA, CARGA, TRANSPORTE E DESCARGA EM ÁREA LICENCIADA | C25: 030304 - IOPES | D25: M3 | E25: 0.0628 | F25: =51.77 -> 51.77 | G25: =F25*E25 -> 3.251156
A27: TOTAL C | H27: =SUM(G22:G25) -> 41.892516
A28: 4 - RESUMO - DISCRIMINAÇÃO | E28: TAXA | F28: TOTAL S/ BDI | G28: BDI
A29: MÃO DE OBRA - (TOTAL A) | F29: =ROUND(H14,2) -> 75.89
A30: ENCARGOS SOCIAIS - (S/ TOTAL A) % | E30: 1.5727 | F30: =(F29*E30) -> 119.3522
A31: TOTAL MÃO OBRA | F31: =SUM(F29:F30) -> 195.2422 | G31: =ROUND(F31*E36,2) -> 41 | H31: =ROUND(F31+G31,2) -> 236.24
A32: MATERIAIS - (TOTAL B) | F32: =ROUND(H19,2) -> 3772.27
A33: SERVIÇOS - (TOTAL C) | F33: =H27 -> 41.892516
A34: TOTAL MATERIAIS E EQUIPAMENTOS | F34: =SUM(F32:F33) -> 3814.1625 | G34: =ROUND(F34*E36,2) -> 800.97 | H34: =ROUND(F34+G34,2) -> 4615.13
A35: TOTAL (MÃO DE OBRA + MATERIAIS + EQUIPAMENTOS) | F35: =ROUND(F34+F31,2) -> 4009.4
A36: BDI | E36: 0.21
A37: TOTAL DO SERVIÇO | H37: =SUM(H34+H31) -> 4851.37
A39: COTAÇÃO DE MERCADO | B39: PREÇO UNITÁRIO (MARÇO/2019) | C39: MÉDIA PREÇOS | D39: PREÇO 2 TRAVES COM REDES | G39: ÍNDICE COL 35 (NOV/2019) | H39: ÍNDICE COL 35 (MAIO/2021) | I39: MÉDIA PREÇO 2 TRAVES COM REDES
A40: TRAVE COM REDE - JV | B40: 1878.53 | C40: =B40 -> 1878.53 | D40: =C40*2 -> 3757.06 | G40: 775.225 | H40: 907.899 | I40: =D44*(H40/G40) -> 3772.2707
A41: TRAVE SEM REDE - MERCADÃO ESPORTES | B41: =2369.52/2 -> 1184.76 | C41: =B41 -> 1184.76 | D41: =(B41*2)+C42 -> 2684.975
A42: REDE 5M FIO 4MM - GISMAR REDES | B42: 289 | C42: =AVERAGE(B42:B43) -> 315.455
A43: REDE 5M FIO 4MM - AMERICANAS | B43: 341.91
A44: PREÇO MÉDIO | D44: =AVERAGE(D40:D41) -> 3221.0175
A46: COMPOSIÇÃO DE REFERÊNCIA: COMP-02 (ITEM 7.1) - Orçamento padrão Campo Bom de Bola Sesport - Governo do Estado
A47: PREÇO CORRIGIDO PELO ÍNDICE DA Coluna 35 – Edificação FGV
A48: DESCRIÇÃO | B48: TIPO DE REFERÊNCIA | C48: PREÇO UNITÁRIO | D48: UNIDADE | E48: ÍNDICE FGV - EDIFICAÇÕES (Col.35) | H48: CORREÇÃO | I48: PREÇO UNITÁRIO CORRIGIDO
E49: AGOSTO/2020 | G49: MAIO/2021
A50: ESCAVACAO MECANICA CAMPO ABERTO EM SOLO EXCETO ROCHA ATE 2,00M PROFUNDIDADE | B50: 79480 - SINAPI | C50: 2.09 | D50: M2 | E50: 805.356 | G50: 907.899 | H50: =G50/E50 -> 1.1273263 | I50: =C50*H50 -> 2.356112

Sheet PL ANALÍTICA REC. PRÓPRIO
D1: PREFEITURA MUNICIPAL DA SERRA | E1: OBRA: REFORMA DO CAMPO SOCIETY EM JARDIM CARAPINA
D2: DEPARTAMENTO DE PROJETOS DE OBRAS PÚBLICAS | E2: BDI: | F2: 0.21 | G2: SECRETARIA DE OBRAS
E3: LS: | F3: 1.1615
D4: PLANILHA ORÇAMENTÁRIA | E4: DATA BASE: MAIO 2021
A5: ITEM | B5: ÓRGÃO | C5: CÓDIGO | D5: DESCRIÇÃO SERVIÇO | E5: UNID | F5: QUANT. | G5: PREÇOS R$
G6: UNIT. C/ BDI | H6: TOTAL
A7: 3 | D7: GRAMADO | H7: =SUM(H8:H15) -> #REF!
A8: 3.1 | B8: SINAPI | C8: 83729 | D8: Fornecimento/instalacao de manta bidim rt-31 | E8: m² | F8: 1421 | G8: =14.4*(907.899/529.029)*(1+F2) -> 29.902391 | H8: =TRUNC(F8*G8,2) -> 42491.29
A9: 3.2 | B9: SINAPI | C9: 72961 | D9: Regularizacao e compactacao de subleito ate 20 cm de espessura | E9: m² | F9: 1421 | G9: =1.14*(907.899/529.029)*(1+F2) -> 2.3672726 | H9: =TRUNC(F9*G9,2) -> 3363.89
A10: 3.3 | B10: DER-ES | C10: 200306 | D10: Fornecimento e espalhamento de brita 1 ou 2 | E10: m³ | F10: 71.05 | G10: =145.03*(1+F2) -> 175.4863 | H10: =TRUNC(F10*G10,2) -> 12468.3
A11: 3.4 | B11: PMS | C11: C2325 | D11: CAMADA DRENANTE COM AREIA FINA | E11: m³ | F11: 71.05 | G11: ='C2325'!AE34 -> 117.07 | H11: =TRUNC(F11*G11,2) -> 8317.82
A12: 3.5 | B12: PMS | C12: C2119 - T100 | D12: Tubo corrugado dreno Ø100 mm 6 m para água pluvial | E12: unid | F12: 33 | G12: ='C2119 - T100'!G39 -> 55.4 | H12: =TRUNC(F12*G12,2) -> 1828.2
A13: 3.6 | B13: PMS | C13: C2119 | D13: Tubo corrugado dreno Ø150 mm 6 m para água pluvial | E13: unid | F13: 9 | G13: ='C2119'!G39 -> 93.47 | H13: =TRUNC(F13*G13,2) -> 841.23
A14: 3.7 | B14: SINAPI | C14: 73817/001 | D14: Embasamento de material granular - Pó de pedra | E14: m³ | F14: 28.42 | G14: =56.27*(907.899/529.029)*(1+F2) -> 116.84775 | H14: =TRUNC(F14*G14,2) -> 3320.81
A15: 3.8 | B15: PMS | C15: C1343 | D15: GRAMA SINTÉTICA, COM FIOS DE 50MM DE ALTURA, AREIA ESPECIAL, GRANULOS DE BORRACHA. FORNECIMENTO E INSTALAÇÃO | E15: m² | F15: =#REF! -> #REF! | G15: ='C1343'!G36 -> 153.99 | H15: =TRUNC(F15*G15,2) -> #REF!
A16: 4 | D16: ÁREA TÉCNICA - PISO | H16: =SUM(H17:H18) -> #REF!
A17: 4.1 | B17: SINAPI | C17: 72961 | D17: Regularizacao e compactacao de subleito ate 20 cm de espessura | E17: m² | F17: =#REF! -> #REF! | G17: =1.14*(907.899/529.029)*(1+F2) -> 2.3672726 | H17: =TRUNC(F17*G17,2) -> #REF!
A18: 4.2 | B18: DER-ES | C18: 130112 | D18: Lastro de concreto não estrutural, espessura de 6 cm | E18: m² | F18: =#REF! -> #REF! | G18: =39.4*(1+F2) -> 47.674 | H18: =G18*F18 -> #REF!
A19: TOTAL | H19: =H7+H16 -> #REF!
D24: Carlos Henrique Gabriel Magnago
D25: CREA ES 46204/D

Sheet PL ANALÍTICA CEF
D1: PREFEITURA MUNICIPAL DA SERRA | E1: OBRA: REFORMA DO CAMPO SOCIETY EM JARDIM CARAPINA
D2: DEPARTAMENTO DE PROJETOS DE OBRAS PÚBLICAS | E2: BDI: | F2: 0.21 | G2: SECRETARIA DE OBRAS
E3: LS: | F3: 1.1615
D4: PLANILHA ORÇAMENTÁRIA | E4: DATA BASE: MAIO 2021
A5: ITEM | B5: ÓRGÃO | C5: CÓDIGO | D5: DESCRIÇÃO SERVIÇO | E5: UNID | F5: QUANT. | G5: PREÇOS R$
G6: UNIT. C/ BDI | H6: TOTAL
A7: 1 | D7: INSTALAÇÃO DO CANTEIRO DE OBRAS | H7: =SUM(H8:H11) -> #REF!
A8: 1.1 | B8: PMS | C8: C459 | D8: ALUGUEL/MANUTENÇÃO/DESMOBILIZAÇÃO BANHEIRO HIDRÁULICO | E8: mês | F8: =#REF! -> #REF! | G8: ='C459'!W33 -> 1391.35 | H8: =F8*G8 -> #REF!
A9: 1.2 | B9: DER-ES | C9: 020305 | D9: Placa de obra nas dimensões de 2.0 x 4.0 m, padrão IOPES | E9: m² | F9: =#REF! -> #REF! | G9: 346.5803 | H9: =F9*G9 -> #REF!
A10: 1.3 | B10: DER-ES | C10: 020356 | D10: Aluguel mensal container para almoxarifado, incl. porta, 2 janelas, 1 pt iluminação, Isolamento térmico (teto), piso em comp. Naval pintado, cert. NR18, incl. laudo descontaminação. | E10: mês | F10: =#REF! -> #REF! | G10: =529*(1+F2) -> 640.09 | H10: =F10*G10 -> #REF!
A11: 1.4 | B11: DER-ES | C11: 020344 | D11: Mobilização e desmobilização de conteiner locado para barracão de obra | E11: und | F11: =#REF! -> #REF! | G11: 1253.1607 | H11: =F11*G11 -> #REF!
A12: 2 | D12: SERVIÇOS PRELIMINARES | H12: =SUM(H13:H16) -> #REF!
A13: 2.1 | B13: PMS | C13: C2126 | D13: Retirada de grama sintética, inclusive carga, descarga e transporte a 30km | E13: m² | F13: =#REF! -> #REF! | G13: ='C2126'!I33 -> 19.13 | H13: =F13*G13 -> #REF!
A14: 2.2 | B14: DER-ES | C14: 030101 | D14: Escavação manual em material de 1a. categoria, até 1.50 m de profundidade | E14: m³ | F14: =#REF! -> #REF! | G14: =45.66*(1+F2) -> 55.2486 | H14: =G14*F14 -> #REF!
A15: 2.3 | B15: DER-ES | C15: 010210 | D15: Demolição manual de concreto simples (EMOP 05.001.001) | E15: m³ | F15: =#REF! -> #REF! | G15: =224.8*(1+F2) -> 272.008 | H15: =G15*F15 -> #REF!
A16: 2.4 | B16: DER-ES | C16: 030304 | D16: Índice de preço para remoção de entulho decorrente da execução de obras (Classe A CONAMA - NBR 10.004 - Classe II-B), incluindo aluguel da caçamba, carga, transporte e descarga em área licenciada | E16: m³ | F16: =#REF! -> #REF! | G16: =52.35*(1+F2) -> 63.3435 | H16: =G16*F16 -> #REF!
A17: 3 | D17: FECHAMENTO | H17: =SUM(H18:H19) -> #REF!
A18: 3.1 | B18: PMS | C18: C2375 | D18: Fornecimento, Recuperação e Instalação de tubulações galvanizadas de fechamento de campo esportivo e portão com dimensões h=2,60m, seção de 250x250cm) | E18: m² | F18: 1249.6 | G18: =#REF! -> #REF! | H18: =G18*F18 -> #REF!
A19: 3.2 | B19: DER-ES | C19: 020339 | D19: Locação de andaime metálico para trabalho em fachada de edifíco (aluguel de 1 m² por 1 mês) inclusive frete, montagem e desmontagem | E19: m² | F19: 1249.6 | G19: =12.61*(1+F2) -> 15.2581 | H19: =G19*F19 -> 19066.522
A20: 4 | D20: LIMPEZA GERAL DA OBRA | H20: =SUM(H21) -> #REF!
A21: 4.1 | B21: DER-ES | C21: 200402 | D21: Limpeza geral de obras (quadras, praças e jardins) | E21: m² | F21: =#REF! -> #REF! | G21: =0.98*(1+F2) -> 1.1858 | H21: =F21*G21 -> #REF!
A22: 5 | D22: ADMINISTRAÇÃO LOCAL | H22: =H23 -> #REF!
A23: 5.1 | B23: PMS | C23: C1482 | D23: =#REF! -> #REF! | E23: und | F23: =#REF! -> #REF! | G23: =#REF! -> #REF! | H23: =F23*G23 -> #REF! | I23: Recursos próprios + CEF
A24: TOTAL | H24: =H22+H20+H17+H12+H7 -> #REF! | I24: =H24+'PL ANALÍTICA REC. PRÓPRIO'!H19 -> #REF!
H31: =G23/H24 -> #REF!

Sheet Resumo da Proposta
A4: Vila Velha, 30 de março de 2022
A6: PREFEITURA MUNICIPAL DA SERRA
A7: SECRETARIA DE OBRAS - SEOB | D7: BDI = 31,96%
A8: COMISSÃO PERMANENTE DE LICITAÇÃO DE OBRAS E SERVIÇOS DE ENGENHARIA - CPL | D8: Data Base: Outubro 2021
A9: REFERÊNCIA: CONCORRÊNCIA PÚBLICA Nº 008/2022
A10: PROCESSO ADMINISTRATIVO: Nº 3412/2022
A11: OBJETO: EXECUÇÃO DE ÁREA ESPORTIVA NO BAIRRO VALPARAÍSO, NESTE MUNICÍPIO DE SERRA/ES.
A12: Local: SERRA - ES
A13: ITEM | B13: SERVIÇO | C13: TOTAL | D13: PESO
A15: 1 | B15: ='Medição 14 DP Cobilândia'!B19 -> SERVIÇOS PRELIMINARES | C15: ='Medição 14 DP Cobilândia'!#REF! -> #REF! | D15: =C15/$C$32 -> #REF!
A16: 2 | B16: ='Medição 14 DP Cobilândia'!B34 -> Sub total 01 | C16: ='Medição 14 DP Cobilândia'!F39 -> 6001.6 | D16: =C16/$C$32 -> #REF!
A17: 3 | B17: ='Medição 14 DP Cobilândia'!B40 -> Aluguel mensal container para refeitorio, incl. porta, 2 janelas, abert p/ ar cond., 2 pt iluminação, 2 tomadas elét. e 1 tomada telef. Isolamento térmico (paredes e teto), piso em comp. Naval pintado, cert. NR18, incl. laudo des | C17: ='Medição 14 DP Cobilândia'!#REF! -> #REF! | D17: =C17/$C$32 -> #REF!
A18: 4 | B18: ='Medição 14 DP Cobilândia'!#REF! -> #REF! | C18: ='Medição 14 DP Cobilândia'!F49 -> 339.95 | D18: =C18/$C$32 -> #REF!
A19: 5 | B19: ='Medição 14 DP Cobilândia'!B50 -> Sub total 03 | C19: ='Medição 14 DP Cobilândia'!#REF! -> #REF! | D19: =C19/$C$32 -> #REF!
A20: 6 | B20: ='Medição 14 DP Cobilândia'!#REF! -> #REF! | C20: ='Medição 14 DP Cobilândia'!F59 -> 0.05 | D20: =C20/$C$32 -> #REF!
A21: 7 | B21: ='Medição 14 DP Cobilândia'!B60 -> Aplicação de Sika Top 108 Armatec ou equivalente, nas ferragens a serem recuperadas | C21: ='Medição 14 DP Cobilândia'!#REF! -> #REF! | D21: =C21/$C$32 -> #REF!
A22: 8 | B22: ='Medição 14 DP Cobilândia'!#REF! -> #REF! | C22: ='Medição 14 DP Cobilândia'!#REF! -> #REF! | D22: =C22/$C$32 -> #REF!
A23: 9 | B23: ='Medição 14 DP Cobilândia'!B72 -> Sub total 05 | C23: ='Medição 14 DP Cobilândia'!F75 -> 478.23 | D23: =C23/$C$32 -> #REF!
A24: 10 | B24: ='Medição 14 DP Cobilândia'!B76 -> Marco de madeira de lei de 1ª (Peroba, Ipê, Angelim Pedra ou equivalente) com 15x3 cm de batente, nas dimensões de 0.60 x 2.10 m | C24: ='Medição 14 DP Cobilândia'!F82 -> 13042.95 | D24: =C24/$C$32 -> #REF!
A25: 11 | B25: ='Medição 14 DP Cobilândia'!#REF! -> #REF! | C25: ='Medição 14 DP Cobilândia'!F105 -> 17601.81 | D25: =C25/$C$32 -> #REF!
A26: 12 | B26: ='Medição 14 DP Cobilândia'!#REF! -> #REF! | C26: ='Medição 14 DP Cobilândia'!#REF! -> #REF! | D26: =C26/$C$32 -> #REF!
A27: 13 | B27: ='Medição 14 DP Cobilândia'!#REF! -> #REF! | C27: ='Medição 14 DP Cobilândia'!#REF! -> #REF! | D27: =C27/$C$32 -> #REF!
A28: 14 | B28: ='Medição 14 DP Cobilândia'!#REF! -> #REF! | C28: ='Medição 14 DP Cobilândia'!F120 -> 547.05 | D28: =C28/$C$32 -> #REF!
A29: 15 | B29: ='Medição 14 DP Cobilândia'!B121 -> Pastilha cerâmica branca 5 x 5 cm, assentada com argamassa de cimento colante e rejunte pré-fabricado, marcas de referência Atlas, Jatobá, NGK ou equivalentwe | C29: ='Medição 14 DP Cobilândia'!#REF! -> #REF! | D29: =C29/$C$32 -> #REF!
A30: 16 | B30: ='Medição 14 DP Cobilândia'!#REF! -> #REF! | C30: ='Medição 14 DP Cobilândia'!#REF! -> #REF! | D30: =C30/$C$32 -> #REF!
A32: TOTAL GLOBAL | C32: =SUM(C15:C30) -> #REF! | D32: =SUM(D15:D30) -> #REF!

Sheet Planilha com Valor
A2: Vila Velha, 27 de janeiro de 2022
A3: Governo do Estado do Espírito Santo
A4: Secretaria Estadual de Educação - SEDU
A5: Comissão Permanente de Licitação de Obras e Serviços de Engenharia 1 - CPLOSE 1
A6: Concorrência Pública Nº 022/2022
A7: Objeto: REFORMA NA EEEFM ADOLFINA ZAMPROGNO, LOCALIZADA NO MUNICÍPIO DE VILA VELHA/ES
E9: Data Base: julho/2022
A10: PLANILHA ORÇAMENTÁRIA
A11: Item | B11: Descrição dos serviços | C11: Unid. | D11: Quant. | E11: Valor Unit | F11: Valor Total
B13: PLANILHA 01 - CANTEIRO DE OBRAS
A14: 01 | B14: INSTALAÇÃO DO CANTEIRO DE OBRAS
A15: 0101 | B15: TAPUMES, BARRACÕES E COBERTURAS
A16: 010101 | B16: Placa de obra nas dimensões de 2.0 x 4.0 m, padrão SEDU | C16: m2 | D16: 8 | E16: 305.91 | F16: 2447.28
A17: 010102 | B17: Tapume Telha Metálica Ondulada em aço galvalume 0.50mm Branca H=2.20m, incl. montagem estrutura de madeira 8"x8", inclusive faixas pintura esmalte sintético cores azul c/ h=30cm e rosa c/ h=10cm (Reaproveitamento 2x) | C17: m | D17: 42.8 | E17: 218.03 | F17: 9331.68
A18: 010103 | B18: Portão em telha metálica ondulada 0.50mm branca, montagem estrut. de mad. 8"x8", incl. faixas pint. esmalte sintético azul h=30cm e rosa h=10cm, dobrad. de ferro, fecho de aço p/ portão e cadeado em latão 40mm (2 utilizações) | C18: m2 | D18: 17.6 | E18: 135.56 | F18: 2385.86
A19: 010104 | B19: Tapume de chapa de compensado resinado esp. 6 mm, 2.20 x 1.10 m dispondo de abertura e portão, com 2.20 m de altura , inclusive pintura | C19: m | D19: 12.5 | E19: 290.62 | F19: 3632.75
A20: 010105 | B20: Andaime metálico para trabalho em fachada de edifício, inclusive frete, montagem, desmontagem, fornecimento e instalação de proteção para andaime fachadeiro considerando plataforma, rodapé e guarda-corpo em madeira | C20: m2 | D20: 2147.28 | E20: 13.6 | F20: 29203.01
A21: 010106 | B21: Locação de andaime tipo torre para trabalhos nos ambientes internos (serviço medido após entrega dos ambientes concluídos e limpos) | C21: und | D21: 1 | E21: 3050.14 | F21: 3050.14
A22: 010107 | B22: Placa para inauguração de obra em alumínio polido e=4mm, dimensões 40 x 50 cm, gravação em baixo relevo, inclusive pintura e fixação | C22: und | D22: 1 | E22: 946.77 | F22: 946.77
A23: 0102 | B23: INSTALAÇÃO DO CANTEIRO DE OBRAS (UTILIZAÇÃO 1 VEZ), PROJETO PADRÃO LABOR - NR.18 (OBRAS COM PRAZO DE EXECUÇÃO SUPERIOR A 12 MESES)
A24: 010201 | B24: Barracão para escritório com sanitário área de 14.50 m2, de chapa de compens. 12mm e pontalete 8x8cm, piso cimentado e cobertura de telha de fibroc. 6mm, incl. ponto de luz e cx. de inspeção, conf. projeto (1 utilização) | C24: m2 | D24: 14.5 | E24: 995.74 | F24: 14438.23
A25: 010202 | B25: Barracão para almoxarifado área de 10.90m2, de chapa de compensado de 12mm e pontalete 8x8cm, piso cimentado e cobertura de telhas de fibrocimento de 6mm, incl. ponto de luz, conf. projeto (1 utilização) | C25: m2 | D25: 10.9 | E25: 748.71 | F25: 8160.94
A26: 010203 | B26: Barracão para depósito de cimento área de 10.90m2, de chapa de compensado 12mm e pontaletes 8x8cm, piso cimentado e cobertura de telhas de fibrocimento de 6mm, inclusive ponto de luz, conf. projeto (1 utilização) | C26: m2 | D26: 10.9 | E26: 656.38 | F26: 7154.54
A27: 010204 | B27: Refeitório com paredes de chapa de compens. 12mm e pontaletes 8x8cm, piso ciment. e cob. de telhas fibroc. 6mm, incl. ponto de luz e cx. de inspeção (cons. 1.21 m2/func./turno), conf. projeto (1 utilização) | C27: m2 | D27: 24.2 | E27: 574.16 | F27: 13894.67
A28: 010205 | B28: Unidade de sanitário e vestiário de 20 a 40 func. área 25.40m2, paredes de chapa compens. 12mm e pontalete 8x8cm, piso cimentado, cobert. telha fibroc. 6mm, incl. inst. de luz e cx. de inspeção, conf. projeto (1 utilização) | C28: und | D28: 1 | E28: 28704.08 | F28: 28704.08
A29: 010206 | B29: Galpão para serraria e carpintaria área 12.00m2, em peça de madeira 8x8cm e contraventamento de 5x7cm, cobertura de telha de fibroc. de 6mm, inclusive ponto e cabo de alimentação da máquina, conf. projeto (1 utilização) | C29: m2 | D29: 12 | E29: 272.42 | F29: 3269.04
A30: 010207 | B30: Galpão para corte e armação com área de 6.00m2, em peças de madeira 8x8cm e contraventamento de 5x7cm, cobertura de telhas de fibroc. de 6mm, inclusive ponto e cabo de alimentação da máquina, conf. projeto (1 utilização) | C30: m2 | D30: 6 | E30: 357.08 | F30: 2142.48
A31: 010208 | B31: Reservatório de poliestileno de 1000 L, incl. suporte em madeira de 7x12cm e 8x7cm, elevado de 4m, conf. projeto (1 utilização) | C31: und | D31: 1 | E31: 2844.18 | F31: 2844.18
A32: 010209 | B32: Rede de água com padrão de entrada d'água diâm. 3/4", conf. espec. CESAN, incl. tubos e conexões para alimentação, distribuição, extravasor e limpeza, cons. o padrão a 25m, conf. projeto (1 utilização) | C32: m | D32: 25 | E32: 57.14 | F32: 1428.5
A33: 010210 | B33: Rede de luz incluindo cabo PP 4x10 mm2, de ligação até o quadro de distribuição dos barracões, disjuntores, quadro de distrib. e disj. geral bipolar 40A, considerando dist. alimentação do cabo a aprox. 50m (1 utilização) | C33: m | D33: 50 | E33: 33.55 | F33: 1677.5
A34: 010211 | B34: Tubo PVC rígido para esgoto no diâmetro de 150mm incluindo escavação e aterro com areia | C34: m | D34: 50 | E34: 118.41 | F34: 5920.5
B35: Sub total 01 | F35: =SUM(F15:F34) -> 140632.15
B36: Total Planilha 01 | F36: =SUM(F35) -> 140632.15
B37: PLANILHA 02 - BANHEIROS
A38: 01 | B38: SERVIÇOS PRELIMINARES
A39: 0101 | B39: DEMOLIÇÕES E RETIRADAS
A40: 010101 | B40: Demolição de piso revestido com cerâmica inclusive lastro de concreto | C40: m2 | D40: 5.76 | E40: 27.94 | F40: 160.93
A41: 010102 | B41: Demolição de revestimento com azulejos | C41: m2 | D41: 40.8 | E41: 49.88 | F41: 2035.1
A42: 010103 | B42: Retirada de revestimento antigo em reboco | C42: m2 | D42: 40.8 | E42: 9.97 | F42: 406.78
A43: 010104 | B43: Demolição de alvenaria | C43: m3 | D43: 0.42 | E43: 59.86 | F43: 25.14
A44: 010105 | B44: Retirada de esquadrias metálicas | C44: m2 | D44: 5.76 | E44: 9.97 | F44: 57.43
A45: 010106 | B45: Retirada de aparelhos sanitários | C45: und | D45: 4 | E45: 20.64 | F45: 82.56
A46: 010107 | B46: Retirada de pintura antiga a base de PVA | C46: m2 | D46: 42.98 | E46: 6.41 | F46: 275.5
A47: 010108 | B47: Remoção de forro de gesso | C47: m2 | D47: 5.76 | E47: 1.74 | F47: 10.02
A48: 010109 | B48: Retirada de torneiras e registros | C48: und | D48: 16 | E48: 10.92 | F48: 174.72
A49: 010110 | B49: Retirada de portas e janelas de madeira, inclusive batentes | C49: m2 | D49: 13.86 | E49: 15.97 | F49: 221.34
A50: 010111 | B50: Retirada de sifões e engates flexíveis | C50: und | D50: 14 | E50: 9.48 | F50: 132.72
A51: 010112 | B51: Retirada de caixa de descarga de sobrepor | C51: und | D51: 6 | E51: 18.01 | F51: 108.06
... A54: 010115 | B54: Apicoamento de superfície com revestimento em argamassa | C54: m2 | D54: 40.8 | E54: 9.97 | F54: 406.78
A55: 0102 | B55: COMPLEMENTAÇÃO/AS BUILT DE PROJETO
A56: 010201 | B56: Complementação / as built de projeto arquitetônico de Edifícios Educacionais | C56: m2 | D56: 74.18 | E56: 5.32 | F56: 394.64 | H56: =F56 -> 394.64
A57: 010202 | B57: Complementação/As Built de projeto de instalações hidrossanitárias de Edifícios Educacionais | C57: m2 | D57: 74.18 | E57: 2.01 | F57: 149.1 | H57: =F57 -> 149.1
A58: 010203 | B58: Complementação / as built de projeto de redes elétricas de Edifícios Educacionais | C58: m2 | D58: 74.18 | E58: 2.47 | F58: 183.22 | H58: =F58 -> 183.22
A59: 010204 | B59: Complementação/as built de projeto de Cabeamento Estruturado de Edifícios Educacionais | C59: m2 | D59: 74.18 | E59: 1.23 | F59: 91.24 | H59: =F59 -> 91.24
B60: Sub total 01 | F60: =SUM(F39:F59) -> 5010.18
A61: 02 | B61: MOVIMENTO DE TERRA
A62: 0201 | B62: TRANSPORTES
A63: 020101 | B63: Índice de preço para remoção de entulho decorrente da execução de obras (Classe A CONAMA - NBR 10.004 - Classe II-B), incluindo aluguel da caçamba, carga, transporte e descarga em área licenciada | C63: m3 | D63: 7.25 | E63: 81.33 | F63: 589.64
B64: Sub total 02 | F64: =SUM(F63) -> 589.64
A65: 03 | B65: PAREDES E PAINÉIS
A66: 0301 | B66: VERGAS/CONTRAVERGA
A67: 030101 | B67: Verga/contraverga reta de concreto armado 10 x 5 cm, Fck = 15 MPa, inclusive forma, armação e desforma | C67: m | D67: 10.4 | E67: 11.15 | F67: 115.96
B68: Sub total 03 | F68: =SUM(F67) -> 115.96
A69: 04 | B69: ESQUADRIAS DE MADEIRA
A70: 0401 | B70: MARCOS E ALIZARES
A71: 040101 | B71: Marco de madeira de lei de 1ª (Peroba, Ipê, Angelim Pedra ou equivalente) com 15x3 cm de batente, nas dimensões de 0.60 x 2.10 m | C71: und | D71: 3 | E71: 427.72 | F71: 1283.16
A72: 040102 | B72: Marco de madeira de lei de 1ª (Peroba, Ipê, Angelim Pedra ou equivalente) com 15x3 cm de batente, nas dimensões de 0.80 x 2.10 m | C72: und | D72: 4 | E72: 427.72 | F72: 1710.88 | G72: =E72 -> 427.72 | H72: 2 | I72: =G72*H72 -> 855.44
A73: 040103 | B73: Marco de madeira de lei de 1ª (Peroba, Ipê, Angelim Pedra ou equivalente) com 15 x 3 cm de batente, nas dimensões de 0.90 x 2.10 m | C73: und | D73: 2 | E73: 427.72 | F73: 855.44 | G73: =E73 -> 427.72 | H73: 1 | I73: =G73*H73 -> 427.72
A74: 0402 | B74: PORTAS SEM VISOR
A75: 040201 | B75: Porta em madeira de lei tipo angelim pedra/equiv., esp. 35mm maciça c/ friso p/ verniz, padrão SEDU, s/ visor, incl. alizares, fech. inox Premium ext. ref. 2600/71 máq.40 Aliança/equiv., dim. 0.60x2.10 m | C75: und | D75: 3 | E75: 1273.48 | F75: 3820.44
A76: 040202 | B76: Porta em madeira de lei tipo angelim pedra/equiv., esp. 35mm maciça c/ friso p/ verniz, padrão SEDU, s/ visor, incl. alizares, fech. inox Premium ext. ref. 2600/71 máq.40 Aliança/equiv., dim. 0.80x2.10 m | C76: und | D76: 4 | E76: 1387.4 | F76: 5549.6 | G76: =E76 -> 1387.4 | H76: 2 | I76: =G76*H76 -> 2774.8
A77: 0403 | B77: PORTAS PNE | D77: 0 | E77: 0 | F77: 0
A78: 040301 | B78: Porta em madeira de lei tipo Angelim Pedra ou equiv, maciça c/friso p/verniz padrão SEDU, incl. alizares, dobradiças, fech. inox Premium ext. ref. 2600/71 máq.40 Aliança/equiv, dim. 0.90x2.10m, c/ barra de apoio em aço inox C=40cm | C78: und | D78: 2 | E78: 2048.3 | F78: 4096.6 | G78: =E78 -> 2048.3 | H78: 1 | I78: =G78*H78 -> 2048.3
B79: Sub total 04 | F79: =SUM(F70:F78) -> 17316.12
A80: 05 | B80: ESQUADRIAS METÁLICAS
A81: 0501 | B81: PORTA DE ABRIR EM VENEZIANA
A82: 050101 | B82: Porta de abrir tipo veneziana para ventilação, em alumínio anodiz. linha 25, fix. em div. de granito, incl. fech. "livre-ocupado", batente e dobradiça de ferro cromado p/ porta de divisória de granito, dim.: 0.60x1.60 m | C82: und | D82: 6 | E82: 1198.36 | F82: 7190.16
B83: Sub total 05 | F83: =SUM(F81:F82) -> 7190.16
A84: 06 | B84: VIDROS E ESPELHOS
A85: 0601 | B85: ESPELHOS
A86: 060101 | B86: Espelho prata para banheiros espessura 4 mm, inclinado, dim. 0.80x0.60 m, incluindo caixa em chapa compensada resinada 6 mm, revestida com fórmica branca, fixado com parafusos cromados | C86: und | D86: 2 | E86: 381.16 | F86: 762.32
B87: Sub total 06 | F87: =SUM(F86) -> 762.32
A88: 07 | B88: IMPERMEABILIZAÇÃO
A89: 0701 | B89: IMPERMEABILIZAÇÃO CALHAS, LAJES DESCOBERTAS, BALDRAMES, PAREDES E JARDINEIRAS | D89: 0 | E89: 0 | F89: 0
A90: 070101 | B90: Pintura impermeabilizante com igolflex ou equivalente a 3 demãos | C90: m2 | D90: 8.48 | E90: 49.78 | F90: 422.13
B91: Sub total 07 | F91: =SUM(F89:F90) -> 422.13
A92: 08 | B92: TETOS E FORROS
A93: 0801 | B93: REBAIXAMENTOS
A94: 080101 | B94: Forro de gesso acabamento tipo liso | C94: m2 | D94: 5.76 | E94: 45.53 | F94: 262.25
B95: Sub total 08 | F95: =SUM(F94) -> 262.25
A96: 09 | B96: REVESTIMENTO DE PAREDES
A97: 0901 | B97: REVESTIMENTO COM ARGAMASSA
A98: 090101 | B98: Chapisco de argamassa de cimento e areia média ou grossa lavada, no traço 1:3, espessura 5 mm | C98: m2 | D98: 64.52 | E98: 7.46 | F98: 481.32
A99: 0902 | B99: ACABAMENTOS
A100: 090201 | B100: Azulejo branco 15 x 15 cm, juntas a prumo, assentado com argamassa de cimento colante, inclusive rejuntamento com cimento branco, marcas de referência Eliane, Cecrisa ou Portobello | C100: m2 | D100: 13.4 | E100: 116.34 | F100: 1558.96
A101: 090202 | B101: Cerâmica 10 x 10 cm, marcas de referência Eliane, Cecrisa ou Portobello, nas cores branco ou areia, com rejunte esp. 0.5 cm, empregando argamassa colante | C101: m2 | D101: 5.04 | E101: 119.67 | F101: 603.14
A102: 090203 | B102: Cerâmica retificada, acabamento brilhante, dim. 33x61cm, ref. de cor OVIEDO PURO BRANCO Biancogres/equiv. assentado com argamassa de cimento colante, inclusive rejuntamento com argamassapre-fabricada para rejunte | C102: m2 | D102: 40.8 | E102: 85.55 | F102: 3490.44
A103: 0903 | B103: REVESTIMENTO EMPREGANDO ARGAMASSA DE CIMENTO, CAL E AREIA
A104: 090301 | B104: Emboço de argamassa de cimento, cal hidratada CH1 e areia média ou grossa lavada no traço 1:0.5:6, espessura 20 mm | C104: m2 | D104: 59.24 | E104: 35.5 | F104: 2103.02
A105: 090302 | B105: Reboco tipo paulista de argamassa de cimento, cal hidratada CH1 e areia média ou grossa lavada no traço 1:0.5:6, espessura 25 mm | C105: m2 | D105: 5.28 | E105: 60.31 | F105: 318.44
...

Sheet MPL 005 - Cobertura e Quadra
A2: Vila Velha, 15 de março de 2024
A3: Governo do Estado do Espírito Santo
A4: Secretaria Estadual de Educação - SEDU
A5: Comissão Permanente de Licitação de Obras e Serviços de Engenharia 1 - CPLOSE 1
A6: Concorrência Pública Nº 022/2022
A7: Objeto: REFORMA NA EEEFM ADOLFINA ZAMPROGNO, LOCALIZADA NO MUNICÍPIO DE VILA VELHA/ES
A10: PLANILHA 05 - COBERTURA E QUADRA DE ESPORTES MEMÓRIA DE CÁLCULO CIVIL
A12: 1 | B12: SERVIÇOS PRELIMINARES
A13: 101 | B13: DEMOLIÇÕES E RETIRADAS
A14: 10101 | B14: Retirada de revestimento antigo em reboco
A15: Local | C15: C (m) | D15: L (m) | E15: Desc.(m2) | I15: Total (m2)
A16: Muro aos fundos da Quadra (parte superior ao muro de pedra ) | C16: 12.6 | D16: 4.07 | E16: 27.25 | I16: =C16*D16-E16 -> 24.032
A17: Parede lateral da quadra de esportes (Local abaixo das esquadrias) | C17: 15.63 | D17: 1.45 | I17: =C17*D17-E17 -> 22.6635
A19: Total = | I19: =SUM(I16:I17) -> 46.6955
A21: 10102 | B21: Demolição de alvenaria
A22: Local | C22: C (m) | D22: L (m) | E22: H (m) | F22: Qtd. | I22: Total (m3)
A23: Paredes sobre a cobertura das salas de aula 10 a 16, onde serão montadas as novas tesouras estruturais | C23: 0.4 | D23: 0.2 | E23: 1 | F23: 13 | I23: =C23*D23*E23*F23 -> 1.04 | J23: 26.23 | K23: 0.3 | L23: =J23*K23 -> 7.869
A24: Abertura para escoamento de águas pluviais sobre lona nas extremidades da cobertura sobre as salas de aula 10 a 16 | C24: 0.2 | D24: 0.2 | E24: 0.15 | F24: 27 | I24: =C24*D24*E24*F24 -> 0.162
A25: Abertura para escoamento de águas pluviais sobre lona nas extremidades da cobertura sobre as salas de aula 17 a 18 | C25: 0.2 | D25: 0.2 | E25: 0.15 | F25: 10 | I25: =C25*D25*E25*F25 -> 0.06
A26: Paredes sobre a cobertura dos banheiros, onde serão montadas as novas tesouras estruturais | C26: 0.4 | D26: 0.2 | E26: 1 | F26: 3 | I26: =C26*D26*E26*F26 -> 0.24
A27: Abertura para escoamento de águas pluviais sobre lona nas extremidades da cobertura sobre os banheiros | C27: 0.2 | D27: 0.2 | E27: 0.15 | F27: 6 | I27: =C27*D27*E27*F27 -> 0.036
A28: Paredes sobre a cobertura das salas de aula 01 à 05, onde serão montadas as novas tesouras estruturais | C28: 0.4 | D28: 0.2 | E28: 1 | F28: 14 | I28: =C28*D28*E28*F28 -> 1.12
A29: Abertura para escoamento de águas pluviais sobre lona nas extremidades da cobertura sobre as salas de aula 01 à 05 | C29: 0.2 | D29: 0.2 | E29: 0.15 | F29: 28 | I29: =C29*D29*E29*F29 -> 0.168
A30: Platibanda sobre a cobertura das salas de aula 01 à 05, onde serão montadas as novas tesouras estruturais (somente se necessário) | C30: 99.4 | D30: 0.2 | E30: 0.4 | F30: 1 | I30: =C30*D30*E30*F30 -> 7.952
A31: Paredes sobre a cobertura do depósito da biblioteca onde serão montadas as novas tesouras estruturais | C31: 25.6 | D31: 0.2 | E31: 1.5 | F31: 1 | I31: =C31*D31*E31*F31 -> 7.68
A32: Abertura para escoamento de águas pluviais sobre lona nas extremidades da cobertura sobre o depósito da biblioteca | C32: 0.2 | D32: 0.2 | E32: 0.15 | F32: 6 | I32: =C32*D32*E32*F32 -> 0.036
A33: Paredes sobre a cobertura dos depósitos - em frente à escada do 1º para 2º pavimento - bloco 01 (somente se necessário) | C33: 32.9 | D33: 0.2 | E33: 1.5 | F33: 1 | I33: =C33*D33*E33*F33 -> 9.87
A34: Abertura para escoamento de águas pluviais sobre lona nas extremidades da cobertura sobre os depósitos - em frente à escada do 1º para 2º pavimento - bloco 01 | C34: 0.2 | D34: 0.2 | E34: 0.15 | F34: 4 | I34: =C34*D34*E34*F34 -> 0.024
A35: Mureta na entrada da quadra poliesportiva | C35: 12.15 | D35: 0.15 | E35: 0.85 | F35: 1 | I35: =C35*D35*E35*F35 -> 1.549125
A37: Total = | I37: =SUM(I23:I35) -> 29.937125
A39: 10103 | B39: Lixamento de parede com pintura antiga PVA para recebimento de nova camada de tinta
A40: Local | C40: C (m) | D40: L (m) | E40: Desc.(m2) | I40: Total (m2)
A41: Muro aos fundos da quadra poliesportiva | C41: 12.6 | D41: 4.07 | I41: =C41*D41-E41 -> 51.282
A42: Muro lateral - bloco 02 (quadra poliesportiva) | C42: 29.25 | D42: 3.5 | I42: =C42*D42-E42 -> 102.375
A43: Mureta na entrada da quadra poliesportiva | C43: 7.3 | D43: 0.85 | I43: =C43*D43-E43 -> 6.205
A44: Parede Lateral - bloco 01 (quadra poliesportiva) | C44: 27.46 | D44: 4 | E44: 37.89 | I44: =C44*D44-E44 -> 71.95
A46: Total = | I46: =SUM(I41:I44) -> 231.812
A48: 10104 | B48: Remoção de telhas cerâmica, inclusive cumeeira
A49: Local | C49: C (m) | D49: L (m) | I49: Total (m2)
A50: Cobertura sobre as salas de aula 10 à 16 | C50: 58.83 | D50: 9.67 | I50: =C50*D50 -> 568.8861 | J50: 26.23 | K50: 9.67 | L50: =J50*K50 -> 253.6441
A51: Cobertura sobre banheiros - bloco 02 | C51: 8.55 | D51: 5.62 | I51: =C51*D51 -> 48.051
A52: Cobertura aos fundos das salas de aula 17 e 18 - Bloco 02 | C52: 14.76 | D52: 1.25 | I52: =C52*D52 -> 18.45
A53: Cobertura de divisa entre o bloco 01 e bloco 02 - 2º pavimento | C53: 2.6 | D53: 1.7 | I53: =C53*D53 -> 4.42
A54: Cobertura sobre depósitos - em frente à escada do 1º para 2º pavimento - bloco 01 | C54: 8.75 | D54: 6.9 | I54: =C54*D54 -> 60.375
A55: Cobertura sobre as salas de aula 01 a 05 - bloco 01 | C55: 40 | D55: 9.05 | I55: =C55*D55 -> 362
A57: Total = | I57: =SUM(I50:I55) -> 1062.1821
A59: 10105 | B59: Demolicao de calhas e rufos em chapas metalicas
A60: Local | C60: C (m) | I60: Total (m)
A61: Calha da cobertura dos banheiros | C61: 8.6 | I61: =C61 -> 8.6
A62: Rufo da cobertura de divisa entre o bloco 01 e bloco 02 - 2º pavimento | C62: 2.6 | I62: =C62 -> 2.6
A63: Rufo da cobertura sobre depósitos - em frente à escada do 1º para 2º pavimento - bloco 01 | C63: 9.9 | I63: =C63 -> 9.9
A65: Total = | I65: =SUM(I61:I63) -> 21.1
A67: 10106 | B67: Demolição de lajes de concreto armado, de forma mecanizada, com martelete ou rompedor pneumático, sem reaproveitamento, inclusive afastamento
A68: Local | C68: C (m) | D68: L (m) | E68: H (m) | I68: Total (m3)
A69: Quadra poliesportiva | C69: 13.98 | D69: 12.15 | E69: 0.2 | I69: =C69*D69*E69 -> 33.9714
A71: Total = | I71: =SUM(I69) -> 33.9714
A73: 10107 | B73: Retirada de estrutura em madeira do telhado
A74: Local | C74: C (m) | D74: L (m) | I74: Total (m2)
A75: Cobertura sobre as salas de aula 10 à 16 | C75: 58.83 | D75: 9.67 | I75: =C75*D75 -> 568.8861 | J75: 26.23 | K75: 9.67 | L75: =J75*K75 -> 253.6441
A76: Cobertura sobre banheiros - bloco 02 | C76: 8.55 | D76: 5.62 | I76: =C76*D76 -> 48.051
A77: Cobertura aos fundos das salas de aula 17 e 18 - Bloco 02 | C77: 14.76 | D77: 1.25 | I77: =C77*D77 -> 18.45
A78: Cobertura de divisa entre o bloco 01 e bloco 02 - 2º pavimento | C78: 2.6 | D78: 1.7 | I78: =C78*D78 -> 4.42
A79: Cobertura sobre depósitos - em frente à escada do 1º para 2º pavimento - bloco 01 | C79: 8.75 | D79: 6.9 | I79: =C79*D79 -> 60.375
A80: Cobertura sobre as salas de aula 01 a 05 - bloco 01 | C80: 40 | D80: 9.05 | I80: =C80*D80 -> 362
A82: Total = | I82: =SUM(I75:I80) -> 1062.1821
A84: 10108 | B84: Retirada de grades, gradis, alambrados, cercas e portões
A85: Local | C85: C(m) | D85: H(m) | I85: Total (m2)
A86: Alambrado na entrada da quadra | C86: 9.9 | D86: 3.7 | I86: =C86*D86 -> 36.63
A87: Alambrado aos fundos da quadra | C87: 11.95 | D87: 3 | I87: =C87*D87 -> 35.85
A88: Trecho danificado da circulação do 2º pavimento em fernte à sala 01 | C88: 1.7 | D88: 2 | I88: =C88*D88 -> 3.4
A90: Total = | I90: =SUM(I86:I88) -> 75.88
A92: 10109 | B92: Retirada de trave de futebol de salão
A93: Local | C93: Qtd | I93: Total (Und)
A94: Quadra poliesportiva | C94: 2 | I94: =C94 -> 2
A96: Total = | I96: =SUM(I94) -> 2
A98: 10110 | B98: Retirada de tela
A99: Local | C99: C (m) | D99: L (m) | I99: Total (m2)
A100: Alambrado sobre mureta do 1º pavimento | C100: 7.5 | D100: 2.4 | I100: 18
A101: Alambrado sobre mureta do 2º pavimento | C101: 27.8 | D101: 1.7 | I101: 47.26
A103: Total = | I103: =SUM(I100:I101) -> 65.26
A105: 10111 | B105: Demolição de impermeabilizações com multimembranas asfálticas-elemento sintético
A106: Local | C106: C (m) | D106: L (m) | I106: Total (m2)
A107: Laje descoberta circulação 2º pav. - Bloco 01 | C107: 13.75 | D107: 3.2 | I107: =C107*D107 -> 44
A109: Total = | I109: =SUM(I107) -> 44
A111: 10112 | B111: Demolição a ponteiro, de base suporte, contrapiso, camada regularizadora ou de assentamento de pisos
A112: Local | C112: C (m) | D112: L (m) | I112: Total (m2)
A113: Laje descoberta circulação 2º pav. - Bloco 01 | C113: 13.75 | D113: 3.2 | I113: =C113*D113 -> 44
A115: Total = | I115: =SUM(I113) -> 44
A117: 102 | B117: COMPLEMENTAÇÃO/AS BUILT DE PROJETO
A118: 10201 | B118: Complementação / as built de projeto arquitetônico de quadra esportiva
A119: Local | C119: C (m) | D119: L (m) | I119: Total (m2)
A120: Mini-quadra | C120: 13.2 | D120: 12.15 | I120: =C120*D120 -> 160.38
A122: Total = | I122: =SUM(I120) -> 160.38
A124: 10202 | B124: Complementação/as built de projeto de redes elétricas de quadra esportiva/pátios cobertos
A125: Local | C125: C (m) | D125: L (m) | I125: Total (m2)
A126: Mini-quadra | C126: 13.2 | D126: 12.15 | I126: =C126*D126 -> 160.38
A127: Pátio coberto | C127: 10 | D127: 5.35 | I127: =C127*D127 -> 53.5
A129: Total = | I129: =SUM(I126:I127) -> 213.88
A131: 10203 | B131: Complementação/As Built de projeto de estrutura de concreto, inclusive fundações de Edifícios Educacionais
A132: Local | C132: C (m) | D132: L (m) | I132: Total (m2)
...

Sheet Medição 14 DP Cobilândia
E1: POLÍCIA CIVIL DO ESTADO DO ESPÍRITO SANTO
E2: Superintendência de Apoio Logístico e Engenharia
E3: Divisão de Engenharia e Manutenção Predial
A7: PLANILHA DE MEDIÇÃO
A8: CLIENTE: POLÍCIA CIVIL DO ESTADO DO ESPIRITO SANTO | E8: TOMADA DE PREÇO: nº01/2023 | K8: ORDEM DE SERVIÇO: 09/08/2024
A9: OBRA: CONTRATAÇÃO DE EMPRESA PARA EXECUÇÃO DA OBRA DE SERVIÇOS DE REFORMA E ADEQUAÇÕES PREDIAIS DO 9º DISTRITO POLICIAL DE COBILÂNDIA - PCES | E9: CONTRATO: nº 2024.000046.45102.01 | K9: PRAZO: 14 meses
A10: CONTRATADA: DUAL ENGENHARIA | E10: E-DOCS 2022-N45T1 | K10: TÉRMINO PREVISTO: 10/10/2025
A17: ITEM | B17: DESCRIÇÃO DOS SERVIÇOS | C17: UND | D17: QUANT. | E17: VALOR UNITÁRIO | F17: TOTAL | G17: ADITIVO | I17: CONTRATO+ADITIVO | K17: ACUMULADO
G18: QTDE ADITIVO | H18: VL ADITIVO | I18: QTDE CT+AD | J18: VL CT+AD01 | K18: QTD. ACUM. | L18: VALOR
A19: 01 | B19: SERVIÇOS PRELIMINARES
A20: 102 | B20: DEMOLIÇÕES E RETIRADAS
A21: 10202 | B21: Demolição de piso revestido com cerâmica inclusive lastro de concreto | C21: m2 | D21: 20.6 | E21: 25.53 | F21: =ROUND(D21*E21,2) -> 525.92 | H21: 0 | I21: 20.6 | J21: 525.92 | K21: 20.6 | L21: 525.92
A22: 10203 | B22: Demolição de revestimento com azulejos | C22: m2 | D22: 30.87 | E22: 41.68 | F22: =ROUND(D22*E22,2) -> 1286.66 | G22: 17 | H22: 708.56 | I22: 47.87 | J22: 1995.22 | K22: 47.87 | L22: 1995.22
A23: 10204 | B23: Retirada de revestimento antigo em reboco | C23: m2 | D23: 318.31 | E23: 9.17 | F23: =ROUND(D23*E23,2) -> 2918.9 | G23: 438.99 | H23: 4025.54 | I23: 757.3 | J23: 6944.44 | K23: 757.3 | L23: 6944.44
A24: 10206 | B24: Demolição manual de concreto simples (EMOP 05.001.001) | C24: m3 | D24: 0.00798 | E24: 260.49 | F24: =D24*E24 -> 2.0787102 | G24: 1.3 | H24: 338.64 | I24: 1.30798 | J24: 340.72 | K24: 1.30798 | L24: 340.72
A25: 10207 | B25: Retirada manual de blocos pré-moldados de concreto (Blokret), inclusive empilhamento para reaproveitamento | C25: m2 | D25: 128.2 | E25: 12.5 | F25: =ROUND(D25*E25,2) -> 1602.5 | G25: 400.8 | H25: 5010 | I25: 529 | J25: 6612.5 | K25: 529 | L25: 6612.5
A26: 10208 | B26: Retirada de portas e janelas de madeira, inclusive batentes | C26: m2 | D26: 3.15 | E26: 14.59 | F26: =ROUND(D26*E26,2) -> 45.96 | H26: 0 | I26: 3.15 | J26: 45.96 | K26: 3.15 | L26: 45.96
A27: 10209 | B27: Retirada de esquadrias metálicas | C27: m2 | D27: 6 | E27: 9.38 | F27: =ROUND(D27*E27,2) -> 56.28 | H27: 0 | I27: 6 | J27: 56.28 | K27: 6 | L27: 56.28
A28: 10213 | B28: Retirada de aparelhos sanitários | C28: und | D28: 2 | E28: 18.75 | F28: =ROUND(D28*E28,2) -> 37.5 | H28: 0 | I28: 2 | J28: 37.5 | K28: 2 | L28: 37.5
A29: 10214 | B29: Retirada de grades, gradis, alambrados, cercas e portões | C29: m2 | D29: 32.85 | E29: 15.63 | F29: =ROUND(D29*E29,2) -> 513.45 | H29: 0 | I29: 32.85 | J29: 513.45 | K29: 32.85 | L29: 513.45
A30: 10219 | B30: Retirada de rodapé de madeira ou cerâmica | C30: m | D30: 13.38 | E30: 2.08 | F30: =ROUND(D30*E30,2) -> 27.83 | H30: 0 | I30: 13.38 | J30: 27.83 | K30: 13.38 | L30: 27.83
A31: 10222 | B31: Demolição de muro em alvenaria, inclusive estrutura em concreto armado (pilares cintas e vigas) | C31: m3 | D31: 10.62 | E31: 625.16 | F31: =ROUND(D31*E31,2) -> 6639.2 | H31: 0 | I31: 10.62 | J31: 6639.2 | K31: 0 | L31: 0
A32: 10224 | B32: Demolição de estrutura de madeira para telhado | C32: m2 | D32: 125 | E32: 26.05 | F32: =ROUND(D32*E32,2) -> 3256.25 | H32: 0 | I32: 125 | J32: 3256.25 | K32: 40 | L32: 1042
A33: 10225 | B33: Demolição de piso, soleira, peitoris e escadas em mármore ou granito, exclusive regularização | C33: m2 | D33: 0.75 | E33: 9.9 | F33: =ROUND(D33*E33,2) -> 7.43 | H33: 0 | I33: 0.75 | J33: 7.43 | K33: 0.75 | L33: 7.43
B34: Sub total 01 | F34: =SUM(F20:F33) -> 16919.959 | H34: 10082.74 | J34: 27002.7 | L34: 18149.25
A35: 2 | B35: INSTALAÇÃO DO CANTEIRO DE OBRAS
A36: 201 | B36: TAPUMES, BARRACÕES E COBERTURAS | I36: 0 | J36: 0
A37: 20103 | B37: Fechamento de andaime com tela de nylon | C37: m2 | D37: 150 | E37: 31.26 | F37: =ROUND(D37*E37,2) -> 4689 | H37: 0 | I37: 150 | J37: 4689 | K37: 150 | L37: 4689
A38: 20104 | B38: Mobilização e desmobilização de conteiner locado para barracão de obra | C38: und | D38: 4.5 | E38: 1562.91 | F38: =ROUND(D38*E38,2) -> 7033.1 | H38: 0 | I38: 4.5 | J38: 7033.1 | K38: 0 | L38: 0
A39: 20107 | B39: Aluguel mensal container para escritório, dim. 6.00x2.40m, c/ banheiro (vaso+lavat+chuveiro e básc), incl. porta, 2 janelas, abert p/ ar cond., 2 pt iluminação, 2 tom. elét. e 1 tom.telef. Isolam.térmico(teto e paredes), piso em | C39: ms | D39: 8 | E39: 750.2 | F39: =ROUND(D39*E39,2) -> 6001.6 | H39: 0 | I39: 8 | J39: 6001.6 | K39: 0 | L39: 0
A40: 20108 | B40: Aluguel mensal container para refeitorio, incl. porta, 2 janelas, abert p/ ar cond., 2 pt iluminação, 2 tomadas elét. e 1 tomada telef. Isolamento térmico (paredes e teto), piso em comp. Naval pintado, cert. NR18, incl. laudo des | C40: ms | D40: 12 | E40: 1017.66 | F40: =ROUND(D40*E40,2) -> 12211.92 | H40: 0 | I40: 12 | J40: 12211.92 | K40: 0 | L40: 0
A41: 20109 | B41: Aluguel mensal container para vestiário, incl. porta, venezianas de circulação, 1 pt iluminação, Isolamento térmico (teto), piso em comp. Naval pintado, cert. NR18, incl. laudo descontaminação. | C41: ms | D41: 12 | E41: 848.3 | F41: =ROUND(D41*E41,2) -> 10179.6 | H41: 0 | I41: 12 | J41: 10179.6 | K41: 0 | L41: 0
A42: 20110 | B42: Aluguel mensal container sanitário, incl porta, básc, 2 ptos luz, 1 pto aterram., 3vasos, 3lavatórios, calha mictório, 6 chuveiros (1 eletrico), torn.,registros, piso comp. Naval pintado, cert NR18 e laudo descontaminação | C42: ms | D42: 12 | E42: 1060.18 | F42: =ROUND(D42*E42,2) -> 12722.16 | H42: 0 | I42: 12 | J42: 12722.16 | K42: 0 | L42: 0
A43: 20111 | B43: Aluguel mensal container para almoxarifado, incl. porta, 2 janelas, 1 pt iluminação, Isolamento térmico (teto), piso em comp. Naval pintado, cert. NR18, incl. laudo descontaminação. | C43: ms | D43: 12 | E43: 758.04 | F43: =ROUND(D43*E43,2) -> 9096.48 | H43: 0 | I43: 12 | J43: 9096.48 | K43: 0 | L43: 0
A44: 203 | B44: INSTALAÇÃO DO CANTEIRO DE OBRAS (UTILIZAÇÃO 2 VEZES), PROJETO PADRÃO LABOR - NR.18 (OBRAS COM PRAZO DE EXECUÇÃO DE 6 A 12 MESES) | H44: 0 | I44: 0 | J44: 0 | K44: 0 | L44: 0
A45: 20302 | B45: Rede de luz, incl. padrão entrada de energia trifás., cabo de ligação até barracões, quadro de distrib., disj. e chave de força (quando necessário), cons. 20m entre padrão e QDG, conf. projeto (2 utilizações) | C45: m | D45: 20 | E45: 283.04 | F45: =ROUND(D45*E45,2) -> 5660.8 | H45: 0 | I45: 20 | J45: 5660.8 | K45: 20 | L45: 5660.8
B46: Sub total 02 | F46: =SUM(F36:F45) -> 67594.66 | H46: 0 | J46: 67594.66 | L46: 10349.8
A47: 3 | B47: MOVIMENTO DE TERRA
A48: 303 | B48: TRANSPORTES
A49: 30301 | B49: Índice de preço para remoção de entulho decorrente da execução de obras (Classe A CONAMA - NBR 10.004 - Classe II-B), incluindo aluguel da caçamba, carga, transporte e descarga em área licenciada | C49: m3 | D49: 4.35 | E49: 78.15 | F49: =ROUND(D49*E49,2) -> 339.95 | G49: 207 | H49: 16177.05 | I49: 211.35 | J49: 16517 | K49: 211.35 | L49: 16517
B50: Sub total 03 | F50: =SUM(F48:F49) -> 339.95 | H50: 16177.05 | J50: 16517 | L50: 16517
A51: 4 | B51: ESTRUTURAS
A52: 402 | B52: SUPER-ESTRUTURA | I52: 0 | J52: 0
A53: 40202 | B53: Fornecimento, dobragem e colocação em fôrma, de armadura CA-50 A média, diâmetro de 6.3 a 10.0 mm | C53: kg | D53: 160.64 | E53: 15.52 | F53: =ROUND(D53*E53,2) -> 2493.13 | H53: 0 | I53: 160.64 | J53: 2493.13 | K53: 0 | L53: 0
A54: 40203 | B54: Fornecimento, dobragem e colocação em fôrma, de armadura CA-60 B fina, diâmetro de 4.0 a 7.0mm | C54: kg. | D54: 9.5 | E54: 15.63 | F54: =ROUND(D54*E54,2) -> 148.49 | G54: 65 | H54: 1015.95 | I54: 74.5 | J54: 1164.44 | K54: 74.5 | L54: 1164.44
A55: 40204 | B55: Fornecimento, dobragem e colocação em fôrma, de armadura CA-50 A grossa, diâmetro de 12.5 a 25.0mm | C55: kg. | D55: 127.4 | E55: 15.63 | F55: =ROUND(D55*E55,2) -> 1991.26 | H55: 0 | I55: 127.4 | J55: 1991.26 | K55: 0 | L55: 0
A56: 40205 | B56: Forma de chapas madeira compensada resinada, esp. 12mm, levando-se em conta a utilização 3 vezes, reforçadas com sarrafos de madeira de 2.5 x 10.0cm (incl material, corte, montagem, escoras em eucalipto e desforma) | C56: m2 | D56: 70.05 | E56: 135.45 | F56: =ROUND(D56*E56,2) -> 9488.27 | H56: 0 | I56: 70.05 | J56: 9488.27 | K56: 30 | L56: 4063.5
A57: 040207 | B57: Furo em concreto com broca de vídea, utilizando martelete elétrico, diâmetro de 6,3 a 12,5mm, profundidade até 15 cm. | C57: und | D57: 188 | E57: 22.5 | F57: =ROUND(D57*E57,2) -> 4230 | H57: 0 | I57: 188 | J57: 4230 | K57: 188 | L57: 4230
A58: 403 | B58: RECUPERAÇÃO DE ESTRUTURAS | H58: 0 | I58: 0 | J58: 0 | K58: 0 | L58: 0
A59: 40302 | B59: Limpeza de aço com lixamento e escovamento com escova de aço, até a completa remoção de partículas soltas, materiais indesejáveis e corrosão | C59: m2 | D59: 0.002 | E59: 27.14 | F59: =ROUND(D59*E59,2) -> 0.05 | G59: 37.4 | H59: 1015.04 | I59: 37.402 | J59: 1015.09 | K59: 37.4 | L59: 1015.04
A60: 40303 | B60: Aplicação de Sika Top 108 Armatec ou equivalente, nas ferragens a serem recuperadas | C60: m2 | D60: 0.002 | E60: 90.01 | F60: =ROUND(D60*E60,2) -> 0.18 | G60: 37.4 | H60: 3366.37 | I60: 37.402 | J60: 3366.55 | K60: 37.4 | L60: 3366.37
A61: 40304 | B61: Retirada de ferragem corroída | C61: kg | D61: 0.002 | E61: 5.39 | F61: =ROUND(D61*E61,2) -> 0.01 | H61: 0 | I61: 0.002 | J61: 0.01 | K61: 0 | L61: 0
A62: 40305 | B62: Recomposição de concreto danificado, com utilização de argamassa Sika Grout ou equivalente | C62: m3 | D62: 0.49 | E62: 8731.64 | F62: =ROUND(D62*E62,2) -> 4278.5 | H62: 0 | I62: 0.49 | J62: 4278.5 | K62: 0.49 | L62: 4278.5
A63: 40306 | B63: Revestimento externo com argamassa corretiva tipo Sika Monotop 622 BR ou equivalente, esp. 5mm | C63: m2 | D63: 31.8 | E63: 93.45 | F63: =ROUND(D63*E63,2) -> 2971.71 | G63: 5.6 | H63: 523.32 | I63: 37.4 | J63: 3495.03 | K63: 37.4 | L63: 3495.03
B64: Sub total 04 | F64: =SUM(F52:F63) -> 25601.6 | H64: 5920.68 | J64: 31522.28 | L64: 21612.88
A65: 5 | B65: PAREDES E PAINÉIS
A66: 501 | B66: VERGAS/CONTRAVERGA | I66: 0 | J66: 0
A67: 50101 | B67: Verga/contraverga reta de concreto armado 10 x 5 cm, Fck = 15 MPa, inclusive forma, armação e desforma | C67: m | D67: 77.6 | E67: 11.17 | F67: =ROUND(D67*E67,2) -> 866.79 | H67: 0 | I67: 77.6 | J67: 866.79 | K67: 77.6 | L67: 866.79
A68: 502 | B68: ALVENARIA ESTRUTURAL | I68: 0 | J68: 0 | K68: 0 | L68: 0
A69: 50201 | B69: Alvenaria de blocos de concreto estrut. (14x19x39cm) cheios, c/ resist.mín. compr. 15MPa, assentados c/ arg. de cimento e areia no traço 1:4, esp. juntas 10mm e esp. da parede s/ revest. 14cm | C69: m2 | D69: -13.77 | E69: 145.28 | F69: =ROUND(D69*E69,2) -> -2000.51 | H69: 0 | I69: -13.77 | J69: -2000.51 | K69: 0 | L69: 0
A70: 101 | B70: SERVIÇOS AUXILIARES, ADMINISTRATIVOS E TÉCNICOS | I70: 0 | J70: 0 | K70: 0 | L70: 0
A71: 50401 | B71: Aplicação de tela tipo Belgo Revest ou equivalente, para armadura deargamassa, em encontros de alvenaria com vigas (horizontais) e alvenaria com pilares (verticais), com largura de 25cm e 50cm | C71: m2 | D71: 25.65 | E71: 50.45 | F71: =ROUND(D71*E71,2) -> 1294.04 | H71: 0 | I71: 25.65 | J71: 1294.04 | K71: 25.65 | L71: 1294.04
B72: Sub total 05 | F72: =SUM(F66:F71) -> 160.32 | H72: 0 | J72: 160.32 | L72: 2160.83
A73: 6 | B73: ESQUADRIAS DE MADEIRA
A74: 601 | B74: MARCOS E ALIZARES
A75: 60101 | B75: Marco de madeira de lei de 1ª (Peroba, Ipê, Angelim Pedra ou equivalente) com 15x3 cm de batente, nas dimensões de 0.80 x 2.10 m | C75: und | D75: 1 | E75: 478.23 | F75: =ROUND(D75*E75,2) -> 478.23 | G75: 8 | H75: 3825.84 | I75: 9 | J75: 4304.07 | K75: 9 | L75: 4304.07
A76: 60102 | B76: Marco de madeira de lei de 1ª (Peroba, Ipê, Angelim Pedra ou equivalente) com 15x3 cm de batente, nas dimensões de 0.60 x 2.10 m | C76: und | D76: 1 | E76: 478.23 | F76: =ROUND(D76*E76,2) -> 478.23 | H76: 0 | I76: 1 | J76: 478.23 | K76: 1 | L76: 478.23
A77: 602 | B77: PORTA EM MADEIRA DE LEI TIPO ANGELIM PEDRA OU EQUIV.C/ENCHIMENTO EM MADEIRA 1A.QUALIDADE,ESP. 30 MM P/ PINTURA, INCLUSIVE ALIZARES, DOBRADIÇAS E FECHADURA INTERNA, EXCLUSIVE MARCO | H77: 0 | I77: 0 | J77: 0 | K77: 0 | L77: 0
A78: 60201 | B78: Porta em madeira de lei tipo angelim pedra ou equiv.c/enchimento em madeira 1a.qualidade,esp. 30 mm p/ pintura, inclusive alizares, dobradiças e fechadura int. em latão cromado LaFonte ou equiv., exclusive marco, nas dim.: 0.80 x | C78: und | D78: 7 | E78: 1354.52 | F78: =ROUND(D78*E78,2) -> 9481.64 | G78: 9 | H78: 12190.68 | I78: 16 | J78: 21672.32 | K78: 16 | L78: 21672.32
A79: 60202 | B79: Porta em madeira de lei tipo angelim pedra ou equiv.c/enchimento em madeira 1a.qualidade,esp. 30 mm p/ pintura, inclusive alizares, dobradiças e fechadura int. em latão cromado LaFonte ou equiv., exclusive marco, nas dim.: 0.60 x | C79: und | D79: 1 | E79: 1250.33 | F79: =ROUND(D79*E79,2) -> 1250.33 | H79: 0 | I79: 1 | J79: 1250.33 | K79: 1 | L79: 1250.33
A80: 603 | B80: PORTA EM MADEIRA DE LEI TIPO ANGELIM PEDRA OU EQUIV.C/ENCHIMENTO EM MADEIRA 1A.QUALIDADE ESP. 30MM P/ PINTURA, INCLUSIVE ALIZARES, DOBRADIÇAS E FECHADURA EXTERNA, EXCLUSIVE MARCO | H80: 0 | I80: 0 | J80: 0 | K80: 0 | L80: 0
A81: 60301 | B81: Porta em madeira de lei tipo angelim pedra ou equiv.c/enchimento em madeira 1a.qualidade esp. 30mm p/ pintura, inclusive alizares, dobradiças e fechadura externa em latão cromado LaFonte ou equiv., exclusive marco, nas dim.: 0.80 | C81: und | D81: 1 | E81: 1354.52 | F81: =ROUND(D81*E81,2) -> 1354.52 | H81: 0 | I81: 1 | J81: 1354.52 | K81: 1 | L81: 1354.52
B82: Sub total 06 | F82: =SUM(F74:F81) -> 13042.95 | H82: 16016.52 | J82: 29059.47 | L82: 29059.47
A83: 7 | B83: APARELHOS HIDROSSANITÁRIOS
A84: 701 | B84: PORTAS DE SEGURANÇA DE FERRO, EM TUBO DE FERRO GALVANIZADO 2" E BARRA CHATA DE FERRO GALVANIZADO 11/2"X1/4", COM CHUMBADORES E FECHADURA DE SEGURANÇA ALIANÇA OU EQUIVALENTE, CONFORME PROJETO | I84: 0 | J84: 0 | K84: 0 | L84: 0
A85: 70101 | B85: Portão de abrir, uma folha, requadro em tubo de aço galvanizado 2", com fechamento horizontal em barra chata 1.1/2x1/4", completo, conforme detalhe em projeto, exclusive pintura | C85: m2 | D85: 1.94 | E85: 1129.89 | F85: =ROUND(D85*E85,2) -> 2191.99 | H85: 0 | I85: 1.94 | J85: 2191.99 | K85: 1.94 | L85: 2191.99
A86: 702 | B86: GRADES E PORTÕES | I86: 0 | J86: 0 | K86: 0 | L86: 0
A87: 70201 | B87: Grade de proteção em barra chata de aço galvanizado 1.1/2x1/4", tipo sanduiche, com barras verticais em tubo de aço galvanizado dim. 1/2" espaçadas a cada 12cm, chumbados em alvenaria, na parte interna do vão, conf. projeto | C87: m2 | D87: 25.18 | E87: 552.23 | F87: =ROUND(D87*E87,2) -> 13905.15 | G87: 15.939 | H87: 8802.55 | I87: 41.119 | J87: 22707.15 | K87: 41.12 | L87: 22707.7
A88: 70202 | B88: Grade com portão de abrir, uma folha, requadro em barra chata 1.3/4x5/16", com fechamento horizontal em vergalhão 1", completo, conforme detalhe em projeto, exclusive pintura | C88: m2 | D88: 8.7 | E88: 1427.46 | F88: =ROUND(D88*E88,2) -> 12418.9 | H88: 0 | I88: 8.7 | J88: 12418.9 | K88: 8.7 | L88: 12418.9
A89: 703 | B89: ESQUADRIAS METÁLICAS (M2) | H89: 0 | I89: 0 | J89: 0 | K89: 0 | L89: 0
A90: 70301 | B90: Báscula para vidro em alumínio anodizado cor natural, linha 25, | C90: m2 | D90: 3.76 | E90: 833.55 | F90: =ROUND(D90*E90,2) -> 3134.15 | H90: 0 | I90: 3.76 | J90: 3134.15 | K90: 3.76 | L90: 3134.15
A91: 70302 | B91: Janela tipo maxim-ar para vidro em alumínio anodizado natural, linha 25, completa, incl. puxador com tranca, caixilho, alizar e contramarco, exclusive vidro | C91: m2 | D91: 23.8 | E91: 625.16 | F91: =ROUND(D91*E91,2) -> 14878.81 | H91: 0 | I91: 23.8 | J91: 14878.81 | K91: 23.8 | L91: 14878.81
A92: 70303 | B92: Porta de abrir tipo veneziana em alumínio anodizado, linha 25, completa, incl. puxador com tranca, caixilho, alizar e contramarco | C92: m2 | D92: 2.16 | E92: 1250.33 | F92: =ROUND(D92*E92,2) -> 2700.71 | H92: 0 | I92: 2.16 | J92: 2700.71 | K92: 2.16 | L92: 2700.71
A93: 70304 | B93: Estrutura em caixilho de al. natural, perfil L 25, compl., dim. 115x225 cm p/ inst. de visor/proteção s/ balcão de atendimento p/ fechamento em policarb. compac. transp., esp 8mm, painel 100 x 375 cm, excl. o painel de policarbonato | C93: m2 | D93: 3.75 | E93: 583.49 | F93: =ROUND(D93*E93,2) -> 2188.09 | H93: 0 | I93: 3.75 | J93: 2188.09 | K93: 3.75 | L93: 2188.09
A94: 70305 | B94: Alçapão de visita ao barrilete de chapa de aço dobrada vincada nº 14, 0,80 x 0,80m, com requadro em cantoneira de ferro, inclusive porta cadeado e cadeado 40mm. | C94: und | D94: 1 | E94: 833.55 | F94: =ROUND(D94*E94,2) -> 833.55 | H94: 0 | I94: 1 | J94: 833.55 | K94: 1 | L94: 833.55
B95: Sub total 07 | F95: =SUM(F84:F94) -> 52251.35 | H95: 8802.55 | J95: 61053.35 | L95: 61053.9
A96: 8 | B96: VIDROS
A97: 801 | B97: VIDROS PARA ESQUADRIAS | I97: 0 | J97: 0
A98: 80101 | B98: Vidro plano transparente liso, com 4 mm de espessura | C98: m2 | D98: 23.8 | E98: 416.78 | F98: =ROUND(D98*E98,2) -> 9919.36 | H98: 0 | I98: 23.8 | J98: 9919.36 | K98: 23.8 | L98: 9919.36
A99: 80102 | B99: Vidro fantasia mini-boreal, com 4 mm de espessura | C99: m2 | D99: 3.76 | E99: 406.36 | F99: =ROUND(D99*E99,2) -> 1527.91 | H99: 0 | I99: 3.76 | J99: 1527.91 | K99: 3.76 | L99: 1527.91
A100: 80103 | B100: Porta de abrir com mola hidráulica, em vidro temperado, 90x220 cm, espessura 10 mm, inclusive acessórios. af_01/2021 | C100: un | D100: 1 | E100: 2500.66 | F100: =ROUND(D100*E100,2) -> 2500.66 | H100: 0 | I100: 1 | J100: 2500.66 | K100: 1 | L100: 2500.66
A101: 802 | B101: ESPELHOS | H101: 0 | I101: 0 | J101: 0 | K101: 0 | L101: 0
A102: 80201 | B102: Espelho para banheiros espessura 4 mm, incluindo chapa compensada 10 mm, moldura de alumínio em perfil L 3/4", fixado com parafusos cromados | C102: m2 | D102: 3 | E102: 753.6 | F102: =ROUND(D102*E102,2) -> 2260.8 | H102: 0 | I102: 3 | J102: 2260.8 | K102: 3 | L102: 2260.8
A103: 803 | B103: POLICARBONATO | I103: 0 | J103: 0 | K103: 0 | L103: 0
A104: 80301 | B104: Placa de policarbonato em cristal compacto, com espessura de 8mm. Fornecimento e colocação. | C104: m2 | D104: 2.6 | E104: 535.8 | F104: =ROUND(D104*E104,2) -> 1393.08 | H104: 0 | I104: 2.6 | J104: 1393.08 | K104: 2.6 | L104: 1393.08
B105: Sub total 08 | F105: =SUM(F97:F104) -> 17601.81 | H105: 0 | I105: 0 | J105: 17601.81 | L105: 17601.81
A106: 9 | B106: COBERTURA
A107: 901 | B107: ESTRUTURA
A108: 90101 | B108: Estrutura de madeira de lei tipo Paraju, peroba mica, angelim pedra ou equivalente para telhado de telha ondulada de fibrocimento esp. 6mm, com pontaletes e caibros, inclusive tratamento com cupinicida, exclusive telhas | C108: m2 | D108: 105 | E108: 120.87 | F108: =ROUND(D108*E108,2) -> 12691.35 | H108: 0 | I108: 105 | J108: 12691.35 | K108: 40 | L108: 4834.8
B109: Sub total 09 | F109: =SUM(F107:F108) -> 12691.35 | H109: 0 | J109: 12691.35 | L109: 4834.8
...

Sheet Cronograma Físico Financeiro
A6: Vila Velha, 30 de março de 2022
A7: PREFEITURA MUNICIPAL DA SERRA
A8: SECRETARIA DE OBRAS - SEOB
A9: COMISSÃO PERMANENTE DE LICITAÇÃO DE OBRAS E SERVIÇOS DE ENGENHARIA - CPL
A10: REFERÊNCIA: CONCORRÊNCIA PÚBLICA Nº 008/2022
A11: PROCESSO ADMINISTRATIVO: Nº 3412/2022
A12: OBJETO: EXECUÇÃO DE ÁREA ESPORTIVA NO BAIRRO VALPARAÍSO, NESTE MUNICÍPIO DE SERRA/ES.
A13: Local: SERRA - ES
A14: CRONOGRAMA FÍSICO-FINANCEIRO
A15: ITEM | B15: DESCRIÇÃO | C15: Valores do Item | D15: PERÍODO (MESES)
C16: R$ - % | D16: 1 | E16: =D16+1 -> 2 | F16: =E16+1 -> 3
A18: 1 | B18: ='Resumo da Proposta'!B15 -> SERVIÇOS PRELIMINARES | C18: =C19/$C$50 -> #REF! | D18: 1
C19: ='Medição 14 DP Cobilândia'!#REF! -> #REF! | D19: =D18*$C19 -> #REF! | E19: =E18*$C19 -> #REF! | F19: =F18*$C19 -> #REF!
A20: 2 | B20: ='Resumo da Proposta'!B16 -> Sub total 01 | C20: =C21/$C$50 -> #REF! | D20: 0.8 | E20: 0.2
C21: ='Medição 14 DP Cobilândia'!F39 -> 6001.6 | D21: =D20*$C21 -> 4801.28 | E21: =E20*$C21 -> 1200.32 | F21: =F20*$C21 -> 0
A22: 3 | B22: ='Resumo da Proposta'!B17 -> Aluguel mensal container para refeitorio, incl. porta, 2 janelas, abert p/ ar cond., 2 pt iluminação, 2 tomadas elét. e 1 tomada telef. Isolamento térmico (paredes e teto), piso em comp. Naval pintado, cert. NR18, incl. laudo des | C22: =C23/$C$50 -> #REF! | D22: 0.5 | E22: 0.25 | F22: 0.25
C23: ='Medição 14 DP Cobilândia'!#REF! -> #REF! | D23: =D22*$C23 -> #REF! | E23: =E22*$C23 -> #REF! | F23: =F22*$C23 -> #REF!
A24: 4 | B24: SUPERESTRUTURA | C24: =C25/$C$50 -> #REF! | E24: 0.25 | F24: 0.75
C25: ='Medição 14 DP Cobilândia'!F49 -> 339.95 | D25: =D24*$C25 -> 0 | E25: =E24*$C25 -> 84.9875 | F25: =F24*$C25 -> 254.9625
A26: 5 | B26: ALVENARIA | C26: =C27/$C$50 -> #REF! | E26: 0.5 | F26: 0.5
C27: ='Medição 14 DP Cobilândia'!#REF! -> #REF! | D27: =D26*$C27 -> #REF! | E27: =E26*$C27 -> #REF! | F27: =F26*$C27 -> #REF!
A28: 6 | B28: COBERTURA | C28: =C29/$C$50 -> #REF! | E28: 0.5 | F28: 0.5
C29: ='Medição 14 DP Cobilândia'!F59 -> 0.05 | D29: =D28*$C29 -> 0 | E29: =E28*$C29 -> 0.025 | F29: =F28*$C29 -> 0.025
A30: 7 | B30: REVESTIMENTO DE PISOS | C30: =C31/$C$50 -> #REF! | E30: 0.25 | F30: 0.75
C31: ='Medição 14 DP Cobilândia'!#REF! -> #REF! | D31: =D30*$C31 -> #REF! | E31: =E30*$C31 -> #REF! | F31: =F30*$C31 -> #REF!
A32: 8 | B32: REVESTIMENTO DE PAREDES E TETOS | C32: =C33/$C$50 -> #REF! | E32: 0.5 | F32: 0.5
C33: ='Medição 14 DP Cobilândia'!#REF! -> #REF! | D33: =D32*$C33 -> #REF! | E33: =E32*$C33 -> #REF! | F33: =F32*$C33 -> #REF!
A34: 9 | B34: ESQUADRIAS | C34: =C35/$C$50 -> #REF! | D34: 0.1 | E34: 0.4 | F34: 0.5
C35: ='Medição 14 DP Cobilândia'!F75 -> 478.23 | D35: =D34*$C35 -> 47.823 | E35: =E34*$C35 -> 191.292 | F35: =F34*$C35 -> 239.115
A36: 10 | B36: PINTURA | C36: =C37/$C$50 -> #REF! | D36: 0.3 | E36: 0.4 | F36: 0.3
C37: ='Medição 14 DP Cobilândia'!F82 -> 13042.95 | D37: =D36*$C$37 -> 3912.885 | E37: =E36*$C$37 -> 5217.18 | F37: =F36*$C$37 -> 3912.885
A38: 11 | B38: INSTALAÇÕES HIDROSANITÁRIAS | C38: =C39/$C$50 -> #REF! | D38: 0.3 | E38: 0.3 | F38: 0.4
C39: ='Medição 14 DP Cobilândia'!F105 -> 17601.81 | D39: =D38*$C$39 -> 5280.543 | E39: =E38*$C$39 -> 5280.543 | F39: =F38*$C$39 -> 7040.724
A40: 12 | B40: INSTALAÇÕES ELÉTRICAS | C40: =C41/$C$50 -> #REF! | D40: 0.4 | E40: 0.3 | F40: 0.3
C41: ='Medição 14 DP Cobilândia'!#REF! -> #REF! | D41: =D40*$C$41 -> #REF! | E41: =E40*$C$41 -> #REF! | F41: =F40*$C$41 -> #REF!
A42: 13 | B42: ='Resumo da Proposta'!B27 -> #REF! | C42: =C43/$C$50 -> #REF! | D42: 0.5 | E42: 0.25 | F42: 0.25
C43: ='Medição 14 DP Cobilândia'!#REF! -> #REF! | D43: =D42*$C$43 -> #REF! | E43: =E42*$C$43 -> #REF! | F43: =F42*$C$43 -> #REF!
A44: 14 | B44: ='Resumo da Proposta'!B28 -> #REF! | C44: =C45/$C$50 -> #REF! | D44: 0.5 | E44: 0.25 | F44: 0.25
C45: ='Medição 14 DP Cobilândia'!F120 -> 547.05 | D45: =D44*$C$45 -> 273.525 | E45: =E44*$C$45 -> 136.7625 | F45: =F44*$C$45 -> 136.7625
A46: 15 | B46: ='Resumo da Proposta'!B29 -> Pastilha cerâmica branca 5 x 5 cm, assentada com argamassa de cimento colante e rejunte pré-fabricado, marcas de referência Atlas, Jatobá, NGK ou equivalentwe | C46: =C47/$C$50 -> #REF! | F46: 1
C47: ='Medição 14 DP Cobilândia'!#REF! -> #REF! | F47: =F46*$C$47 -> #REF!
A48: 16 | B48: ='Resumo da Proposta'!B30 -> #REF! | C48: =C49/$C$50 -> #REF! | F48: 1
C49: ='Medição 14 DP Cobilândia'!#REF! -> #REF! | D49: =D48*$C$49 -> #REF! | E49: =E48*$C$49 -> #REF! | F49: =F48*$C$49 -> #REF!
B50: Total Parcial (%) | C50: =SUM(C49,C47,C45,C43,C41,C39,C37,C35,C33,C31,C29,C27,C25,C23,C21,C19) -> #REF! | D50: =SUM(D21,D23,D25,D27,D29,D31,D33,D35,D37,D39,D41,D43,D45,D47,D19,D49)/$C$50 -> #REF! | E50: =SUM(E21,E23,E25,E27,E29,E31,E33,E35,E37,E39,E41,E43,E45,E47,E19,E49)/$C$50 -> #REF! | F50: =SUM(F21,F23,F25,F27,F29,F31,F33,F35,F37,F39,F41,F43,F45,F47,F19,F49)/$C$50 -> #REF!
B51: Total Acumulado (%) | D51: =D50 -> #REF! | E51: =D51+E50 -> #REF! | F51: =E51+F50 -> #REF!
B52: Total Financeiro (R$) | D52: =SUM(D47,D45,D43,D41,D39,D37,D35,D33,D31,D29,D27,D25,D23,D21,D19,D49) -> #REF! | E52: =SUM(E47,E45,E43,E41,E39,E37,E35,E33,E31,E29,E27,E25,E23,E21,E19,E49) -> #REF! | F52: =SUM(F47,F45,F43,F41,F39,F37,F35,F33,F31,F29,F27,F25,F23,F21,F19,F49) -> #REF!
B53: Total Acumulado (R$) | D53: =D52 -> #REF! | E53: =E52+D53 -> #REF! | F53: =F52+E53 -> #REF!

Sheet Composição do BDI - 31,96%
A4: Vila Velha, 30 de março de 2022
A5: PREFEITURA MUNICIPAL DA SERRA
A6: SECRETARIA DE OBRAS - SEOB
A7: COMISSÃO PERMANENTE DE LICITAÇÃO DE OBRAS E SERVIÇOS DE ENGENHARIA - CPL
A8: REFERÊNCIA: CONCORRÊNCIA PÚBLICA Nº 008/2022
A9: PROCESSO ADMINISTRATIVO: Nº 3412/2022
A10: OBJETO: EXECUÇÃO DE ÁREA ESPORTIVA NO BAIRRO VALPARAÍSO, NESTE MUNICÍPIO DE SERRA/ES.
A11: Local: SERRA - ES
A12: COMPOSIÇÃO DO BDI
A13: Resolução TCE-ES nº329/2019
A15: Pra serviços:
A16: 2ª faixa (R$ 330.000,00 à R$3.300.000,00)
A18: GRUPO A
B20: Custos Financeiros | C20: 0.0061 | D20: %
B21: Total Grupo A | C21: =SUM(C20) -> 0.0061 | D21: %
A22: GRUPO B
B24: Administração Central | C24: 0.0406 | D24: %
B25: Administração Local | C25: 0.0819 | D25: %
B26: Total Grupo B | C26: =SUM(C24:C25) -> 0.1225 | D26: %
A27: GRUPO C
B29: Lucro | C29: 0.08 | D29: %
B30: Total Grupo C | C30: =SUM(C29) -> 0.08 | D30: %
A31: GRUPO D
B33: Riscos, Garantias e Seguros | C33: 0.01 | D33: %
B34: Total Grupo D | C34: =SUM(C33) -> 0.01 | D34: %
A36: GRUPO E
B38: ISS | C38: 0.04 | D38: %
B39: PIS | C39: 0.00651 | D39: %
B40: COFINS | C40: 0.03 | D40: %
B41: Total Grupo E | C41: =SUM(C38:C40) -> 0.07651 | D41: %
A43: BDI Total:
A44: OBS:
A45: 1 - A formulapara cálculo da taxa a se acrescida aos custos diretos de um empreendimento a titulo de Benefícios r Despesas Indiretas é:
B47: BDI= {(1 + A + B + C + D)} -1, onde, | C47: =(1+C21+C26+C30+C34)/(1-C41)-1 -> 0.3195595
B48: ( 1 - E)
A50: A = Custos Financeiros
A51: B = Administrção Central e Local
A52: C = Lucro
A53: D = Riscos, Seguros e Garantias
A54: E = ISS + PIS + COFINS

Sheet Composição do BDI - 31,96
B1: MUNICÍPIO DA SERRA
B2: ESTADO DO ESPÍRITO SANTO
A3: DETALHAMENTO DO BDI
A4: PROPONENTE: | B4: Prefeitura Municipal da Serra
A5: OBRA: | B5: CONSTRUÇÃO DE ÁREA ESPORTIVA NO BAIRRO VAL PARAÍSO - SERRA/ES
A7: 1. Regime de Contribuição Previdenciária
B8: Sem Desoneração
A9: 2. Tipo de Intervenção
B10: Edificações
A11: 3. Incidências sobre o custo
A12: A | B12: Administração Central - AC | C12: 4.06 | D12: %
A13: B | B13: Adminsitração Local - AL | C13: 8.19 | D13: %
A14: E1 | B14: Riscos - R | C14: 0.5 | D14: %
A15: E2 | B15: Seguros e Garantias Contratuais - S+G | C15: 0.5 | D15: %
A16: D | B16: Despesas e Encargos Financeiros - DF | C16: 0.61 | D16: %
A18: F | B18: Lucro - L | C18: 8 | D18: %
A19: 4 – Incidências sobre o preço de venda
B21: Despesas Tributárias - I | C21: 7.65 | D21: %
B23: Percentual da base de cálculo para o ISS: | C23: 100 | D23: %
B24: Alíquota do ISS (sobre a base de cálculo): | C24: 4 | D24: %
B25: Alíquota Efetivado do ISS | C25: 4 | D25: %
B27: COFINS | C27: 3 | D27: %
B28: PIS | C28: 0.65 | D28: %
B29: INSS | C29: =IF(B8="Com Desoneração",4.5,0) -> 0 | D29: %
A30: 5 – Demonstrativo de cálculo do BDI
B31: BDI= (1 + A + B + D + E + F) -1 = | C31: 0.3196 | E31: Atende | F31: =C31 -> 0.3196
B32: (1-C)
A34: Declaro para os devidos fins que, conforme legislação tributária municipal, a base de cálculo
A35: =CONCATENATE("do ISS para ",B10," é de ",C23," %",", com a respectiva alíquota de ",C25," %") -> do ISS para Edificações é de 100 %, com a respectiva alíquota de 4 %
A37: Declaro para os devidos fins que o regime de Contribuição Previdenciária adotado para
A38: =CONCATENATE("elaboração do orçamento foi ",B8,", e que esta é a alternativa mais adequada para ") -> elaboração do orçamento foi Sem Desoneração, e que esta é a alternativa mais adequada para
A39: a Administração Pública.
A41: Declaro para os devidos fins que, o regime de execução da obra será empreitada por preço global.
B45: Responsável técnico
A46: Eng./Arq. | B46: Bernardo Zambon
A47: CREA/CAU: | B47: CREA: ES-025914/D

Sheet DER-SERVIÇOS
A1: GOVERNO DO ESTADO DO ESPÍRITO SANTO
A2: Secretaria de Estado de Mobilidade e Infraestrutura - SEMOBI
A3: Departamento de Edificações e de Rodovias do Estado do Espírito Santo - DER-ES
A4: Planilha Orçamentária
A6: Orçamento: 1120101 - TABELA CUSTOS LABOR/CT-UFES PADRÃO DER AGOSTO/2021(LS=157,27; BDI=0%) | F6: Leis Sociais: 157,27
A7: Orgão Cliente: DEPARTAMENTO DE EDIFICAÇÕES E DE RODOVIAS DO ESTADO DO ESPÍRITO SANTO | F7: BDI: 0
A9: Planilha: TABELA CUSTOS LABOR/CT-UFES PADRÃO DER AGOSTO/2021(LS=157,27; BDI=0%) | F9: Data Base: Agosto/2021
A10: Local:
A12: Item | B12: Fonte/Código | C12: Especificação do Serviço | D12: Und. | E12: Quant. | F12: Preço Unitário | G12: Preço Total
A13: 1 | C13: SERVIÇOS PRELIMINARES
A14: 102 | C14: DEMOLIÇÕES E RETIRADAS
A15: 10201 | B15: LABOR - 010201 - 1 | C15: Demolição de piso cimentado inclusive lastro de concreto | D15: m2 | E15: 1 | F15: 20.75 | G15: 20.75
A16: 10202 | B16: LABOR - 010202 - 1 | C16: Demolição de piso revestido com cerâmica | D16: m2 | E16: 1 | F16: 11.17 | G16: 11.17
A17: 10203 | B17: LABOR - 010203 - 1 | C17: Demolição de piso revestido com cerâmica inclusive lastro de concreto | D17: m2 | E17: 1 | F17: 22.35 | G17: 22.35
A18: 10204 | B18: LABOR - 010204 - 1 | C18: Demolição de piso revestido com tacos de madeira | D18: m2 | E18: 1 | F18: 15.96 | G18: 15.96
A19: 10205 | B19: LABOR - 010205 - 1 | C19: Demolição de piso de tábuas | D19: m2 | E19: 1 | F19: 14.37 | G19: 14.37
A20: 10206 | B20: LABOR - 010206 - 1 | C20: Demolição de revestimento com azulejos | D20: m2 | E20: 1 | F20: 39.91 | G20: 39.91
A21: 10207 | B21: LABOR - 010207 - 1 | C21: Demolição de revestimento com lambris de madeira | D21: m2 | E21: 1 | F21: 39.91 | G21: 39.91
A22: 10208 | B22: LABOR - 010208 - 1 | C22: Retirada de revestimento antigo em reboco | D22: m2 | E22: 1 | F22: 7.98 | G22: 7.98
A23: 10209 | B23: LABOR - 010209 - 1 | C23: Demolição de alvenaria | D23: m3 | E23: 1 | F23: 47.89 | G23: 47.89
A24: 10210 | B24: LABOR - 010210 - 1 | C24: Demolição manual de concreto simples (EMOP 05.001.001) | D24: m3 | E24: 1 | F24: 224.8 | G24: 224.8
A25: 10212 | B25: LABOR - 010212 - 1 | C25: Retirada manual de pavimento em paralelepípedos, incluindo empilhamento para reaproveitamento | D25: m2 | E25: 1 | F25: 9.58 | G25: 9.58
A26: 10213 | B26: LABOR - 010213 - 1 | C26: Retirada manual de blocos pré-moldados de concreto (Blokret), inclusive empilhamento para reaproveitamento | D26: m2 | E26: 1 | F26: 11.17 | G26: 11.17
... A60: 10292 | B60: LABOR - 010292 - 1 | C60: Retirada de alizar de madeira | D60: m | E60: 1 | F60: 0.49 | G60: 0.49
A61: 103 | C61: DEMOLIÇÕES E RETIRADAS
A62: 10315 | B62: LABOR - 010315 - 1 | C62: Retirada de cobertura em telhas Canalete 49 | D62: m2 | E62: 1 | F62: 9.15 | G62: 9.15
A63: 10317 | B63: LABOR - 010317 - 1 | C63: Demolição de alvenaria, com reaproveitamento | D63: m2 | E63: 1 | F63: 95.77 | G63: 95.77
A64: 10318 | B64: LABOR - 010318 - 1 | C64: Remoção de forro em eucatex, sem aproveitamento do material | D64: m2 | E64: 1 | F64: 11.29 | G64: 11.29
A65: 10319 | B65: LABOR - 010319 - 1 | C65: Remoção de pintura antiga a base de óleo ou esmalte sobre esquadrias | D65: m2 | E65: 1 | F65: 14.99 | G65: 14.99
A66: 10320 | B66: LABOR - 010320 - 1 | C66: Remoção de revestimento de pisos com forração textil | D66: m2 | E66: 1 | F66: 1.6 | G66: 1.6
A67: 10323 | B67: LABOR - 010323 - 1 | C67: Retirada de torneiras e registros | D67: und | E67: 1 | F67: 8.81 | G67: 8.81
A68: 10324 | B68: LABOR - 010324 - 1 | C68: Retirada de cobertura em telha canalete 90 | D68: m2 | E68: 1 | F68: 7.04 | G68: 7.04
A69: 10325 | B69: LABOR - 010325 - 1 | C69: Demolição de estrutura de madeira para telhado | D69: m2 | E69: 1 | F69: 23.46 | G69: 23.46
A70: 10326 | B70: LABOR - 010326 - 1 | C70: Retirada de estrutura em madeira do telhado | D70: m2 | E70: 1 | F70: 23.46 | G70: 23.46
A71: 10327 | B71: LABOR - 010327 - 1 | C71: Retirada de marco de madeira | D71: m | E71: 1 | F71: 1.99 | G71: 1.99
A72: 10329 | B72: LABOR - 010329 - 1 | C72: Retirada de disjuntor | D72: und | E72: 1 | F72: 16.45 | G72: 16.45
A73: 10331 | B73: LABOR - 010331 - 1 | C73: Demolição de piso, soleira, peitoris e escadas em mármore ou granito, exclusive regularização | D73: m2 | E73: 1 | F73: 8.56 | G73: 8.56
... A75: 10333 | B75: LABOR - 010333 - 1 | C75: Retirada de piso de borracha | D75: m2 | E75: 1 | F75: 6.69 | G75: 6.69
A76: 104 | C76: LIMPEZA DO TERRENO
A77: 10401 | B77: LABOR - 010401 - 1 | C77: Corte de capoeira fina, a foice (manual) | D77: m2 | E77: 1 | F77: 1.09 | G77: 1.09
A78: 10402 | B78: LABOR - 010402 - 1 | C78: Raspagem e limpeza do terreno (manual) | D78: m2 | E78: 1 | F78: 3.51 | G78: 3.51
A79: 10403 | B79: LABOR - 010403 - 1 | C79: Corte e destocamento de árvores com diâmetro de até 15 cm | D79: und | E79: 1 | F79: 42.15 | G79: 42.15
A80: 10404 | B80: LABOR - 010404 - 1 | C80: Corte e destocamento de árvores com diâmetro superior a 30 cm | D80: und | E80: 1 | F80: 104.81 | G80: 104.81
A81: 105 | C81: LOCAÇÃO
A82: 10501 | B82: LABOR - 010501 - 2 | C82: Locação de obra com gabarito de madeira | D82: m2 | E82: 1 | F82: 9.39 | G82: 9.39
A83: 10512 | B83: LABOR - 010512 - 1 | C83: Equipe topográfica para serviços simples de locação e nivelamento (incluindo equipamento, transporte e profissionais nivel médio) | D83: mês | E83: 1 | F83: 16909.15 | G83: 16909.15
A84: 2 | C84: INSTALAÇÃO DO CANTEIRO DE OBRAS
A85: 203 | C85: TAPUMES, BARRACÕES E COBERTURAS
A86: 20305 | B86: LABOR - 020305 - 2 | C86: Placa de obra nas dimensões de 2.0 x 4.0 m, padrão IOPES | D86: m2 | E86: 1 | F86: 286.43 | G86: 286.43
A87: 20339 | B87: LABOR - 020339 - 1 | C87: Locação de andaime metálico para trabalho em fachada de edifíco (aluguel de 1 m² por 1 mês) inclusive frete, montagem e desmontagem | D87: m2 | E87: 1 | F87: 14.03 | G87: 14.03
A88: 20343 | B88: LABOR - 020343 - 3 | C88: Aluguel mensal container para escritório, sem banheiro, dim. 6.00x2.40m, incl. porta, 2 janelas, abert p/ ar cond., 2 pt iluminação, 2 tomadas elét. e 1 tomada telef. Isolamento térmico (teto e paredes), piso em comp. Naval, cert. NR18, incl. laudo descontaminação. | D88: mês | E88: 1 | F88: 719 | G88: 719
A89: 20344 | B89: LABOR - 020344 - 2 | C89: Mobilização e desmobilização de conteiner locado para barracão de obra | D89: und | E89: 1 | F89: 1035.67 | G89: 1035.67
A90: 20346 | B90: LABOR - 020346 - 1 | C90: Locação de andaime metálico para fachada - tipo torre (aluguel mensal) | D90: m | E90: 1 | F90: 8.88 | G90: 8.88
A91: 20348 | B91: LABOR - 020348 - 3 | C91: Fornecimento e instalação de proteção para andaime fachadeiro considerando plataforma, rodapé e guarda-corpo em madeira, inclusive entelamento, conforme NR-18 (medido por m2 de fachada) | D91: m2 | E91: 1 | F91: 23.84 | G91: 23.84
A92: 20350 | B92: LABOR - 020350 - 3 | C92: Tapume Telha Metálica Ondulada em aço galvalume 0,50mm Branca h=2,20m, incl. montagem estr. mad. 8"x8", c/adesivo "DER-ES" 60x60cm a cada 10m, incl. faixas pint. esmalte sint. cores azul c/ h=30cm e rosa c/ h=10cm (Reaproveitamento 2x) | D92: m | E92: 1 | F92: 179.46 | G92: 179.46
A93: 20351 | B93: LABOR - 020351 - 2 | C93: Tapume madeira compensada resinada e= 12mm h=2,20m, estr. c/ mad reflorest., incl mont, pintura esmalte sint, adesivo "DER-ES" 60x60cm a cada 10m e faixas c/ pintura esmalte sintético nas cores azul c/ h=30cm e rosa c/ h=10cm | D93: m | E93: 1 | F93: 207.59 | G93: 207.59
A94: 20352 | B94: LABOR - 020352 - 1 | C94: Aluguel mensal container para escritório, dim. 6.00x2.40m, c/ banheiro (vaso+lavat+chuveiro e básc), incl. porta, 2 janelas, abert p/ ar cond., 2 pt iluminação, 2 tom. elét. e 1 tom.telef. Isolam.térmico(teto e paredes), piso em comp. Naval, cert. NR18, incl. laudo descontaminação. | D94: ms | E94: 1 | F94: 787.33 | G94: 787.33
A95: 20353 | B95: LABOR - 020353 - 1 | C95: Aluguel mensal container para refeitorio, incl. porta, 2 janelas, abert p/ ar cond., 2 pt iluminação, 2 tomadas elét. e 1 tomada telef. Isolamento térmico (paredes e teto), piso em comp. Naval pintado, cert. NR18, incl. laudo descontaminação. | D95: ms | E95: 1 | F95: 719 | G95: 719
A96: 20354 | B96: LABOR - 020354 - 1 | C96: Aluguel mensal container para vestiário, incl. porta, venezianas de circulação, 1 pt iluminação, Isolamento térmico (teto), piso em comp. Naval pintado, cert. NR18, incl. laudo descontaminação. | D96: ms | E96: 1 | F96: 538.75 | G96: 538.75
A97: 20355 | B97: LABOR - 020355 - 1 | C97: Aluguel mensal container sanitário, incl porta, básc, 2 ptos luz, 1 pto aterram., 3vasos, 3lavatórios, calha mictório, 6 chuveiros (1 eletrico), torn.,registros, piso comp. Naval pintado, cert NR18 e laudo descontaminação | D97: ms | E97: 1 | F97: 847.25 | G97: 847.25
A98: 20356 | B98: LABOR - 020356 - 1 | C98: Aluguel mensal container para almoxarifado, incl. porta, 2 janelas, 1 pt iluminação, Isolamento térmico (teto), piso em comp. Naval pintado, cert. NR18, incl. laudo descontaminação. | D98: ms | E98: 1 | F98: 529 | G98: 529
A99: 207 | C99: INSTALAÇÃO DO CANTEIRO DE OBRAS (UTILIZAÇÃO 1 VEZ), PROJETO PADRÃO LABOR - NR.18 (OBRAS COM PRAZO DE EXECUÇÃO SUPERIOR A 12 MESES)
A100: 20701 | B100: LABOR - 020701 - 5 | C100: Barracão para escritório com sanitário área de 14.50 m2, de chapa de compens. 12mm e pontalete 8x8cm, piso cimentado e cobertura de telha de fibroc. 6mm, incl. ponto de luz e cx. de inspeção, conf. projeto (1 utilização) | D100: m2 | E100: 1 | F100: 705.78 | G100: 705.78
A101: 20702 | B101: LABOR - 020702 - 2 | C101: Barracão para almoxarifado área de 10.90m2, de chapa de compensado de 12mm e pontalete 8x8cm, piso cimentado e cobertura de telhas de fibrocimento de 6mm, incl. ponto de luz, conf. projeto (1 utilização) | D101: m2 | E101: 1 | F101: 491.47 | G101: 491.47
A102: 20703 | B102: LABOR - 020703 - 2 | C102: Barracão para depósito de cimento área de 10.90m2, de chapa de compensado 12mm e pontaletes 8x8cm, piso cimentado e cobertura de telhas de fibrocimento de 6mm, inclusive ponto de luz, conf. projeto (1 utilização) | D102: m2 | E102: 1 | F102: 426.2 | G102: 426.2
A103: 20704 | B103: LABOR - 020704 - 3 | C103: Refeitório com paredes de chapa de compens. 12mm e pontaletes 8x8cm, piso ciment. e cob. de telhas fibroc. 6mm, incl. ponto de luz e cx. de inspeção (cons. 1.21 m2/func./turno), conf. projeto (1 utilização) | D103: m2 | E103: 1 | F103: 395.62 | G103: 395.62
A104: 20705 | B104: LABOR - 020705 - 4 | C104: Unidade de sanitário e vestiário p/ até 20 func. área de 18.15m2, paredes de chapa compens. 12mm e pontalete 8x8cm, piso cimentado, cobert. telha fibroc. 6mm, incl. instalação de luz e cx. de inspeção, conf. projeto (1 utilização) | D104: und | E104: 1 | F104: 13169.88 | G104: 13169.88
A105: 20706 | B105: LABOR - 020706 - 4 | C105: Unidade de sanitário e vestiário de 20 a 40 func. área 25.40m2, paredes de chapa compens. 12mm e pontalete 8x8cm, piso cimentado, cobert. telha fibroc. 6mm, incl. inst. de luz e cx. de inspeção, conf. projeto (1 utilização) | D105: und | E105: 1 | F105: 19983.55 | G105: 19983.55
A106: 20707 | B106: LABOR - 020707 - 4 | C106: Unidade de sanitário e vestiário de 40 a 60 func. área 33.90m2, paredes de chapa compens. 12mm e pontalete 8x8cm, piso cimentado, cobert. telha fibroc. 6mm, incl. inst. de luz e cx. de inspeção, conf. projeto (1 utilização) | D106: und | E106: 1 | F106: 24718.59 | G106: 24718.59
A107: 20708 | B107: LABOR - 020708 - 2 | C107: Galpão para serraria e carpintaria área 12.00m2, em peça de madeira 8x8cm e contraventamento de 5x7cm, cobertura de telha de fibroc. de 6mm, inclusive ponto e cabo de alimentação da máquina, conf. projeto (1 utilização) | D107: m2 | E107: 1 | F107: 181.78 | G107: 181.78
A108: 20709 | B108: LABOR - 020709 - 2 | C108: Galpão para corte e armação com área de 6.00m2, em peças de madeira 8x8cm e contraventamento de 5x7cm, cobertura de telhas de fibroc. de 6mm, inclusive ponto e cabo de alimentação da máquina, conf. projeto (1 utilização) | D108: m2 | E108: 1 | F108: 245.4 | G108: 245.4
A109: 20710 | B109: LABOR - 020710 - 2 | C109: Reservatório de poliestileno de 500L, incl. suporte em madeira de 7x12cm e 5x7cm, elevado de 4m, conf. projeto (1 utilização) | D109: und | E109: 1 | F109: 2949.18 | G109: 2949.18
A110: 20711 | B110: LABOR - 020711 - 2 | C110: Reservatório de poliestileno de 1000 L, incl. suporte em madeira de 7x12cm e 8x7cm, elevado de 4m, conf. projeto (1 utilização) | D110: und | E110: 1 | F110: 3407.82 | G110: 3407.82
A111: 20712 | B111: LABOR - 020712 - 1 | C111: Rede de água com padrão de entrada d'água diâm. 3/4", conf. espec. CESAN, incl. tubos e conexões para alimentação, distribuição, extravasor e limpeza, cons. o padrão a 25m, conf. projeto (1 utilização) | D111: m | E111: 1 | F111: 42.28 | G111: 42.28
A112: 20713 | B112: LABOR - 020713 - 2 | C112: Rede de luz, incl. padrão entrada de energia trifás., cabo de ligação até barracões, quadro de distrib., disj. e chave de força (quando necessário), cons. 20m entre padrão entrada e QDG, conf. projeto (1 utilização) | D112: m | E112: 1 | F112: 610.78 | G112: 610.78 | K112: 1
A113: 20714 | B113: LABOR - 020714 - 2 | C113: Rede de esgoto, contendo fossa e filtro, inclusive tubos e conexões de ligação entre caixas, considerando distância de 25m, conforme projeto (1 utilização) | D113: m | E113: 1 | F113: 340.39 | G113: 340.39
A114: 208 | C114: INSTALAÇÃO DO CANTEIRO DE OBRAS (UTILIZAÇÃO 2 VEZES), PROJETO PADRÃO LABOR - NR.18 (OBRAS COM PRAZO DE EXECUÇÃO DE 6 A 12 MESES)
A115: 20801 | B115: LABOR - 020801 - 5 | C115: Barracão para escritório com sanitário área 14.50m2, de chapa de compens. 12mm e pontalete 8x8cm, piso cimentado e cobertura de telha de fibroc. 6mm, incl. ponto de luz e cx. de inspeção, conf. projeto (2 utilizações) | D115: m2 | E115: 1 | F115: 527.2 | G115: 527.2
A116: 20802 | B116: LABOR - 020802 - 2 | C116: Barracão para almoxarifado área de 10.90m2, de chapa de compensado 12mm e pontaletes 8x8cm, piso cimentado e cobertura de telha de fibrocimento de 6mm, inclusive ponto de luz, conf. projeto (2 utilizações) | D116: m2 | E116: 1 | F116: 374.39 | G116: 374.39
A117: 20803 | B117: LABOR - 020803 - 2 | C117: Barracão para depósito de cimento área de 10.90m2, de chapa de compensado 12mm e pontaletes 8x8cm, piso cimentado e cobertura de telhas de fibrocimento de 6mm, inclusive ponto de luz, conf. projeto (2 utilizações) | D117: m2 | E117: 1 | F117: 326.79 | G117: 326.79
A118: 20804 | B118: LABOR - 020804 - 3 | C118: Refeitório com paredes de chapa de compens. 12mm e pontaletes 8x8cm, piso ciment. e cobert. de telhas fibroc. 6mm, incl. ponto de luz e cx. de inspeção (cons. 1.21m2/func./turno), conf. projeto (2 utilização) | D118: m2 | E118: 1 | F118: 324.33 | G118: 324.33
A119: 20805 | B119: LABOR - 020805 - 4 | C119: Unidade de sanitário e vestiário para até 20 func. área 18.15m2, paredes de chapa compens. 12mm e pontalete 8x8cm, piso cimentado, cobert. telha fibroc. 6mm, incl. inst. de luz e cx. de inspeção, conf. projeto (2 utilizações) | D119: und | E119: 1 | F119: 10266.88 | G119: 10266.88
A120: 20806 | B120: LABOR - 020806 - 4 | C120: Unidade de sanitário e vestiário de 20 a 40 func. área 25.40m2, paredes de chapa compens. 12mm e pontalete 8x8cm, piso cimentado, cobert. telha fibroc. 6mm, incl. inst. de luz e cx. de inspeção, conf. projeto (2 utilizações) | D120: und | E120: 1 | F120: 15593.34 | G120: 15593.34
A121: 20807 | B121: LABOR - 020807 - 4 | C121: Unidade de sanitário e vestiário de 40 a 60 func. área 33.90m2, paredes de chapa compens. 12mm e pontalete 8x8cm, piso cimentado, cobert. telha fibroc. 6mm, incl. inst. de luz e cx. de inspeção, conf. projeto (2 utilizações) | D121: und | E121: 1 | F121: 19490.57 | G121: 19490.57
A122: 20808 | B122: LABOR - 020808 - 2 | C122: Galpão para serraria e carpintaria área 12.00m2, em peças de madeira 8x8cm e contraventamento de 5x7cm, cobertura de telhas de fibroc. de 6mm, inclusive ponto e cabo de alimentação da máquina, conf. projeto (2 utilizações) | D122: m2 | E122: 1 | F122: 125.74 | G122: 125.74
A123: 20809 | B123: LABOR - 020809 - 2 | C123: Galpão para corte e armação com área de 6.00m2, de peças de madeira 8x8cm e contraventamento de 5x7cm, cobertura de telhas de fibroc. de 6mm, inclusive ponto e cabo de alimentação da máquina, conf. projeto (2 utilizações) | D123: m2 | E123: 1 | F123: 173.26 | G123: 173.26
A124: 20810 | B124: LABOR - 020810 - 2 | C124: Reservatório de poliestileno de 500 L, incl. suporte em madeira de 7x12cm e 5x7cm, elevado de 4m, conforme projeto (2 utilizações) | D124: und | E124: 1 | F124: 1806.99 | G124: 1806.99
A125: 20811 | B125: LABOR - 020811 - 2 | C125: Reservatório de poliestileno de 1000 L, inclusive suporte em madeira de 7x12cm e 5x7cm, elevado de 4m, conforme projeto (2 utilizações) | D125: und | E125: 1 | F125: 2070.3 | G125: 2070.3
A126: 20812 | B126: LABOR - 020812 - 1 | C126: Rede de água, com padrão de entrada d'água diâm. 3/4", conf. espec. CESAN, incl. tubos e conexões para alimentação, distribuição, extravasor e limpeza, cons. o padrão a 25m, conf. projeto (2 utilizações) | D126: m | E126: 1 | F126: 29.42 | G126: 29.42
A127: 3 | C127: MOVIMENTO DE TERRA
A128: 301 | C128: ESCAVAÇÕES
A129: 30101 | B129: LABOR - 030101 - 1 | C129: Escavação manual em material de 1a. categoria, até 1.50 m de profundidade | D129: m3 | E129: 1 | F129: 45.66 | G129: 45.66
A130: 30102 | B130: LABOR - 030102 - 1 | C130: Escavação manual em material de 2a. categoria, até 1.50 m de profundidade | D130: m3 | E130: 1 | F130: 77.28 | G130: 77.28
A131: 30103 | B131: LABOR - 030103 - 1 | C131: Escavação mecânica em material de 1a. categoria | D131: m3 | E131: 1 | F131: 9.86 | G131: 9.86
A132: 30104 | B132: LABOR - 030104 - 1 | C132: Escavação mecânica em material de 2a. categoria | D132: m3 | E132: 1 | F132: 13.77 | G132: 13.77
A133: 30119 | B133: LABOR - 030119 - 1 | C133: Apiloamento do fundo de vala com maço de 30 a 60kg | D133: m2 | E133: 1 | F133: 23.89 | G133: 23.89
A134: 302 | C134: REATERRO E COMPACTAÇÃO
A135: 30201 | B135: LABOR - 030201 - 1 | C135: Reaterro apiloado de cavas de fundação, em camadas de 20 cm | D135: m3 | E135: 1 | F135: 49.18 | G135: 49.18
A136: 30202 | B136: LABOR - 030202 - 2 | C136: Material para aterro - areia limpa (fornecimento já considerado 15% de empolamento) | D136: m3 | E136: 1 | F136: 107.33 | G136: 107.33
A137: 30203 | B137: LABOR - 030203 - 1 | C137: Lastro de brita 3 e 4, apiloado manualmente | D137: m3 | E137: 1 | F137: 158.32 | G137: 158.32
...

Sheet Leis Sociais
A4: Vila Velha, 30 de março de 2022
A6: PREFEITURA MUNICIPAL DA SERRA
A7: SECRETARIA DE OBRAS - SEOB
A8: COMISSÃO PERMANENTE DE LICITAÇÃO DE OBRAS E SERVIÇOS DE ENGENHARIA - CPL
A9: REFERÊNCIA: CONCORRÊNCIA PÚBLICA Nº 008/2022
A10: PROCESSO ADMINISTRATIVO: Nº 3412/2022
A11: OBJETO: EXECUÇÃO DE ÁREA ESPORTIVA NO BAIRRO VALPARAÍSO, NESTE MUNICÍPIO DE SERRA/ES.
A12: Local: SERRA - ES
A13: DETALHAMENTO DAS LEIS SOCIAIS SEM DESONERAÇÃO
A14: ENCARGOS SOCIAIS E COMPLEMENTARES
A15: ITEM | B15: DISCRIMINAÇÃO | C15: PERCENTUAL
A16: GRUPO A - Encargos Sociais Básicos | C16: %
A17: A.1 | B17: INSS | C17: 20
A18: A.2 | B18: FGTS (Art.27 do decreto 99.684/90) | C18: 8
A19: A.3 | B19: SESI/SESC (Lei 8.029/90 e lei 8.036/90) | C19: 1.8
A20: A.4 | B20: SENAI/SENAC (Lei 8.029/90 e Decreto-Lei 6246/44) | C20: 1.3
A21: A.5 | B21: SEBRAE (já cinsiderado no item A3 e A4) | C21: 0
A22: A.6 | B22: INCRA (Lei 2.613/55 e Decreto 1.146/70) | C22: 0.2
A23: A.7 | B23: SALÁRIO-EDUCAÇÃO (Decreto 87.043/82) | C23: 2.5
A24: A.8 | B24: SEGURO ACIDENTE DO TRABALHO (Lei 8.210/91 e Decreto 3.048/99) | C24: 3
A25: A.9 | B25: SECONCI/medicina do trabalho | C25: 1
A26: Total do Grupo A: | C26: =SUM(C17:C25) -> 37.8
A28: GRUPO B - Encargos Sociais que Recebem Incidência do Grupo A | C28: %
A29: B.1 | B29: Descanso semanal remunerado (Art. 66 da CLT e Art. 7º da CF/88 | C29: 17.52
A30: B.2 | B30: Feriados (Art. 70 da CLT e Lei 605/49) | C30: 3.91
A31: B.3 | B31: Auxílio doença e acidente do trabalho (Lei 3.607/60 e Art. 131 da CLT) | C31: 0.76
A32: B.4 | B32: Licença Paternnidade (Art. 7º da CF/88) | C32: 0.11
A33: B.5 | B33: Faltas legais (Art. 473 da CLT) | C33: 0.67
A34: B.6 | B34: 13º Salário Lei nº 4090/62) | C34: 10.11
A35: B.7 | B35: Aviso prévio trabalhado (Art. 7º, inciso XXI da CF/88) | C35: 0.34
A36: Total do Grupo B: | C36: =SUM(C29:C35) -> 33.42
A38: GRUPO C - Encargos Sociais que Recebem Incidência do Grupo A | C38: %
A39: C.1 | B39: Dispensa sem justa causa (LC 110/01) | C39: 5.34
A40: C.2 | B40: Férias indenizadas (Art. 129 a 148 da CLT) | C40: 11.2
A41: C.3 | B41: Aviso prévio indenizado (ART. 7º, inciso XXI da CLT/88) | C41: 11.29
A42: C.4 | B42: FGTS sobre aviso prévio indenizado (Súmula 305 TST) | C42: 0.9
A43: C.5 | B43: INSS sobre aviso prévio indenizado (Decreto 6.727/09) | C43: 2.26
A44: Total do Grupo C: | C44: =SUM(C39:C43) -> 30.99
A46: GRUPO D - Reincidência dos Encargos Sociais Básicos | C46: %
A47: D.1 | B47: Incidência do grupo A sobre o grupo B | C47: 12.63
A48: Total do Grupo D: | C48: =SUM(C47) -> 12.63
A50: TOTAL DOS GRUPOS A+B+C+D: | C50: =SUM(C48,C44,C36,C26) -> 114.84
A52: GRUPO E - Encargos Sociais que Recebem Incidência do Grupo A | C52: %
A53: E.1 | B53: Refeição/alimentação (Convenção Coletiva do Trabalho 2014/2016) | C53: 25.75
A54: E.2 | B54: Vale Transporte (Lei nº 7418/85 e Decreto 95.247/87) | C54: 6.03
A55: E.3 | B55: Uniforme/equipamento de segurança (ART.166 da CLT e NR 18 da Lei nº 6.514/77 e Convenção Coletiva do Trabalho 2014/2016) | C55: 2.67
A56: E.4 | B56: Plano de Saúde (Convenção Coletiva do Trabalho 2014/2016) | C56: 7.98
A57: Total do Grupo E: | C57: =SUM(C53:C56) -> 42.43
A59: TOTAL GERAL = | C59: =SUM(C50+C57) -> 157.27

Sheet MEMÓRIA DE CÁLCULO
B1: PREFEITURA MUNICIPAL DA SERRA
B2: SECRETARIA DE OBRAS
B3: DEPARTAMENTO DE PROJETOS DE OBRAS PÚBLICAS - DPO
B4: OBRA: CONSTRUÇÃO DE ÁREA ESPORTIVA NO BAIRRO VAL PARAÍSO - SERRA/ES
B5: MEMORIA DE CÁLCULO DOS QUANTITATIVOS DA PLANILHA ORÇAMENTÁRIA
A6: ITEM | B6: Serviço | C6: Local/Descrição | D6: Quant | E6: Comp. (m) | F6: Alt. (m) | G6: Esp. (m) | H6: Larg. (m) | I6: Área (m2) | J6: Desc. | K6: Empol. (%) | L6: Vol (m3) | M6: UND | N6: QUANT | O6: FRENTE DE OBRA (QUANTIDADE) | Q6: FRENTE DE OBRA (FINANCEIRO)
A7: ='PL ANALÍTICA OBSOLETA'!A7 -> 1 | B7: ='PL ANALÍTICA OBSOLETA'!D7 -> INSTALAÇÃO DO CANTEIRO DE OBRAS | O7: Pavimento Térreo | P7: Primeiro Pavimento | Q7: Pavimento Térreo | R7: Primeiro Pavimento
A8: 1.1 | B8: Placa de obra nas dimensões de 2.0 x 4.0 m, padrão IOPES | C8: Considerando placa de obra padrão PMS (2,00x4,00m) | D8: 1 | E8: 4 | F8: 2 | I8: =ROUND(D8*E8*F8,2) -> 8 | M8: m2 | N8: =I8 -> 8 | O8: =N8 -> 8 | Q8: =ROUND(O8*'Medição 14 DP Cobilândia'!E20,2) -> 0
A9: 1.2 | B9: Limpeza Mecanizada De Camada Vegetal, Vegetação E Pequenas Árvores (Diâmetro De Tronco Menor Que 0,20 M), Com Trator De Esteiras.Af_05/2018 | C9: Limpeza de toda a área da obra, com as dimensões em projeto | D9: 1 | E9: 46.65 | H9: 44.5 | I9: =ROUND(D9*E9*H9,2) -> 2075.93 | M9: m2 | N9: =I9 -> 2075.93 | O9: =N9 -> 2075.93 | Q9: =ROUND(O9*'Medição 14 DP Cobilândia'!E21,2) -> 52998.49
A10: 1.3 | B10: Demolição de piso cimentado inclusive lastro de concreto | C10: Considerando demolição da calçada existente em frente a área de intervenção | D10: 1 | E10: 46.65 | H10: 1.8 | I10: =ROUND(H10*E10*D10,2) -> 83.97 | M10: m2 | N10: =I10 -> 83.97
A11: 1.4 | B11: Retirada de meio-fio de concreto | C11: Considerando a remoção dos meio fios existentes em frente a área de intervenção | D11: 1 | E11: 46.65 | M11: m | N11: =ROUND(E11,2) -> 46.65
A12: 1.5 | B12: Retirada de poste de concreto ou aço de 4,50 a 9,0m | C12: Considerando a retirada dos dois postes existentes no local, sem reutilização, reaproveitamento pela PMS | D12: 2 | M12: und | N12: =ROUND(D12,2) -> 2
A13: 1.6 | B13: ='Medição 14 DP Cobilândia'!B25 -> Retirada manual de blocos pré-moldados de concreto (Blokret), inclusive empilhamento para reaproveitamento | C13: Considerando a remoção de entulho, pneus e areia da área | D13: 1 | M13: m3 | N13: =SUM(N14:N17) -> 173.61 | O13: =N13 -> 173.61 | Q13: =ROUND(O13*'Medição 14 DP Cobilândia'!E25,2) -> 2170.13
C14: Considerando remoção dos entulhos da área, como vegetação | D14: 1 | G14: 0.05 | I14: =I9 -> 2075.93 | J14: =15*25 -> 375 | K14: 5 | L14: =ROUND((I14-J14)*G14*(1+K14/100),2) -> 89.3 | M14: m3 | N14: =L14 -> 89.3
C15: Considerando remoção dos entulhos decorrente dos pneus e areia do campo existente que deverá ser retirada (15x25m e 20cm de espessura) | D15: 1 | E15: 25 | G15: 0.2 | H15: 15 | I15: =ROUND(E15*H15,2) -> 375 | K15: 5 | L15: =ROUND((I15-J15)*G15*(1+K15/100),2) -> 78.75 | M15: m3 | N15: =L15 -> 78.75
C16: Considerando a remoção do entulho da calçada demolida em frente a área de intervenção, com 5cm de espesura e empolamento de 2% | D16: 1 | E16: 46.65 | G16: 0.05 | H16: 1.8 | I16: =ROUND(H16*E16*D16,2) -> 83.97 | K16: 2 | L16: =ROUND(I16*G16*(1+K16/100),2) -> 4.28 | M16: m3 | N16: =L16 -> 4.28
C17: Considerando a remoção do entulho da remoção dos meio-fios em frente a área de intervenção, com 10cm de espesura e 30m de altura e empolamento de 2%, consierando 90% do comprimento total | D17: 1 | E17: =ROUND(E16*0.9,2) -> 41.99 | F17: 0.3 | H17: 0.1 | K17: 2 | L17: =ROUND(E17*F17*H17*(1+K17/100),2) -> 1.28 | M17: m3 | N17: =L17 -> 1.28
A18: 1.7 | B18: Padrão de entrada de energia elétrica, trifásico, entrada aérea, a 4 fios, carga instalada em muro de 15001 até 26000W - 220/127V | C18: Considerando ligação até a rede existente (defintiiva) | D18: 1 | M18: und | N18: =D18 -> 1
A19: 1.8 | B19: Mureta de medição utilizando arg. cimento, cal e areia, dimensões 1500x2200x400mm, revestido com chapisco e reboco, inclusive pintura emassamento, pintura acrílica a três demãos e cobertura em telha cerâmica | C19: Considerando ligação até a rede existente (definitiva) | D19: 1 | M19: und | N19: =D19 -> 1
A20: 1.9 | B20: Rede de água com padrão de entrada d'água diâm. 3/4", conf. espec. CESAN, incl. tubos e conexões para alimentação, distribuição, extravasor e limpeza, cons. o padrão a 25m, conf. projeto (1 utilização) | C20: Considerando ligação até a rede existente (definitiva) | D20: 1 | E20: 20 | M20: m | N20: =E20 -> 20
A21: 1.10 | B21: Rede de esgoto, contendo fossa e filtro, inclusive tubos e conexões de ligação entre caixas, considerando distância de 25m, conforme projeto (1 utilização) | C21: Considerando ligação até a rede existente (definitiva) | D21: 1 | E21: 10 | M21: m | N21: =E21 -> 10
A22: 1.11 | B22: Reservatório de poliestileno de 1000 L, inclusive suporte em madeira de 7x12cm e 5x7cm, elevado de 4m, conforme projeto (2 utilizações) | C22: Considerando a instalação de uma unidade no canteiro de obras | D22: 1 | M22: und | N22: =D22 -> 1
A23: 1.12 | B23: Aluguel mensal container para escritório, sem banheiro, dim. 6.00x2.40m, incl. porta, 2 janelas, abert p/ ar cond., 2 pt iluminação, 2 tomadas elét. e 1 tomada telef. Isolamento térmico (teto e paredes), piso em comp. Naval, cert. NR18, incl. laudo descontaminação. | C23: Considerando a instalação de uma unidade no canteiro de obras | D23: 4 | M23: ms | N23: =D23 -> 4
A24: 1.13 | B24: Aluguel mensal container para refeitorio, incl. porta, 2 janelas, abert p/ ar cond., 2 pt iluminação, 2 tomadas elét. e 1 tomada telef. Isolamento térmico (paredes e teto), piso em comp. Naval pintado, cert. NR18, incl. laudo descontaminação. | C24: Considerando a instalação de uma unidade no canteiro de obras | D24: 4 | M24: ms | N24: =D24 -> 4
A25: 1.14 | B25: Aluguel mensal container para vestiário, incl. porta, venezianas de circulação, 1 pt iluminação, Isolamento térmico (teto), piso em comp. Naval pintado, cert. NR18, incl. laudo descontaminação. | C25: Considerando a instalação de uma unidade no canteiro de obras | D25: 4 | M25: ms | N25: =D25 -> 4
A26: 1.15 | B26: Aluguel mensal container sanitário, incl porta, básc, 2 ptos luz, 1 pto aterram., 3vasos, 3lavatórios, calha mictório, 6 chuveiros (1 eletrico), torn.,registros, piso comp. Naval pintado, cert NR18 e laudo descontaminação | C26: Considerando a instalação de uma unidade no canteiro de obras | D26: 4 | M26: ms | N26: =D26 -> 4
A27: 1.16 | B27: Aluguel mensal container para almoxarifado, incl. porta, 2 janelas, 1 pt iluminação, Isolamento térmico (teto), piso em comp. Naval pintado, cert. NR18, incl. laudo descontaminação. | C27: Considerando a instalação de uma unidade no canteiro de obras | D27: 4 | M27: ms | N27: =D27 -> 4
A28: 1.17 | B28: Mobilização e desmobilização de conteiner locado para barracão de obra | C28: Considerando os containers do canteiro de obra, a ser pago metade no início e metade no final da oba, de acordo com o efetivamente utilizado | D28: 5 | M28: und | N28: =D28 -> 5
A29: 1.18 | B29: Tapume Telha Metálica Ondulada em aço galvalume 0,50mm Branca h=2,20m, incl. montagem estr. mad. 8"x8", c/adesivo "DER-ES" 60x60cm a cada 10m, incl. faixas pint. esmalte sint. cores azul c/ h=30cm e rosa c/ h=10cm (Reaproveitamento 2x) | C29: Considerando o perímetro externo da área que não contempla os muros de divisa, com offset de 1,00m para fora da calçada projetada | D29: 1 | E29: =46.65+44.5+1 -> 92.15 | M29: m | N29: =E29 -> 92.15
A30: 1.19 | B30: ='Medição 14 DP Cobilândia'!#REF! -> #REF! | C30: Conforme área so vestiário, conforme projeto | D30: 1 | I30: 89.1 | M30: m2 | N30: =I30 -> 89.1 | O30: =N30 -> 89.1 | Q30: =ROUND(O30*'Medição 14 DP Cobilândia'!#REF!,2) -> #REF!
A31: 2 | B31: MOVIMENTO DE TERRA
A32: 2.1 | B32: Aterro manual para regularização do terreno em argila, inclusive adensamento manual e fornecimento do material | C32: Considerando uma altura média de aterro de 10cm para acerto do caimento do terreno | D32: 1 | E32: 46.65 | F32: 0.1 | H32: 42.5 | L32: =ROUND(E32*F32*H32/2,2) -> 99.13 | M32: m3 | N32: =L32 -> 99.13
A33: 2.2 | B33: Regularização de superfícies com motoniveladora. af_11/2019 | C33: Considerando regularaização de toda a área da obra, com as dimensões em projeto (incluindo área da calçada) | D33: 1 | E33: 46.65 | H33: 44.5 | I33: =ROUND(D33*E33*H33,2) -> 2075.93 | M33: m2 | N33: =I33 -> 2075.93 | O33: =N33 -> 2075.93 | Q33: =ROUND(O33*'Medição 14 DP Cobilândia'!#REF!,2) -> #REF!
A34: 2.3 | B34: Escavação manual em material de 1a. categoria, até 1.50 m de profundidade | M34: m3 | N34: =SUM(N35:N41) -> 94.08 | O34: =N34 -> 94.08 | Q34: =ROUND(O34*'Medição 14 DP Cobilândia'!E35,2) -> 0
B35: Considerando todo o alambrado | C35: Considerando escavação para execução do perímetro do campo society e frente da área de vivência - fiada baldrame em blocos canaletas 9x19x39cm com largura de 40cm e profundidade de 25cm, descontando os pontos de chumbamento do alambrado (55x20x20cm) | D35: 1 | E35: =42.5*2+27.1*2+16.95 -> 156.15 | F35: 0.25 | H35: 0.4 | J35: =55*0.2*0.2 -> 2.2 | L35: =ROUND(E35*F35*H35-J35,2) -> 13.42 | M35: m3 | N35: =L35 -> 13.42
C36: Considerando escavação para execução dos chumbamentos dos tubos de aço galvanizados de todo o alambrado, sendo no total 55 chumbamentos de 40cm de diâmetro e 1,50m de profundidade | D36: 55 | F36: 1.5 | I36: =3.14*0.4^2/4 -> 0.1256 | L36: =ROUND(D36*F36*I36,2) -> 10.36 | M36: m3 | N36: =L36 -> 10.36
B37: Considerando escavação para os postes de iluminação do campo society e campo de areia | C37: Considerando cada engastamento circular sendo escavação com diâmetro de 1,00m com 1,70m de profundidade | D37: 8 | F37: 1.7 | I37: =3.14*1^2/4 -> 0.785 | L37: =ROUND(D37*F37*I37,2) -> 10.68 | M37: m3 | N37: =L37 -> 10.68
B38: Considerando escavação para os postes de iluminação de aço galvanizado | C38: Considerando cada engastamento quadrangular sendo escavação com lados de 0,70x0,70m e 1,00m de profundidade | D38: 11 | E38: 0.7 | F38: 1 | H38: 0.7 | L38: =ROUND(D38*E38*F38*H38,2) -> 5.39 | M38: m3 | N38: =L38 -> 5.39 | P38: =20*14 -> 280
B39: Considerando fundações do vestiário
C40: Considerando escavação para os blocos 1,35x1,20m | D40: 14 | E40: 1.35 | F40: 2 | H40: 1.2 | M40: m3 | N40: =ROUND(D40*E40*F40*H40,2) -> 45.36
C41: Considerando escavação para as vigas baldrames 0,45x0,40m | D41: 1 | E41: =(3.75*4+5.85+4.4*2+2.25*4+1.78*4+0.4*2+1.35*2) -> 49.27 | F41: 0.4 | H41: 0.45 | M41: m3 | N41: =ROUND(D41*E41*F41*H41,2) -> 8.87
A42: 2.4 | B42: Escavação mecânica em material de 1a. Categoria | C42: Considerando a escavação para execução do da quadra de areia, inclusive perímetro (21,30x11,30m), com 40cm de profundidade | D42: 1 | E42: 21.3 | F42: 0.4 | H42: 11.3 | L42: =ROUND(D42*E42*F42*H42,2) -> 96.28 | M42: m3 | N42: =L42 -> 96.28
A43: 2.5 | B43: Apiloamento do fundo de vala com maço de 30 a 60kg | I43: 67.96 | M43: m2 | N43: =SUM(N44:N50) -> 65.2 | O43: =N43 -> 65.2 | Q43: =ROUND(O43*'Medição 14 DP Cobilândia'!E37,2) -> 2038.15
B44: Considerando todo o alambrado | C44: Considerando o apiloamento do fundo da escavação para execução do perímetro do campo society e frente da área de vivência - fiada baldrame em blocos canaletas 9x19x39cm com largura de 20cm | D44: 1 | E44: =E35 -> 156.15 | H44: 0.2 | M44: m2 | N44: =ROUND(D44*E44*H44,2) -> 31.23
C45: Considerando o apiloamento do fundo da escavação para execução dos chumbamentos dos tubos de aço galvanizados de todo o alambrado, sendo no total 55 chumbamentos de 40cm de diâmetro | D45: 55 | I45: =3.14*0.4^2/4 -> 0.1256 | M45: m2 | N45: =ROUND(D45*I45,2) -> 6.91
B46: Considerando base dos postes de iluminação do campo society e campo de areia | C46: Considerando o apiloamento do fundo da base de engastamento de poste circular de concreto, sendo escavação com diâmetro de 1,00m | D46: 8 | I46: =3.14*1^2/4 -> 0.785 | M46: m2 | N46: =ROUND(D46*I46,2) -> 6.28
B47: Considerando escavação para os postes de iluminação de aço galvanizado | C47: Considerando o apiloamento do fundo da base de engastamento de poste quadrangular de aço galvanizado, sendo a base com 0,50x0,50m | D47: 11 | E47: 0.5 | H47: 0.5 | M47: m2 | N47: =ROUND(D47*E47*H47,2) -> 2.75
B48: Considerando fundações do vestiário
C49: Considerando escavação para aos blocos | D49: 14 | E49: 0.95 | H49: 0.8 | I49: =ROUND(D49*E49*H49,2) -> 10.64 | M49: m2 | N49: =I49 -> 10.64
C50: Considerando escavação para as vigas baldrames | D50: 1 | E50: =(3.75*4+5.85+4.4*2+2.25*4+1.78*4+0.4*2+1.35*2) -> 49.27 | G50: 0.15 | I50: =ROUND(D50*E50*G50,2) -> 7.39 | M50: m2 | N50: 7.39
A51: 2.6 | B51: Reaterro manual apiloado com soquete. Af_10/2017 | I51: 67.96 | M51: m3 | N51: =SUM(N52:N58) -> 34.07 | O51: =N51 -> 34.07 | Q51: =ROUND(O51*'Medição 14 DP Cobilândia'!E44,2) -> 0
B52: Considerando todo o alambrado | C52: Considerando o reaterro das laterais da escavação para execução do perímetro do campo society e frente da área de vivência - fiada baldrame em blocos canaletas com 10cm de largura de cada lado e 20cm de profundidade | D52: 1 | E52: =E44 -> 156.15 | F52: 0.2 | H52: 0.2 | L52: =ROUND(D52*E52*F52*H52,2) -> 6.25 | M52: m3 | N52: =L52 -> 6.25
B53: Considerando base dos postes de iluminação de aço galvanizado | C53: Considerando o apiloamento do fundo da base de engastamento de poste quadrangular de aço galvanizado, sendo a base com 0,50x0,50m, sobrando 20cm de borda | D53: 11 | E53: 0.7 | H53: 0.7 | J53: =0.5*0.5 -> 0.25 | L53: =ROUND(D53*(E53*H53-J53),2) -> 2.64 | M53: m2 | N53: =L53 -> 2.64
B54: Considerando fundações do vestiário | C54: Considerando escavação para os blocos e pilaretes | D54: 14 | E54: 1.35 | F54: 0.25 | H54: 1.2 | L54: =ROUND(D54*E54*F54*H54,2) -> 5.67 | M54: m3 | N54: =ROUND(D54*E54*F54*H54,2) -> 5.67
D55: 14 | E55: 0.95 | F55: 0.25 | H55: 0.8 | L55: =-ROUND(D55*E55*F55*H55,2) -> -2.66 | M55: m3 | N55: =L55 -> -2.66
D56: 14 | E56: 1.35 | F56: 1.35 | H56: 1.2 | L56: =ROUND(D56*E56*F56*H56,2) -> 30.62 | M56: m3 | N56: =L56 -> 30.62
D57: 14 | E57: 0.95 | F57: 1.35 | H57: 0.8 | L57: =-ROUND(D57*E57*F57*H57,2) -> -14.36 | M57: m3 | N57: =L57 -> -14.36
C58: Considerando escavação para as vigas baldrames | D58: 1 | E58: =(3.75*4+5.85+4.4*2+2.25*4+1.78*4+0.4*2+1.35*2) -> 49.27 | F58: 0.4 | H58: 0.3 | L58: =ROUND(E58*F58*H58,2) -> 5.91 | M58: m3 | N58: =ROUND(D58*E58*F58*H58,2) -> 5.91
A59: 3 | B59: INFRAESTRUTURA
A60: 3.1 | B60: Lastro de de concreto magro, aplicado em blocos de coroamento ou sapatas. Af_08/2017 | M60: m3 | N60: =SUM(M61:N67) -> 3.89 | O60: =N60 -> 3.89 | Q60: =ROUND(O60*'Medição 14 DP Cobilândia'!E41,2) -> 3299.89
B61: Considerando todo o alambrado | C61: Considerando base de 5cm no fundo da escavação para execução do perímetro do campo society e frente da área de vivência - fiada baldrame em blocos canaletas 9x19x39cm com largura de 20cm | D61: 1 | E61: =E52 -> 156.15 | G61: 0.05 | H61: 0.2 | L61: =ROUND(D61*E61*G61*H61,2) -> 1.56 | M61: m3 | N61: =L61 -> 1.56
C62: Considerando base de 5cm no fundo da escavação para execução dos chumbamentos dos tubos de aço galvanizados de todo o alambrado, sendo no total 55 chumbamentos de 40cm de diâmetro | D62: 55 | G62: 0.05 | I62: =3.14*0.4^2/4 -> 0.1256 | L62: =ROUND(D62*G62*I62,2) -> 0.35 | M62: m3 | N62: =L62 -> 0.35
B63: Considerando escavação para os postes de iluminação do campo society e areia | C63: Considerando base de 5cm no fundo de cada engastamento circular sendo base com diâmetro de 1,00m | D63: 8 | G63: 0.05 | I63: =3.14*1^2/4 -> 0.785 | L63: =ROUND(D63*G63*I63,2) -> 0.31 | M63: m3 | N63: =L63 -> 0.31
B64: Considerando escavação para os postes de iluminação de aço galvanizado | C64: Considerando base de 5cm no fundo de cada engastamento quadrangular sendo base com lados de 0,50x0,50m | D64: 11 | E64: 0.5 | G64: 0.05 | H64: 0.5 | L64: =ROUND(D64*E64*G64*H64,2) -> 0.14 | M64: m3 | N64: =L64 -> 0.14
B65: Consierando base do perímetro do campo de areia | C65: Considerando base de 5cm no fundo da escavação do perímetro do campo de areia, com largura de 15cm | D65: 1 | E65: =2*(21.15+11.15) -> 64.6 | F65: 0.05 | H65: 0.15 | L65: =ROUND(D65*E65*F65*H65,2) -> 0.48 | M65: m3 | N65: =L65 -> 0.48
B66: Considerando fundações do vestiário | C66: Considerando lastro de concreto magro para os blocos | D66: 14 | E66: 0.95 | G66: 0.05 | H66: 0.8 | L66: =ROUND(D66*E66*G66*H66,2) -> 0.53 | M66: m3 | N66: =L66 -> 0.53
C67: Considerando lastro de concreto magro para as vigas baldrames | D67: 1 | E67: =(4.4*4+6.5+5.1*2+2.95*4+2.5*4+1.2*2+2*2)*1.1 -> 68.75 | G67: 0.05 | H67: 0.15 | L67: =ROUND(D67*E67*G67*H67,2) -> 0.52 | M67: m3 | N67: =L67 -> 0.52
A68: 3.2 | B68: Cinta de amarração de alvenaria moldada in loco com utilização de blocos canaleta | M68: m | N68: =SUM(N69:N70) -> 220.75
C69: Considerando a execução de cinta em toda a base do alambrado | D69: 1 | E69: =E61 -> 156.15 | M69: m | N69: =E69 -> 156.15
C70: Considerando a execução de cinta em todo o perímetro do campo de areia, acima de 5cm de lastro de concreto magro | D70: 1 | E70: =2*(21.15+11.15) -> 64.6 | M70: m | N70: =E70 -> 64.6
A71: 3.3 | B71: Fabricação, montagem e desmontagem de fôrma para bloco de coroamento, em madeira serrada, e=25 mm, 4 utilizações. af_06/2017 | C71: Considerando a forma para os blocos e pilaretes do vestiário | D71: 1 | I71: =14*(0.98*2+0.8*2)*0.25+14*(0.15*2+0.3*2)*2 -> 37.66 | M71: m2 | N71: =I71 -> 37.66 | O71: =N71 -> 37.66 | Q71: =ROUND(O71*'Medição 14 DP Cobilândia'!E43,2) -> 28547.79
A72: 3.4 | B72: Fabricação, montagem e desmontagem de fôrma para viga baldrame, em madeira serrada, e=25 Mm, 4 utilizações. Af_06/2017 | C72: Considerando a forma das vigas baldrames do vestiário | D72: 1 | E72: =(4.4*4+6.5+5.1*2+2.95*4+2.5*4+1.2*2+2*2)*1.1 -> 68.75 | F72: 0.4 | I72: =ROUND(E72*F72*2,2) -> 55 | L72: =I72 -> 55 | M72: m2 | N72: =ROUND(L72,2) -> 55 | O72: =N72 -> 55 | Q72: =ROUND(O72*'Medição 14 DP Cobilândia'!E44,20) -> 0
A73: 3.5 | B73: Armação de bloco, viga baldrame e sapata utilizando aço ca-60 de 5 mm - montagem. af_06/2017 | J73: 0.1 | M73: kg | N73: =SUM(N74:N75) -> 266 | O73: =N73 -> 266 | Q73: =ROUND(O73*'Medição 14 DP Cobilândia'!E45,20) -> 75288.64
C74: Considerando a armação dos pilaretes do vestiário, segundo ROTEIRO PARA PROCEDIMENTOS DE LEVANTAMENTOS DE SERVIÇOS DE OBRAS CIVIS PARA ORÇAMENTOS SISTEMA LABOR/ITUFES - IOPES (para blocos sendo 190kg/m³ de concreto armado, sendo estimado desses, 80kg de aço 5mm e 110kg de aço 10mm - volume de pilaretes = 1,26m3 | D74: 1 | L74: =ROUND(D74*80*1.26,2) -> 100.8 | M74: kg | N74: =L74 -> 100.8
C75: Considerando a armação das vigas baldrames do vestiário, segundo ROTEIRO PARA PROCEDIMENTOS DE LEVANTAMENTOS DE SERVIÇOS DE OBRAS CIVIS PARA ORÇAMENTOS SISTEMA LABOR/ITUFES - IOPES (para vigas sendo 125kg/m³ de concreto armado, sendo desses 40kg para aço 5mm e 85kg para aço de 10mm) - volume de viga baldrame = 4,13m3 | D75: 1 | L75: =ROUND(D75*40*4.13,2) -> 165.2 | M75: kg | N75: =L75 -> 165.2
A76: 3.6 | B76: Armação de bloco, viga baldrame ou sapata utilizando aço CA-50 de 8 mm - montagem. Af_06/2017 | M76: kg | N76: =SUM(N77:N77) -> 79.8 | O76: =N76 -> 79.8 | Q76: =ROUND(O76*'Medição 14 DP Cobilândia'!E46,2) -> 0
C77: Considerando a armação dos blocos do vestiário, segundo ROTEIRO PARA PROCEDIMENTOS DE LEVANTAMENTOS DE SERVIÇOS DE OBRAS CIVIS PARA ORÇAMENTOS SISTEMA LABOR/ITUFES - IOPES (para blocos sendo 30kg/m³ de concreto armado, sendo desses total de 8mm) - volume de blocos = 2,66m3 | D77: 1 | M77: kg | N77: =ROUND(D77*L82*30,2) -> 79.8
A78: 3.7 | B78: Armação de bloco, viga baldrame ou sapata utilizando aço ca-50 de 10 mm - montagem. Af_06/2017 | M78: kg | N78: =SUM(N79:N80) -> 489.65
C79: Considerando a armação dos pilaretes do vestiário, segundo ROTEIRO PARA PROCEDIMENTOS DE LEVANTAMENTOS DE SERVIÇOS DE OBRAS CIVIS PARA ORÇAMENTOS SISTEMA LABOR/ITUFES - IOPES (para blocos sendo 190kg/m³ de concreto armado, sendo estimado desses, 80kg de aço 5mm e 110kg de aço 10mm - volume de pilaretes = 1,26m3 | D79: 1 | L79: =ROUND(D79*110*1.26,2) -> 138.6 | M79: kg | N79: =L79 -> 138.6
C80: Considerando a armação das vigas baldrames do vestiário, segundo ROTEIRO PARA PROCEDIMENTOS DE LEVANTAMENTOS DE SERVIÇOS DE OBRAS CIVIS PARA ORÇAMENTOS SISTEMA LABOR/ITUFES - IOPES (para vigas sendo 125kg/m³ de concreto armado, sendo desses 40kg para aço 5mm e 85kg para aço de 10mm) - volume de viga baldrame = 4,13m3 | D80: 1 | L80: =ROUND(D80*85*4.13,2) -> 351.05 | M80: kg | N80: =L80 -> 351.05
A81: 3.8 | B81: Fornecimento e aplicação de concreto USINADO Fck=25 MPa - considerando lançamento MANUAL para INFRAESTRUTURA (5% de perdas já incluído no custo) | M81: m3 | N81: =SUM(N82:N84) -> 8.05 | O81: =N81 -> 8.05 | Q81: =ROUND(O81*'Medição 14 DP Cobilândia'!#REF!,2) -> #REF!
C82: Considerando a volume de concreto dos blocos do vestiário | D82: 14 | E82: 0.95 | F82: 0.25 | H82: 0.8 | L82: =ROUND(D82*E82*F82*H82,2) -> 2.66 | M82: m3 | N82: =L82 -> 2.66
C83: Considerando a volume de concreto dos pilaretes do vestiário | D83: 14 | E83: 0.15 | F83: 0.3 | H83: 2 | L83: =ROUND(D83*E83*F83*H83,2) -> 1.26 | M83: m3 | N83: =L83 -> 1.26
C84: Considerando o volume de concreto das vigas baldrames do vestiário | D84: 1 | E84: =E67 -> 68.75 | F84: 0.4 | H84: 0.15 | L84: =ROUND(D84*E84*F84*H84,2) -> 4.13 | M84: m3 | N84: =L84 -> 4.13
A85: 3.9 | B85: Impermeabilização de superfície com emulsão asfáltica, 2 demãos Af_06/2018 | M85: m2 | N85: =SUM(N86:N89) -> 190.6025 | O85: =N85 -> 190.6025 | Q85: =ROUND(O85*'Medição 14 DP Cobilândia'!#REF!,2) -> #REF! | T85: =SUM(Q60:Q85) -> #REF!
C86: Considerando a impermeabilização do perímetro interno da mureta do campo de areia, com altura de 40cm x2 | D86: 2 | E86: =2*(11+21) -> 64 | F86: 0.4 | I86: =ROUND(D86*E86*F86,2) -> 51.2 | M86: m2 | N86: =I86 -> 51.2
C87: Considerando a impermeabilização do perímetro interno do alambrado, com altura de 20cm x2 | D87: 1 | E87: 128.95 | F87: 0.2 | I87: =ROUND(D87*E87*F87,2) -> 25.79 | M87: m2 | N87: =I87 -> 25.79
C88: Considerando a área de forma para blocos e pilaretes do vestiário + supérfície dos blocos | D88: 1 | I88: =N71+14*0.95*0.8 -> 48.3 | M88: m2 | N88: =I88 -> 48.3
C89: Considerando a área de forma para vigas baldrames do vestiário + a superfície das vigas baldrames | D89: 1 | I89: =N72+E72*0.15 -> 65.3125 | M89: m2 | N89: =I89 -> 65.3125
A90: 3.10 | B90: Tubo de esgoto primario de pvc branco serie normal (6") - 150mm - tigre, amanco ou equivalente (labor) | C90: Considerando desconto de 10% para chumbamento dos alambrados | D90: 55 | E90: 1.5 | M90: m | N90: =ROUND(D90*E90,2) -> 82.5
A91: 3.11 | B91: Fornecimento, preparo e aplicação de concreto Fck = 15MPa (brita 1 e 2) - (5% de perdas) | C91: Considerando chumbamentos dos tubos de aço galvanizados de todo o alambrado, sendo no total 55 chumbamentos, anel de concreto interno de 6cm de diâmetro interno e 15cm de diâmetro externo do tubo, com 150cm de profundidade | D91: 55 | E91: 1.5 | I91: =3.14*0.15^2/4-3.14*0.06^2/4 -> 0.0148365 | L91: =ROUND(E91*D91*I91,2) -> 1.22 | M91: m3 | N91: =L91 -> 1.22
A92: 4 | B92: SUPERESTRUTURA
A93: 4.1 | B93: Forma de chapas madeira compensada resinada, esp. 12mm, levando-se em conta a utilização 3 vezes, reforçadas com sarrafos de madeira de 2.5 x 10.0cm (incl material, corte, montagem, escoras em eucalipto e desforma) | M93: m2 | N93: =SUM(N94:N100) -> 120.24 | V93: =119.65-O94 -> 102.822
C94: Considerando os pilares principais do vestiário: 10unidades de 2,80m (30x20cm) | D94: 10 | F94: 2.8 | G94: 0.3 | H94: 0.15 | I94: =ROUND(D94*F94*(0.3+0.3+0.2+0.2),2) -> 28 | M94: m2 | N94: =I94 -> 28 | O94: =N94*0.601 -> 16.828 | P94: =N94-O94+0.03 -> 11.202 | Q94: =ROUND(O94*'Medição 14 DP Cobilândia'!#REF!,2) -> #REF! | R94: =ROUND(P94*'Medição 14 DP Cobilândia'!#REF!,2) -> #REF!
C95: Considerando os pilares da platibanda do vestiário: 08unidades de 2,10m (30x20cm) | D95: 8 | F95: 2.1 | G95: 0.3 | H95: 0.15 | I95: =ROUND(D95*F95*(0.3+0.3+0.2+0.2),2) -> 16.8 | M95: m2 | N95: =I95 -> 16.8
C96: Considerando as vigas superiores do vestiário: 02unidades de 16,50m (30X15cm) | D96: 2 | E96: 16.5 | F96: 0.4 | H96: 0.15 | I96: =ROUND(D96*E96*(F96*2+H96),2) -> 31.35 | M96: m2 | N96: =I96 -> 31.35 | P96: =N96 -> 31.35 | R96: =ROUND(P96*'Medição 14 DP Cobilândia'!#REF!,2) -> #REF! | T96: =SUM(P94:P96) -> 42.552
C97: Considerando as vigas superiores do vestiário: 01unidades de 6,50m (30X15cm) | D97: 1 | E97: 6.5 | F97: 0.4 | H97: 0.15 | I97: =ROUND(D97*E97*(F97*2+H97),2) -> 6.18 | M97: m2 | N97: =I97 -> 6.18
C98: Considerando as vigas superiores do vestiário: 04unidades de 5,10m (30X15cm) | D98: 4 | E98: 5.1 | F98: 0.4 | H98: 0.15 | I98: =ROUND(D98*E98*(F98*2+H98),2) -> 19.38 | M98: m2 | N98: =I98 -> 19.38
C99: Considerando as vigas da platibanda do vestiário: 02unidades de 2,95m (30X15cm) | D99: 2 | E99: 2.95 | F99: 0.4 | H99: 0.15 | I99: =ROUND(D99*E99*(F99*2+H99),2) -> 5.61 | M99: m2 | N99: =I99 -> 5.61
C100: Considerando as vigas da platibanda do vestiário: 02unidades de 6,80m (30X15cm) | D100: 2 | E100: 6.8 | F100: 0.4 | H100: 0.15 | I100: =ROUND(D100*E100*(F100*2+H100),2) -> 12.92 | M100: m2 | N100: =I100 -> 12.92 | S100: =2000/(6.8*2.95) -> 99.700897
...

Sheet CPU-PMS
A1: COMPOSIÇÃO ANALÍTICA DE PREÇO UNITÁRIO
A2: DESCRIÇÃO DO SERVIÇO | C2: ITEM | D2: UNIDADE | G2: DATA BASE
A3: Bancos para vestiário com 06 reguas de madeira aparelhada, seccao de (5,5 x 3,75)cm e comprimento de 2m, presas com parafusos de porca nos pes de ferro fundido, estes com 14Kg, barra de ferro ao centro do assentamento, inclusive espigao de fixacao, 3 bases de concreto de (15x15x30)cm | C3: C0001 | D3: MÊS | G3: OUTUBRO/2021
A4: 1 - MÃO DE OBRA/SERVIÇOS | B4: FONTE | C4: UNID | D4: COEFIC./QTD | E4: PREÇOS | H4: TOTAL A
E5: UNITÁRIO | G5: TOTAL PARCIAL
A6: SERVENTE (AUXILIAR DE OBRAS - SINDUSCON) | B6: 10146 - DER-ES | C6: H | D6: =20*18/34 -> 10.588235 | E6: 14.05 | G6: =ROUND(E6*D6,2) -> 148.76
A7: PINTOR -(OFICIAL - SINDUSCON) | B7: 10140 - DER-ES | C7: H | D7: =4*18/34 -> 2.1176471 | E7: 19.12 | G7: =ROUND(E7*D7,2) -> 40.49
A8: CARPINTEIRO (OFICIAL - SINDUSCON) | B8: 10111 - DER-ES | C8: H | D8: =18*18/34 -> 9.5294118 | E8: 19.12 | G8: =ROUND(E8*D8,2) -> 182.2
A9: TOTAL A | H9: =SUM(G6:G8) -> 371.45
A10: 2 - MATERIAIS | B10: FONTE | C10: UNID | D10: COEFIC. | E10: PREÇOS | H10: TOTAL B
E11: UNITÁRIO | G11: TOTAL PARCIAL
A12: PARAFUSO FRANCES ZINCADO, DIAMETRO 1/2", COMPRIMENTO 15", COM PORCA E ARRUELA LISA MEDIA | B12: 4334 - SINAPI | C12: und | D12: 18 | E12: 13,53 | G12: =ROUND(E12*D12,2) -> 243.54
A13: LIXA EM FOLHA PARA PAREDE OU MADEIRA, NUMERO 120 (COR VERMELHA) | B13: 3767 - SINAPI | C13: und | D13: =1*1 -> 1 | E13: 0,91 | G13: =ROUND(E13*D13,2) -> 0.91
A14: MADEIRA DE LEI PARA TELHADO COLONIAL/TELHA FRANCESA | B14: 21005 - IOPES | C14: m3 | D14: =0.04*18/34 -> 0.021176471 | E14: 6877,67 | G14: =ROUND(E14*D14,2) -> 145.64
A15: TINTA A OLEO BRILHANTE, PARA MADEIRAS E METAIS | B15: 43776 - SINAPI | C15: l | D15: =0.072*18/34 -> 0.038117647 | E15: 22,24 | G15: =ROUND(E15*D15,2) -> 0.85
A16: CANTONEIRA ACO ABAS IGUAIS (QUALQUER BITOLA), ESPESSURA ENTRE 1/8" E 1/4" | B16: 4777 - SINAPI | C16: kg | D16: =37.6*18/34 -> 19.905882 | E16: 14,44 | G16: =ROUND(E16*D16,2) -> 287.44
A17: TOTAL B | H17: =SUM(G12:G16) -> 678.38
A18: 3 - SERVIÇOS | B18: FONTE | C18: UNID | D18: COEFIC. | E18: PREÇOS | H18: TOTAL C
E19: UNITÁRIO | G19: TOTAL PARCIAL
A20: Fornecimento, preparo e aplicação de concreto Fck = 15MPa (brita 1 e 2) - (5% de perdas) | B20: 160716 - DER-ES | C20: m3 | D20: =0.027*18/34 -> 0.014294118 | E20: 523,03 | G20: =ROUND(E20*D20,2) -> 7.48
A21: TOTAL C | H21: =G20 -> 7.48
A22: 4 - RESUMO - DISCRIMINAÇÃO | D22: TAXA | F22: TOTAL S/ BDI | G22: BDI | H22: TOTAL
A23: MÃO DE OBRA - (TOTAL A) | F23: =H9 -> 371.45
A24: ENCARGOS SOCIAIS - (S/ TOTAL A) % | D24: 0 | F24: =(F23*D24) -> 0
A25: TOTAL MÃO OBRA | F25: =SUM(F23:F24) -> 371.45 | G25: =F25*D30 -> 0 | H25: =F25+G25 -> 371.45
A26: MATERIAIS - (TOTAL B) | F26: =H17 -> 678.38
A27: SERVIÇOS - (TOTAL C) | F27: =H21 -> 7.48
A28: TOTAL MATERIAIS E EQUIPAMENTOS | F28: =SUM(F26:F27) -> 685.86 | G28: =F28*D30 -> 0 | H28: =F28+G28 -> 685.86
A29: TOTAL (MÃO DE OBRA + MATERIAIS + EQUIPAMENTOS) | F29: =F28+F25 -> 1057.31 | G29: -
A30: BDI | D30: 0 | F30: =F29*D30 -> 0
A31: TOTAL DO SERVIÇO | I31: =SUM(H28,H25) -> 1057.31
A32: COMPOSIÇÃO ANALÍTICA DE PREÇO UNITÁRIO
A33: DESCRIÇÃO DO SERVIÇO | C33: ITEM | D33: UNIDADE | H33: DATA BASE
A34: Fornecimento, instalação e transporte de grama sintética com demarcação em faixas brancas, amortecedores de impacto, 100% polietileno, base dupla, detex entre 12000/13000, 7.000 a 10.6000 pontos p/m², monofilamento, com espessura de 52 mm. Incluso grama sintética, frete até a obra, instalação total (material e mão de obra), despesas com equipe (alimentação, estadia e locomoção). inclusive areia fina (para compor o sistema de amortecimento). | C34: C0002 | D34: M2 | H34: OUTUBRO/2021
A35: 1 - MÃO DE OBRA | B35: FONTE | C35: UNID | D35: COEFIC. | G35: PREÇOS | I35: TOTAL A
G36: UNITÁRIO | H36: TOTAL PARCIAL
A38: TOTAL A | I38: =G37 -> 0
A39: 2 - MATERIAIS | B39: FONTE | C39: UNID | D39: COEFIC. | E39: PREÇOS | I39: TOTAL B
E40: UNITÁRIO ADOTADO | G40: TOTAL PARCIAL
A41: Fornecimento, instalação e transporte de grama sintética com demarcação em faixas brancas, amortecedores de impacto, 100% polietileno, base dupla, detex entre 12000/13000, 7.000 a 10.6000 pontos p/m², monofilamento, com espessura de 52 mm. Incluso grama sintética, frete até a obra, instalação total (material e mão de obra), despesas com equipe (alimentação, estadia e locomoção). inclusive areia fina (para compor o sistema de amortecimento). | B41: MERCADO | C41: M2 | D41: 1 | E41: =H58 -> 131.54333 | G41: =D41*E41 -> 131.54333
A43: TOTAL B | I43: =SUM(G41:H41) -> 131.54333
A44: 3 - EQUIPAMENTOS/ITENS DE TRANSPORTE | B44: FONTE | C44: UNID | D44: COEFIC. | E44: PREÇOS | I44: TOTAL C
E45: UNITÁRIO | G45: TOTAL PARCIAL
A46: TOTAL C | I46: -
A47: 4 - RESUMO - DISCRIMINAÇÃO | D47: TAXA | G47: TOTAL S/ BDI | H47: BDI
A48: MÃO DE OBRA - (TOTAL A) | G48: =ROUND(I38,2) -> 0
A49: ENCARGOS SOCIAIS - (S/ TOTAL A) % | D49: 0 | G49: =(G48*D49) -> 0
A50: TOTAL MÃO OBRA | G50: =SUM(G48:G49) -> 0 | H50: =ROUND(G50*D55,2) -> 0 | I50: =ROUND(G50+H50,2) -> 0
A51: MATERIAIS - (TOTAL B) | G51: =ROUND(I43,2) -> 131.54
A52: EQUIPAMENTOS - (TOTAL C) | G52: =I46 -> -
A53: TOTAL MATERIAIS E EQUIPAMENTOS | G53: =SUM(G51:G52) -> 131.54 | H53: =ROUND(G53*D55,2) -> 0 | I53: =ROUND(G53+H53,2) -> 131.54
A54: TOTAL (MÃO DE OBRA + MATERIAIS + EQUIPAMENTOS) | G54: =ROUND(G53+G50,2) -> 131.54
A55: BDI | D55: 0
A56: TOTAL DO SERVIÇO | I56: =SUM(I53,I50) -> 131.54
A57: FORNECEDOR/EMPRESA | B57: TELEFONE | C57: REFERÊNCIA | D57: VALOR COTADO (R$) | F57: VALOR UNITÁRIO /M2 (R$) | G57: VALOR UNITÁTIO CORRIGIDO /M2 (R$) | H57: Valor Médio Adotado para Uso na Composição de preço (R$)
A58: GRUPO CR - GRAMAS SINTÉTICAS ESPORTIVAS E ORNAMENTAIS (01) | B58: Anderson Bonfanti (19) 3424-3056 | C58: Dezembro/2021 corrigido para Outubro/2021 | D58: 191192.9 | F58: =D58/(49*29) -> 134.54814 | G58: =ROUND(F58*B62,2) -> 131.39 | H58: =AVERAGE(G58:G60) -> 131.54333
A59: MAX GRASS GRAMA SINTÉTICA (02) | B59: Carlos AlbertoRibeiro Jr. (15) 98121-1388 / 99713-7789 | C59: Agosto/2021 corrigido para Outubro/2021 | D59: 212695 | F59: =D59/(49*29) -> 149.6798 | G59: =ROUND(F59*B64,2) -> 151.73
A60: SÓ GRAMA GRAMA SINTÉTICA (03) | B60: Francisco Assis (27)9 9694-7452 | C60: Agosto/2021 corrigido para Outubro/2021 | D60: 156310 | F60: =D60/(49*29) -> 110 | G60: =ROUND(F60*B64,2) -> 111.51
A61: Edificações - Col.35, Dezembro/2021 = 962,321 e Outubro/2021 = 939,699
A62: Índice de involução para a cotação 01 = 939,699/962,321 = | B62: =939.699/962.321 -> 0.97649225
A63: Edificações - Col.35, Agosto/2021 = 939,699 e Outubro/2021 = 952,596
A64: Índice de evolução para as cotações 02 e 03 = 952,596/939,699 = | B64: =952.596/939.699 -> 1.0137246
A65: TOTAL DO SERVIÇO | I65: =I53 -> 131.54
A66: COMPOSIÇÃO DE CUSTOS UNITÁRIOS
A67: Tabela Referencial de Preços - DER-ES/SINAPI | I67: Data Base: Outubro/2021
A68: Serviço: C0003 - FORNECIMENTO E FIXAÇÃO DE BANCO TIPO 'DE JARDIM', COM 1,50M DE COMPRIMENTO. ASSENTO E ENCOSTO EM RIPAS DE MADEIRA. BASE/PERNAS DE FERRO FUNDIDO, PRESAS COM PARAFUSOS DE PORCA NOS PÉS, EM BASES DE CONCRETO DE 15X15X30CM | I68: Unidade: UND
A70: (A) Mão-de-Obra | C70: Fonte | D70: Código | E70: Unid. | F70: Coeficiente | G70: Custo Unitário | H70: Custo Total Parcial
A71: PEDREIRO COM ENCARGOS COMPLEMENTARES | C71: SINAPI | D71: 88309 | E71: H | F71: 0.25 | G71: 25.25 | H71: =F71*G71 -> 6.3125
A72: SERVENTE COM ENCARGOS COMPLEMENTARES | C72: SINAPI | D72: 88316 | E72: H | F72: 2 | G72: 18.11 | H72: =F72*G72 -> 36.22
F73: (A) Total: | I73: =SUM(H71:I72) -> 42.5325
A75: (B) Materiais | C75: Fonte | D75: Código | E75: Unid. | F75: Coeficiente | G75: Custo Unitário | H75: Custo Total Parcial
A76: BANCO TIPO "DE JARDIM", COM 1,50M DE COMPRIMENTO. ASSENTO E ENCOSTO EM RIPAS DE MADEIRA. BASE/PERNAS DE FERRO FUNDIDO - INCLUSO FRETE | C76: MERCADO | D76: - | E76: UND | F76: 1 | G76: =G94 -> 456.33667 | H76: =F76*G76 -> 456.33667
A77: ARRUELA LISA ACO INOX 1/4" - TEL-5303 | C77: DER-ES | D77: 026879 | E77: UND | F77: 32 | G77: 0.59 | H77: =F77*G77 -> 18.88
A78: PARAFUSO FRANCÊS, COM PORCA 1/4" X 2" | C78: MERCADO | D78: - | E78: UND | F78: 32 | G78: =G97 -> 0.848625 | H78: =F78*G78 -> 27.156
F79: (B) Total: | I79: =SUM(H76:I78) -> 502.37267
A81: (C) Equipamento | C81: Fonte | D81: Código | E81: Unid. | F81: Coeficiente | G81: Custo Unitário | H81: Custo Total Parcial
F83: (C) Total: | I83: =SUM(I82:I82) -> 0
A85: (D) Serviço | C85: Fonte | D85: Código | E85: Unid. | F85: Coeficiente | G85: Custo Unitário | H85: Custo Total Parcial
A86: Fôrma de tábua de madeira de 2.5x30.0cm, levando-se em conta utilização 1 vez (incluindo o material, corte, montagem, escoramento e desforma) | C86: DER-ES | D86: 040249 | E86: M2 | F86: 0.18 | G86: 127.4 | I86: =F86*G86 -> 22.932
A87: Escavação manual em material de 1a. categoria, até 1.50 m de profundidade | C87: DER-ES | D87: 030101 | E87: M3 | F87: 0.056 | G87: 45.66 | I87: =F87*G87 -> 2.55696
A88: Fornecimento, preparo e aplicação de concreto Fck=15 MPa (brita 1 e 2) - (5% de perdas já incluído no custo) | C88: DER-ES | D88: 040233 | E88: M3 | F88: 0.027 | G88: 546.38 | I88: =F88*G88 -> 14.75226
F89: (D) Total: | I89: =SUM(H86:I88) -> 40.24122
F91: Preço Unitário Total | I91: =I73+I79+I83+I89 -> 585.14639
B93: ESPECIFICAÇÃO | D93: FORNECEDOR | F93: PREÇO UNITÁRIO | G93: PREÇO MÉDIO
B94: BANCO PARA JARDIM | D94: SUBMARINO | F94: =370.14+76.91 -> 447.05 | G94: =AVERAGE(F94:F96) -> 456.33667
D95: AMERICANAS | F95: =398+76.91 -> 474.91
D96: SHOPTIME | F96: =370.14+76.91 -> 447.05
B97: PARAFUSO COM PORCA | D97: FERRAMENTAS KENNEDY | F97: =(111.49+29.96)/200 -> 0.70725 | G97: =AVERAGE(F97:F98) -> 0.848625
D98: PARAFUSO FÁCIL | F98: =198/200 -> 0.99
A99: Edificações - Col.35, Novembro/2021 = 962,321 e Outubro/2021 = 939,699
A100: Índice de involução para a cotação 01, 02 e 03 = 939,699/962,321 = | B100: =939.699/962.321 -> 0.97649225
A101: TOTAL DO SERVIÇO | I101: =I91 -> 585.14639
A102: COMPOSIÇÃO ANALÍTICA DE PREÇO UNITÁRIO
A103: DESCRIÇÃO DO SERVIÇO | C103: ITEM | D103: UNIDADE | H103: DATA BASE
A104: Fornecimento e instalação de trave para futebol society em tubo de aço galvanizado 4" (100mm), medindo 500x220cm, com acabamento em pintura esmalte na cor branca, sobre fundo anti-corrosivo, incluindo fundação + rede em fio 4mm 100% nylon com proteção uv - par | C104: C0004 | D104: UND | H104: OUTUBRO/2021
A105: 1 - MÃO DE OBRA | B105: FONTE | C105: UND | D105: COEFIC. | G105: PREÇOS | I105: TOTAL A
G106: UNITÁRIO | H106: TOTAL PARCIAL
A107: AJUDANTE ESPECIALIZADO COM ENCARGOS COMPLEMENTARES | B107: SINAPI - 88243 | C107: H | D107: 2 | E107: 21.54 | G107: =ROUND(E107*D107,2) -> 43.08 | H107: =G107 -> 43.08
A108: PINTOR COM ENCARGOS COMPLEMENTARES | B108: SINAPI - 88310 | C108: H | D108: 2 | E108: 26.41 | G108: =ROUND(E108*D108,2) -> 52.82 | H108: =G108 -> 52.82
A109: TOTAL A | I109: =SUM(H107:H108) -> 95.9
...

Sheet MC - Elétrica
A1: QUADRO RESUMO DE ELÉTRICA DO CAMPO
A2: OBRA: | B2: CONSTRUÇÃO DE COMPLEXO ESPORTIVO NO BAIRRO VAL PARAÍSO
A3: QDG
A4: CIRC. | B4: ILUMINAÇÃO DOS POSTES (LED) (W) | C4: ILUMINAÇÃO DOS POSTES (LED) (W) | D4: ILUMINAÇÃO DO VESTIÁRIO (W) | E4: ILUMINAÇÃO DO VESTIÁRIO (W) | F4: TOMADAS - TUES (W) | G4: TOTAL (W) | H4: F.P | I4: POTÊNCIA | K4: Nº FASES | L4: TIPO DISJ. | M4: DISJ (A) | N4: FIO (MM2) | O4: DISTRIBUIÇÃO NAS FASES (W)
B5: 1X300 | C5: 1X100 | D5: 1X(2X20) | E5: 1X(1X15) | F5: 1X100 | I5: (W) | J5: (VA) | O5: A | P5: B | Q5: C
A6: 1 | B6: 18 | G6: =B6*300 -> 5400 | H6: 0.97 | I6: =G6 -> 5400 | J6: =I6/H6 -> 5567.0103 | K6: 2 | L6: BIPO | M6: 32 | N6: 6 | O6: 1800 | Q6: 1800
A7: 2 | B7: 6 | G7: =B7*300 -> 1800 | H7: 0.97 | I7: =G7 -> 1800 | J7: =I7/H7 -> 1855.6701 | K7: 2 | L7: BIPO | M7: 16 | N7: 6 | P7: =J7/2 -> 927.83505 | Q7: =J7/2 -> 927.83505
A8: 3 | C8: 33 | G8: =C8*100 -> 3300 | H8: 0.97 | I8: =G8 -> 3300 | J8: =I8/H8 -> 3402.0619 | K8: 2 | L8: BIPO | M8: 16 | N8: 6 | O8: =I8/2 -> 1650 | P8: =I8/2 -> 1650
A9: 4 | D9: 22 | E9: 4 | G9: =D9*2*20+E9*15 -> 940 | H9: 0.97 | I9: =G9 -> 940 | J9: =I9/H9 -> 969.07216 | K9: 1 | L9: MONO | M9: 10 | N9: 2.5 | P9: =I9 -> 940
A10: 5 | F10: 12 | G10: 100 | H10: 1 | I10: =F10*G10 -> 1200 | J10: =I10/H10 -> 1200 | K10: 1 | L10: MONO | M10: 16 | N10: 2.5 | Q10: =I10 -> 1200
A11: OBS: | B11: Circuito 01 - Postes de iluminação do campo society
A12: OBS: | B12: Circuito 02 - Postes de iluminação do campo de areia
A13: OBS: | B13: Circuito 03 - Postes de iluminação da área comum
A14: OBS: | B14: Circuito 04 - Iluminação interna e externa do vestiário
A15: OBS: | B15: Circuito 05 - Tomadas do vestiário
A16: TOTAL | I16: =SUM(I6:I10) -> 12640 | J16: =SUM(J6:J10) -> 12993.814 | K16: 3 | L16: 5KA 240VCA | M16: 80 | N16: 16 | O16: =SUM(O6:O10) -> 3450 | P16: =SUM(P6:P10) -> 3517.8351 | Q16: =SUM(Q6:Q10) -> 3927.8351
O17: DESEQUILÍBRIO ENTRE FASES (%)
O18: =1-O16/Q16 -> 0.12165354

Sheet COMP_PMS
A4: PREFEITURA DA SERRA
A5: SECRETARIA DE OBRAS
A6: DEPARTAMENTO DE PROJETOS DE OBRAS PÚBLICAS
A7: COMPOSIÇÃO ANALÍTICA DE PREÇO UNITÁRIO
A8: DESCRIÇÃO DO SERVIÇO | C8: ITEM | D8: UNIDADE | F8: DATA BASE
A9: PLACA DE SINALIZAÇÃO EM PVC COD 23 - (200X200) EXTINTOR DE INCÊNDIO | C9: C731 | D9: UNID | F9: ABRIL/2016
A10: 1 - MÃO DE OBRA | B10: FONTE | C10: UNID | D10: COEFIC. | E10: PREÇOS | G10: TOTAL A
E11: UNITÁRIO | F11: TOTAL PARCIAL
A12: PEDREIRO COM ENCARGOS COMPLEMENTARES | B12: 88309 - SINAPI | C12: H | D12: 0.3 | E12: 15.49 | F12: =D12*E12 -> 4.647
A13: SERVENTE COM ENCARGOS COMPLEMENTARES | B13: 88316 - SINAPI | C13: H | D13: 0.3 | E13: 10.8 | F13: =D13*E13 -> 3.24
A14: TOTAL A | G14: =SUM(F12:F13) -> 7.887
A15: 2 - MATERIAIS | B15: FONTE | C15: UNID | D15: COEFIC. | E15: PREÇOS | G15: TOTAL B
E16: UNITÁRIO | F16: TOTAL PARCIAL
A17: BUCHA NYLON S-6 C/ PARAFUSO ACO ZINC CAB CHATA ROSCA SOBERBA 4,2 X 45MM | B17: 11950 - SINAPI | C17: UNID | D17: 2 | E17: 0.21 | F17: =D17*E17 -> 0.42
A18: PLACA DE SINALIZACAO DE SEGURANCA CONTRA INCENDIO, FOTOLUMINESCENTE, QUADRADA, *20 X 20* CM, EM PVC *2* MM ANTI-CHAMAS (SIMBOLOS, CORES E PICTOGRAMAS CONFO RME NBR 13434) | B18: 37556 - SINAPI | C18: UNID | D18: =ROUND(1,2) -> 1 | E18: 20.82 | F18: =E18*D18 -> 20.82
A19: TOTAL B | G19: =SUM(F17:F18) -> 21.24
A20: 3 - EQUIPAMENTOS | B20: FONTE | C20: UNID | D20: COEFIC. | E20: PREÇOS | G20: TOTAL C
E21: UNITÁRIO | F21: TOTAL PARCIAL
F22: =D22*E22 -> 0
A24: TOTAL C | G24: =SUM(F22:F23) -> 0
A25: 4 - RESUMO - DISCRIMINAÇÃO | D25: TAXA | E25: TOTAL S/ BDI | F25: BDI | G25: TOTAL
A26: MÃO DE OBRA - (TOTAL A) | E26: =ROUND(G14,2) -> 7.89
A27: ENCARGOS SOCIAIS - (S/ TOTAL A) % | E27: 0
A28: TOTAL MÃO OBRA | E28: =SUM(E26:E27) -> 7.89 | F28: =ROUND(E28*D33,2) -> 2.44 | G28: =E28+F28 -> 10.33
A29: MATERIAIS - (TOTAL B) | E29: =ROUND(G19,2) -> 21.24
A30: EQUIPAMENTOS - (TOTAL C) | E30: 0
A31: TOTAL MATERIAIS E EQUIPAMENTOS | E31: =SUM(E29:E30) -> 21.24 | F31: 6.56 | G31: =E31+F31 -> 27.8
A32: TOTAL (MÃO DE OBRA + MATERIAIS + EQUIPAMENTOS) | E32: =E31+E28 -> 29.13
A33: BDI | D33: 0.309 | E33: 9
A34: TOTAL DO SERVIÇO | G34: 38.13
A36: COMPOSIÇÃO DE REFERENCIA: 160612 IOPES
A50: PREFEITURA DA SERRA
A51: SECRETARIA DE OBRAS
A52: DEPARTAMENTO DE PROJETOS DE OBRAS PÚBLICAS
A53: COMPOSIÇÃO ANALÍTICA DE PREÇO UNITÁRIO
A54: DESCRIÇÃO DO SERVIÇO | C54: ITEM | D54: UNIDADE | G54: DATA BASE
A55: Aluguel/manutenção de banheiro hidráulico | C55: C0001 | D55: MÊS | G55: AGOSTO/2021
A56: 1 - MÃO DE OBRA | B56: FONTE | C56: UNID | D56: COEFIC./QTD | E56: PREÇOS | H56: TOTAL A
E57: UNITÁRIO | G57: TOTAL PARCIAL
A58: Limpeza de banheiro realizada com a utilização de produtos biodegradáveis e bactericidas, reposição de papel higiênico, papel, toalha, sabonete líquido ou álcool em gel, bem como a coleta/transporte e destinação final de resíduos CLASSE II A provenientes dos sanitários. | B58: MERCADO | C58: UND de Limpeza x UND de BQ | D58: 1 | E58: =I87 -> 705.33333 | G58: =TRUNC(D58*E58,2) -> 705.33
A61: TOTAL A | H61: =SUM(G58:G58) -> 705.33
A62: 2 - MATERIAIS | B62: FONTE | C62: UNID | D62: COEFIC. | E62: PREÇOS | H62: TOTAL B
E63: UNITÁRIO | G63: TOTAL PARCIAL
A64: Locação mensal de sanitário portátil hidráulico | B64: MERCADO | C64: UNID | D64: 1 | E64: =I94 -> 476.66667 | F64: =I87 -> 705.33333 | G64: =TRUNC(D64*E64,2) -> 476.66
A68: TOTAL B | H68: =SUM(G64:G67) -> 476.66
A69: 3 - EQUIPAMENTOS | B69: FONTE | C69: UNID | D69: COEFIC. | F69: PREÇOS | H69: TOTAL C
F70: UNITÁRIO | G70: TOTAL PARCIAL
A73: TOTAL C | H73: =SUM(G72:G72) -> 0
A74: 4 - RESUMO - DISCRIMINAÇÃO | D74: TAXA | F74: TOTAL S/ BDI | G74: BDI | H74: TOTAL
A75: MÃO DE OBRA - (TOTAL A) | F75: =H61 -> 705.33
A76: ENCARGOS SOCIAIS - (S/ TOTAL A) % | D76: 0 | F76: =(F75*D76) -> 0
A77: TOTAL MÃO OBRA | F77: =SUM(F75:F76) -> 705.33 | G77: =F77*D82 -> 0 | H77: =F77+G77 -> 705.33
A78: MATERIAIS - (TOTAL B) | F78: =H68 -> 476.66
A79: EQUIPAMENTOS - (TOTAL C) | F79: =H73 -> 0
A80: TOTAL MATERIAIS E EQUIPAMENTOS | F80: =SUM(F78:F79) -> 476.66 | G80: =F80*D82 -> 0 | H80: =F80+G80 -> 476.66
A81: TOTAL (MÃO DE OBRA + MATERIAIS + EQUIPAMENTOS) | F81: =F80+F77 -> 1181.99
A82: BDI | D82: 0 | F82: =F81*D82 -> 0
A83: TOTAL DO SERVIÇO | H83: =ROUND(H80+H77,2) -> 1181.99
A85: FORNECEDOR/EMPRESA | B85: PREÇO UNITÁRIO | C85: UNIDADE | D85: COTAÇÃO DE MERCADO - MÃO DE OBRA - LIMPEZA DO BANHEIRO | G85: RESPONSÁVEL | H85: REFERÊNCIA | I85: PREÇO MÉDIO
A87: Colnorte Coleta de Resíduos Ltda | C87: MÊS | D87: =85+6.1*110 -> 756 | G87: (27) 3373-8480 / VINICIUS / norterecicla@hotmail.com | H87: Agosto/2021 | I87: =(D87+D88+D89)/3 -> 705.33333
A88: Grupo FIBRAVIT | C88: MÊS | D88: 680 | G88: (27) 3328-8053 / GILMAR (comercial@fibravit.com.br) | H88: Agosto/2021
A89: VISAUTO Locações & Serviços LTDA | C89: MÊS | D89: 680 | G89: (27) 98118-7665 / ANA (comercial1@visautolocacao.com.br) | H89: Agosto/2021
A92: FORNECEDOR/EMPRESA | B92: PREÇO UNITÁRIO | C92: UNIDADE | D92: COTAÇÃO DE MERCADO - MÃO DE OBRA - LOCAÇÃO MENSAL DE SANITÁRIO | G92: RESPONSÁVEL | H92: REFERÊNCIA | I92: PREÇO MÉDIO
A94: Colnorte Coleta de Resíduos Ltda | C94: MÊS | D94: 580 | G94: (27) 3373-8480 / VINICIUS / norterecicla@hotmail.com | H94: Agosto/2021 | I94: =(D94+D95+D96)/3 -> 476.66667
A95: Grupo FIBRAVIT | C95: MÊS | D95: 400 | G95: (27) 3328-8053 / GILMAR (comercial@fibravit.com.br) | H95: Agosto/2021
A96: VISAUTO Locações & Serviços LTDA | C96: MÊS | D96: 450 | G96: (27) 98118-7665 / ANA (comercial1@visautolocacao.com.br) | H96: Agosto/2021
A100: PREFEITURA DA SERRA
A101: SECRETARIA DE OBRAS
A102: DEPARTAMENTO DE PROJETOS DE OBRAS PÚBLICAS
A103: COMPOSIÇÃO ANALÍTICA DE PREÇO UNITÁRIO
A104: DESCRIÇÃO DO SERVIÇO | C104: ITEM | D104: UNIDADE | G104: DATA BASE
A105: Mobilização e desmobilização de banheiro hidráulico | C105: C0002 | D105: UND | G105: AGOSTO/2021
A106: 1 - MÃO DE OBRA | B106: FONTE | C106: UNID | D106: COEFIC. | E106: PREÇOS | H106: TOTAL A
E107: UNITÁRIO | G107: TOTAL PARCIAL
A110: TOTAL A | H110: =SUM(G108:G108) -> 0
A111: 2 - MATERIAIS | B111: FONTE | C111: UNID | D111: COEFIC. | E111: PREÇOS | H111: TOTAL B
E112: UNITÁRIO | G112: TOTAL PARCIAL
A113: =A105 -> Mobilização e desmobilização de banheiro hidráulico | B113: MERCADO | C113: UND | D113: 1 | F113: =I133 -> 290 | G113: =D113*F113 -> 290
A115: TOTAL B | H115: =SUM(G113:G114) -> 290
A116: 3 - EQUIPAMENTOS | B116: FONTE | C116: UNID | D116: COEFIC. | F116: PREÇOS | H116: TOTAL C
F117: UNITÁRIO | G117: TOTAL PARCIAL
A119: TOTAL C | H119: =SUM(G118:G118) -> 0
A120: 4 - RESUMO - DISCRIMINAÇÃO | D120: TAXA | F120: TOTAL S/ BDI | G120: BDI | H120: TOTAL
A121: MÃO DE OBRA - (TOTAL A) | F121: =H110 -> 0
A122: ENCARGOS SOCIAIS - (S/ TOTAL A) % | D122: 0 | F122: =(F121*D122) -> 0
A123: TOTAL MÃO OBRA | F123: =SUM(F121:F122) -> 0 | G123: =F123*D128 -> 0 | H123: =F123+G123 -> 0
A124: MATERIAIS - (TOTAL B) | F124: =H115 -> 290
A125: EQUIPAMENTOS - (TOTAL C) | F125: =H119 -> 0
A126: TOTAL MATERIAIS E EQUIPAMENTOS | F126: =SUM(F124:F125) -> 290 | G126: =F126*D128 -> 0 | H126: =F126+G126 -> 290
A127: TOTAL (MÃO DE OBRA + MATERIAIS + EQUIPAMENTOS) | F127: =F126+F123 -> 290
A128: BDI | D128: 0 | F128: =F127*D128 -> 0
A129: TOTAL DO SERVIÇO | H129: =ROUND(H126+H123,2) -> 290
A131: FORNECEDOR/EMPRESA | B131: PREÇO UNITÁRIO | C131: UNIDADE | D131: COTAÇÃO DE MERCADO - MOBILIZAÇÃO OU DESMOBILIZAÇÃO DE BANHEIRO HIDRÁULICO | G131: RESPONSÁVEL | H131: REFERÊNCIA | I131: PREÇO MÉDIO
A133: Colnorte Coleta de Resíduos Ltda | C133: UND | D133: 250 | G133: (27) 3373-8480 / VINICIUS / norterecicla@hotmail.com | H133: Outubro/2021 | I133: =(D133+D134+D135)/3 -> 290
A134: Grupo FIBRAVIT | C134: UND | D134: 100 | G134: (27) 3328-8053 / GILMAR (comercial@fibravit.com.br) | H134: Agosto/2021
A135: VISAUTO Locações & Serviços LTDA | C135: UND | D135: 520 | G135: (27) 98118-7665 / ANA (comercial1@visautolocacao.com.br) | H135: Agosto/2021
A139: PREFEITURA DA SERRA
A140: SECRETARIA DE OBRAS
A141: DEPARTAMENTO DE PROJETOS DE OBRAS PÚBLICAS
A142: COMPOSIÇÃO ANALÍTICA DE PREÇO UNITÁRIO
...
